Workbook

Sheet 租金测算
B1: 租赁本金 | C1: 53000000
B2: 租赁保证金 | C2: =C1*D2 -> 5830000 | D2: 0.11 | E2: =C1-C2 -> 47170000
B3: 租赁管理服务费 | C3: =C1*D3 -> 4240000 | D3: 0.08 | E3: =C1-C2-C3 -> 42930000 | H3: =23000*30% -> 6900
B4: 对外支付佣金 | C4: =D4*C1 -> 0 | D4: 0 | H4: =H3-2100 -> 4800
B5: 隐含租赁利率-月利率 | C5: =D5/12 -> 0.0051666667 | D5: =6.2% -> 0.062 | E5: =D5+D3/5 -> 0.078 | F5: =E5/0.89 -> 0.087640449
D7: 租金 | E7: 利息收入 | F7: 偿付本金 | G7: 未偿付本金 | H7: 现金流 | I7: 服务费
A8: 时间间隔-月 | B8: 起租日-不平均-不等期 | C8: 40142 | D8: 0 | E8: 0 | F8: 0 | G8: =C1 -> 53000000 | H8: =C2-C1-C4+C3*35% -> -45686000 | I8: =C3*35% -> 1484000 | J8: 0 | K8: 0.35
A9: 6 | B9: 1 | C9: 40323 | D9: =E9+F9 -> 4823000 | E9: =G8*$C$5*A9 -> 1643000 | F9: =$C$1*J9 -> 3180000 | G9: =G8-F9 -> 49820000 | H9: =D9+C3*25% -> 5883000 | I9: =C3*25% -> 1060000 | J9: 0.06 | K9: 0.25
A10: 6 | B10: 2 | C10: 40507 | D10: =E10+F10 -> 6844420 | E10: =G9*$C$5*A10 -> 1544420 | F10: =$C$1*J10 -> 5300000 | G10: =G9-F10 -> 44520000 | H10: =D10+C3*40% -> 8540420 | I10: =C3*40% -> 1696000 | J10: 0.1 | K10: 0.4
A11: 6 | B11: 3 | C11: 40688 | D11: =E11+F11 -> 5090120 | E11: =G10*$C$5*A11 -> 1380120 | F11: =$C$1*J11 -> 3710000 | G11: =G10-F11 -> 40810000 | H11: =D11 -> 5090120 | J11: 0.07
A12: 6 | B12: 4 | C12: 40872 | D12: =E12+F12 -> 8685110 | E12: =G11*$C$5*A12 -> 1265110 | F12: =$C$1*J12 -> 7420000 | G12: =G11-F12 -> 33390000 | H12: =D12 -> 8685110 | J12: 0.14
A13: 6 | B13: 5 | C13: 41054 | D13: =E13+F13 -> 5275090 | E13: =G12*$C$5*A13 -> 1035090 | F13: =$C$1*J13 -> 4240000 | G13: =G12-F13 -> 29150000 | H13: =D13 -> 5275090 | J13: 0.08
A14: 6 | B14: 6 | C14: 41238 | D14: =E14+F14 -> 8853650 | E14: =G13*$C$5*A14 -> 903650 | F14: =$C$1*J14 -> 7950000 | G14: =G13-F14 -> 21200000 | H14: =D14 -> 8853650 | J14: 0.15
A15: 6 | B15: 7 | C15: 41419 | D15: =E15+F15 -> 5957200 | E15: =G14*$C$5*A15 -> 657200 | F15: =$C$1*J15 -> 5300000 | G15: =G14-F15 -> 15900000 | H15: =D15 -> 5957200 | J15: 0.1
A16: 6 | B16: 8 | C16: 41603 | D16: =E16+F16 -> 8972900 | E16: =G15*$C$5*A16 -> 492900 | F16: =$C$1*J16 -> 8480000 | G16: =G15-F16 -> 7420000 | H16: =D16 -> 8972900 | J16: 0.16
A17: 6 | B17: 9 | C17: 41784 | D17: =E17+F17 -> 3410020 | E17: =G16*$C$5*A17 -> 230020 | F17: =$C$1*J17 -> 3180000 | G17: =G16-F17 -> 4240000 | H17: =D17 -> 3410020 | J17: 0.06
A18: 6 | B18: 10 | C18: 41968 | D18: =E18+F18 -> 4371440 | E18: =G17*$C$5*A18 -> 131440 | F18: =$C$1*J18 -> 4240000 | G18: =G17-F18 -> 0 | H18: =D18-C2 -> -1458560 | J18: 0.08
C19: 合计 | D19: =SUM(D8:D18) -> 62282950 | E19: =SUM(E8:E18) -> 9282950 | F19: =SUM(F8:F18) -> 53000000 | H19: =IRR(H8:H18) -> 0.057889166 | J19: =SUM(J9:J18) -> 1
H20: =H19*2 -> 0.11577833
F23: =(6.2-5.76)/5.76 -> 0.076388889
D25: =230000000*30% -> 69000000
D26: =D25-23750000+2750000 -> 48000000

Sheet 调查报告
B1: 高等教育项目尽职调查报告
B2: 1、租赁项目基本情况
B3: 项目编号 | D3: 项目名称 | E3: XX大学非教学类设备售后回租赁项目
B4: 立项时间 | D4: 报告部门 | F4: 项目主办 | G4: 马安 | H4: 报告时间 | I4: 42005
B5: 1.1 交易结构
B6: 租赁类型 | C6: 回租赁 | D6: 承租客户 | E6: 大学 | H6: 出租人
B7: 1.2 交易条件（多个物件请合并填写）
B8: 项目金额 | C8: 首付款 | D8: 首付款比例 | E8: 保证金 | F8: 保证金比例 | G8: 服务费 | H8: 服务费比例 | I8: TCR | J8: 明示利率
B9: 5300 | C9: =B9*D9 -> 0 | D9: 0 | E9: =B9*F9 -> 583 | F9: 0.11 | G9: =B9*H9 -> 424 | H9: 0.08 | I9: 0.1122 | J9: 0.062
B10: 融资金额 | C10: 融资比例 | D10: 租赁期限(月) | E10: 还租间隔 | F10: 还租方式 | G10: 租金报价方式 | H10: 留购价款 | I10: IRR | J10: 实际利率
B11: =(B9-C9-E9) -> 4717 | C11: 0.89 | D11: 60 | E11: 半年 | F11: 不等额后付 | G11: 不等额年金 | H11: 100元 | I11: 0.1158 | J11: 0.062
B12: 1.3 客户授信额度
B13: 授信额度 | C13: 4717 | D13: 累计授信额度 | E13: =C13+前期项目!C6-一期租金测算!F11/10000 -> 6817 | F13: 是否超授信 | G13: 否 | H13: 说明
B14: 1.4 项目可行性分析
B15: 学校合作意愿 | C15: 较强。
B16: 租赁物件以及物件价值确认分析 | C16: 租赁物件原值 5400万元，净值暂无法判断，认可价值 5300万元。
B17: 资金用途以及额度分析 | C17: 支付音乐楼和信息大厦工程配套款项和实验室建设。
B18: 商务安排分析 | C18: 回租赁项目,商务安排较简单。
B19: 风险点分析(流动性及安全性)
B20: 风险点 | F20: 控制措施
B21: 1、学校的贷款主要以流动资金贷款为主，每年的倒贷过程中出现的暂时资金短缺而导致租金无法按时偿付。 | F21: 1、还租列入每年度学校支出计划和预算，确保学校起租前已合理安排租金支付计划；
B22: 2、基建工程尾款支付（和萃园校区建设）导致资金紧张，使租金无法按时偿付。 | F22: 2、关注学校几个在建项目（全部竣工）的工程尾款支付计划，以及萃园校区的建设计划，尤其是国家发改委资金的到位情况，确保学校按计划还租;
B23: 3、关注学校的创新学院的股权收购以及收购后的再投入情况，学校对创新学院的投入，导致学校资金链紧张，使租金无法按时偿还。 | F23: 3,在与学院院长和财务处长沟通过程中,明确此项目是金融行为,而非普通的商业行为,具有严肃性,不可以逾期。密切关注学校对于创新学院股权的收购过程和结果，如果收购成功，对于学校的股权收购投入而导致的学校资金紧张问题需要和学校的主管财务校长沟通，加强学校的还款意愿。与学校的领导层沟通，创新学院的收购成功与否，都不能影响我司的资金安全，进一步加强还款意愿。
B24: 1.5 重要指标一览
B25: 财拨增长比率 | C25: 财拨事业 收入比 | D25: 可支配支 出比例 | E25: 银行借款 收入比 | F25: 基建规模 收入比 | G25: 收入融资比 | H25: 可支配支出租金覆盖比 | I25: 基建资产 负债率 | J25: 报到率
B26: =('行政－收支明细表'!F4/'行政－收支明细表'!B4)^(1/2)-1 -> 0.10638403 | C26: ='行政－收支明细表'!F4/'行政－收支明细表'!F5 -> 0.79298371 | D26: ='行政－收支明细表'!G57 -> 0.35578115 | E26: ='行政－收支明细表'!F3/(调查报告!C254) -> 0.40285319 | F26: =(C175)/'行政－收支明细表'!F3 -> 1.4918864 | G26: ='行政－收支明细表'!F3/6900 -> 3.3464839 | H26: =E323/(E337+E335) -> 10.725075 | I26: =('基建－资金表'!F31+'基建－资金表'!F29)/'基建－资金表'!F36 -> 0.71802814 | J26: -
B27: 1.6 项目综评结论(定量/定性,能力/意愿)
B28: 1、是 创办的第一所综合性大学 学校发展得到省、市政府的大力支持。
B29: 2、学校事业收入保持稳定增长，从06年的近9000万增加到08年的1.22亿。学校自成为省部共建院校以来，财拨收入也保持了强劲的上升势头，由06年的近8000万，到08年的近1亿。由此判断，随着学校的知名度不断提升，政府支持力度的加大，学校的收入在未来几年会保持稳定的增长趋势。
B30: 3,根据学校收支状况,06年到08年可支配逐渐增加，主要原因是学校加大了资本性支出，固定资产购建等。
B31: 4、学校银行借款总额为5.73亿，除农行的委托贷款外,其他基本为1-3年的短期流动资金贷款,从07年、08年、09年的学校到期贷款的续贷能力以及新增的贷款额度可以看出，学校在银行系的融资能力比较强。
B32: 5、学校计划收购 学院的70%股权，预计交易价格为7000万，根据教育部独立院校的相关规定，独立院校必须独立的政策，不论本次收购成功与否，交易价格最终是多少，都不影响我司的资金安全。
B33: 6、学校计划新建 校区，概算投资8亿，资金来源主要是申请国家发改委2亿，学校自筹6亿（学校已经在校本部投入项目近2.8亿）,根据财务处 介绍,如果国家发改委的资金不到位,学校不会考虑启动新校区的建设,学校自筹资金会给学校带来巨大的财务压力.学校对新校区的建设持谨慎态度,不计划举债建设.
B34: 7、学校目前通过我司融资主要目的是支付艺术楼、信息大厦等基建项目的配套设施以及省级重点实验室建设。
B35: 8、我司于2008年与学校签署了2500万的回租项目，偿还了一期租金,没有出现逾期记录，信用良好。
B36: 经现金流分析,学院资金较紧张，经综合判断，我司租金安全性仍较高，该项目建议操作。
B37: 2、承租客户情况
B38: 2.1 基本资质
B39: 客户名称 | F39: 法定地址 | I39: 邮政编码
B40: 法人证书编号 | D40: 组织机构代码 | F40: 贷款卡号码 | I40: 办学层次 | J40: 本科
B41: 法定代表人 | D41: 开办资金(万元) | E41: 55441 | F41: 主管机关 | G41: 陕西省教育厅 | I41: 行政级别 | J41: 厅级
B42: 学校性质 | C42: 公办 | D42: 省内排名 | E42: 一般 | F42: 主营业务范围 | G42: 为社会培养高等学历工程人才，促进科技事业发展。
B43: 办学历史
B44: 学科设置及办学优势
B45: 2.2 员工情况
B47: 2.3 主要校领导简介及评价(含任期)
B48: 书记
B49: 校长
B50: 财务处长 | C50: 毕业于延安医学院。先后从事医学临床工作，人事管理工作，党务管理工作，医学教学和行政工作。2006年至今从事财务管理工作。
B51: 2.4 学生概况
C52: 2005 | E52: 2006 | G52: 2007 | I52: 2008 | K52: 2009
C53: 计划 | D53: 实招 | E53: 计划 | F53: 实招 | G53: 计划 | H53: 实招 | I53: 计划 | J53: 实招 | K53: 计划
B54: 专科 | D54: 354 | F54: 213 | H54: 209
B55: 研究生 | D55: 60 | F55: 90 | H55: 90 | I55: 204 | J55: 204 | K55: 240
B56: 本科 | D56: 3145 | F56: 3245 | H56: 3169 | I56: 3500 | J56: 3500 | K56: 3455
B57: 合计(全日制在校生)
B58: 成教 | D58: 4200 | F58: 4000 | H58: 3500 | I58: 3500 | K58: 3500
B59: 在校生合计 | G59: 14230 | I59: 14791 | K59: 15200
B60: 生源地 | C60: 全国,主要是陕西。 | E60: 省人口总数 | F60: 3450万 | H60: 毛入学率 | I60: 0.22
B61: 毕业去向 | C61: 全国 | E61: 就业率 | F61: 0.91 | H61: 报到率 | I61: 0.99
B62: 2.5 三本概述
B63: 独立办学，每年按照与XX大学的合作协议按收入比例上缴收入。目前在校生6000人。按照XX大学与XX实业投资有限公司合作创办独立学院协议书约定，XX学院学费收入按照30％上缴XX大学。据财务处主任介绍，学校计划收购XX学院的70%股权，具体的收购细节还没有最终确定。
B64: 2.6 教学评估
B65: 评估时点 | C65: 2007 | D65: 评估结果 | E65: 优秀 | F65: 教评评价
B66: 3、承租人财务状况分析
B67: 3.1 行政表分析
B68: 行政表报告日 | C68: 39813
B69: 货币资金 | C69: 内容，变化分析：主要是行政和基建帐户的银行存，学校09年新增了银行贷款和委托贷款，故银行存款很大。
C70: 开户行 | E70: 帐户号 | I70: 帐户性质 | J70: 最近余额 | K70: 账户性质
I71: 基本账户 | J71: 5000 | K71: 行政
I72: 学费专户 | J72: 200 | K72: 行政
I73: 工资专户 | J73: 300 | K73: 行政
I74: 济困专户 | J74: 450 | K74: 行政
I75: 教科文基金户 | J75: 200 | K75: 行政
I76: 助学贷款户 | J76: 180 | K76: 行政
I77: 零余额账户 | J77: 430 | K77: 行政
I78: 基建专户 | J78: 80 | K78: 基建
I79: 一般账户 | J79: 1500 | K79: 基建
I80: 一般账户 | J80: 70 | K80: 基建
I81: 一般账户 | J81: 3000 | K81: 基建
I82: 一般账户 | J82: 240 | K82: 基建
... I86: 一般账户 | J86: 1300 | K86: 基建
C88: 合计 | J88: =SUM(J71:J87) -> 13442
C89: 备注：以下数据均来自现场复核的电脑台帐数据，该数据与报表不符，主要原因是合并了基建报表的数据。
B90: 预付及应收账款 | C90: 2006 | D90: 2007 | E90: 2008 | F90: 2009年 8月 | G90: 分析
C91: 9941 | D91: 12581 | E91: 10242 | F91: 10319 | G91: 主要构成是：08年为10242万元。08年应收及暂付包括 项目暂付4878万，后勤集团借款430万，其他暂付3075万主要为 暂付2000万。其他主要是教学业务费和公务费等项的暂付。
B92: 固定资产 | D92: 2006 | E92: 2007 | F92: 2008 | G92: 2009 年3月 | H92: 分析
C93: 固定资产 | D93: ='行政－资产负债表 '!B14 -> 47910.453 | E93: ='行政－资产负债表 '!D14 -> 54801.517 | F93: ='行政－资产负债表 '!F14 -> 56221.814 | G93: ='行政－资产负债表 '!H16 -> 157896.69 | H93: 查询学校基建账，学校2007年交付使用固定资产大概17731万，具体明细请查阅2007年交付使用固定资产，之后基本没有交付使用固定资产。2009年学校国有土地评估入账101507万。（土地按照市场价格重估计入固定资产，使固定资产虚增）
C94: 其中：房屋及建筑物 | F94: 36443 | G94: 36443
C95: 土地
C96: 一般设备 | E96: =F96-349 -> 2992 | F96: 3341 | G96: 3340
C97: 专用设备 | E97: =F97-1000 -> 11050 | F97: 12050 | G97: 12207
C98: 图书 | E98: 2127 | F98: 2350 | G98: 2398
B99: 应付款 | C99: 2006 | D99: 2007 | E99: 2008 | F99: 2009 年3月 | G99: 分析
C100: ='行政－资产负债表 '!B24 -> 3055.2984 | D100: ='行政－资产负债表 '!D24 -> 8654.4277 | E100: 3826 | F100: 5499 | G100: 06年应付款10665万元，其中其他应付8025万元(主要是基建周转金),其他暂存856万元,暂存房款802万元;07年应付款是8654万元，主要是其他应付1661万元,应付基建周转金999万元,其他暂存846万元,暂存小区2525万元,暂存 苑房款981万元,暂存 园房款816万元,暂存校内旧房款860万元;2008年末应付款项是3826万，主要是 园小区2300万、购房款、保证金、质保金等内容；2009年8月应付及暂存5499万，主要是公积金小区2300万，房款和质保金等。
B101: 其他负债 | C101: 其他应付：2007年为1661万，2008年末为6622万，主要明细是公积金900万，其他暂存918万，暂存 小区1919万，暂存 园981万， 园810万，旧房款888万，基建往来7568万等；
B103: 收入 | C103: 收入确认方式: 当年事业收入上缴财政，当年返还。
C104: 财拨基础：
C105: 生均事业收入：
D106: 2006 | E106: 2007 | F106: 2008 | G106: 2009年预算 | H106: 分析
...

Sheet 前期项目
G1: 单位：万元
B2: 已合作项目简介
B3: 项目 | C3: 一期 | E3: 二期 | G3: 三期
B4: 物件描述 | C4: 教学设备
B5: 项目金额 | C5: 2500
B6: 融资额及比例 | C6: 2225 | D6: 0.89
B7: 租赁起止日 | C7: 39806 | D7: 41571
B8: 租金总期数 | C8: 10
B9: 偿还笔数 | C9: 1
B10: 偿还租金 | C10: 182
B11: 剩余本金 | C11: =2500-125 -> 2375
B12: 逾期笔数 | C12: 0
B13: 逾期原因分析 | C13: 无
B14: 项目巡视以 及重大事项 | C14: 无
B15: 风管清单政策执行 | C15: 严格按照风管清单政策执行
B16: 前期项目资 金使用情况 | C16: 支付工程款。

Sheet 行政－收支明细表
G1: 单位:元
B2: 2006年 | C2: 比例 | D2: 2007年 | E2: 比例 | F2: 2008年 | G2: 比例
A3: 一、收入合计 | B3: =B4+B5+B8 -> 17362.529 | C3: =B3/$B$3 -> 1 | D3: =SUM(D4:D8) -> 20488.759 | E3: =D3/$D$3 -> 1 | F3: =SUM(F4:F8) -> 23090.739 | G3: =F3/$F$3 -> 1 | I3: =F3*30% -> 6927.2217
A4: 财政拨款 | B4: =79331751.9/10000 -> 7933.1752 | C4: =B4/$B$3 -> 0.45691358 | D4: =75608050.6/10000 -> 7560.8051 | E4: =D4/$D$3 -> 0.36902211 | F4: =97108856.2/10000 -> 9710.8856 | G4: =F4/$F$3 -> 0.42055326 | I4: =I3/10000 -> 0.69272217
A5: 事业收入 | B5: =89762486.9/10000 -> 8976.2487 | C5: =B5/$B$3 -> 0.51698971 | D5: =125085468.7/10000 -> 12508.547 | E5: =D5/$D$3 -> 0.61050778 | F5: =122460089.1/10000 -> 12246.009 | G5: =F5/$F$3 -> 0.53034287
A6: 事业单位经营收入 | B6: 0 | C6: =B6/$B$3 -> 0 | E6: =D6/$D$3 -> 0 | G6: =F6/$F$3 -> 0
A7: 附属单位上缴收入 | B7: 0 | C7: =B7/$B$3 -> 0 | E7: =D7/$D$3 -> 0 | G7: =F7/$F$3 -> 0
A8: 其他收入 | B8: =4531049.28/10000 -> 453.10493 | C8: =B8/$B$3 -> 0.026096713 | D8: =4194072.4/10000 -> 419.40724 | E8: =D8/$D$3 -> 0.020470114 | F8: =11338445.73/10000 -> 1133.8446 | G8: =F8/$F$3 -> 0.049103867
A9: 二、支出合计 | B9: =B17+B38+B49+B50+B54+B55 -> 16680.291 | C9: =B9/$B$3 -> 0.96070629 | D9: =D17+D38+D49+D50+D54+D55 -> 17696.728 | E9: =D9/$D$3 -> 0.86372864 | F9: =F17+F38+F49+F50+F54+F55 -> 19837.939 | G9: =F9/$F$3 -> 0.85912967
A10: 人员支出 | B10: =SUM(B11:B15) -> 3785.198 | C10: =B10/$B$3 -> 0.21800961 | D10: =SUM(D11:D15) -> 4875.9827 | E10: =D10/$D$3 -> 0.23798331 | F10: =SUM(F11:F15) -> 4930.5019 | G10: =F10/$F$3 -> 0.21352724
A11: 其中：基本工资 | B11: =16706100.7/10000 -> 1670.6101 | C11: =B11/$B$3 -> 0.096219283 | D11: =24699503.8/10000 -> 2469.9504 | E11: =D11/$D$3 -> 0.12055149 | F11: =23754364/10000 -> 2375.4364 | G11: =F11/$F$3 -> 0.10287399
A12: 津贴 | B12: =1754254/10000 -> 175.4254 | C12: =B12/$B$3 -> 0.010103678 | D12: =5137036.56/10000 -> 513.70366 | E12: =D12/$D$3 -> 0.025072463 | F12: =8012540.8/10000 -> 801.25408 | G12: =F12/$F$3 -> 0.034700235
A13: 奖金 | B13: 0 | C13: =B13/$B$3 -> 0 | D13: =5000/10000 -> 0.5 | E13: =D13/$D$3 -> 2.4403625e-05 | G13: =F13/$F$3 -> 0
A14: 社会保障费 | B14: =4658700.8/10000 -> 465.87008 | C14: =B14/$B$3 -> 0.026831926 | D14: =125470/10000 -> 12.547 | E14: =D14/$D$3 -> 0.00061238457 | F14: =852678.4/10000 -> 85.26784 | G14: =F14/$F$3 -> 0.0036927289
A15: 其他 | B15: =14732925/10000 -> 1473.2925 | C15: =B15/$B$3 -> 0.084854719 | D15: =(3195393.72+15597423)/10000 -> 1879.2817 | E15: =D15/$D$3 -> 0.091722571 | F15: =16685435.38/10000 -> 1668.5435 | G15: =F15/$F$3 -> 0.072260291
A16: 对个人和家庭补助支出 | B16: =15503837.05/10000 -> 1550.3837 | C16: =B16/$B$3 -> 0.08929481 | D16: =28106287.03/10000 -> 2810.6287 | E16: =D16/$D$3 -> 0.13717906 | F16: =34277288.76/10000 -> 3427.7289 | G16: =F16/$F$3 -> 0.14844604
A17: 人员刚性支出合计 | B17: =B10+B16 -> 5335.5818 | C17: =B17/$B$3 -> 0.30730441 | D17: =D10+D16 -> 7686.6114 | E17: =D17/$D$3 -> 0.37516237 | F17: =F10+F16 -> 8358.2307 | G17: =F17/$F$3 -> 0.36197329
A18: 办公费 | B18: =516735.92/10000 -> 51.673592 | C18: =B18/$B$3 -> 0.0029761559 | D18: =397835.69/10000 -> 39.783569 | E18: =D18/$D$3 -> 0.0019417266 | F18: =588841.79/10000 -> 58.884179 | G18: =F18/$F$3 -> 0.002550121
A19: 印刷费 | B19: =61080/10000 -> 6.108 | C19: =B19/$B$3 -> 0.00035179207 | D19: =885444.37/10000 -> 88.544437 | E19: =D19/$D$3 -> 0.0043216105 | F19: =863439.3/10000 -> 86.34393 | G19: =F19/$F$3 -> 0.0037393316
A20: 水电费 | B20: =7150915.06/10000 -> 715.09151 | C20: =B20/$B$3 -> 0.041185908 | D20: =(3746207.03+5091691.8)/10000 -> 883.78988 | E20: =D20/$D$3 -> 0.043135354 | F20: =(3696926+5125451.92)/10000 -> 882.23779 | G20: =F20/$F$3 -> 0.03820743
A21: 邮电费 | B21: =295892.64/10000 -> 29.589264 | C21: =B21/$B$3 -> 0.0017042024 | D21: =304861.07/10000 -> 30.486107 | E21: =D21/$D$3 -> 0.0014879431 | F21: =315179.01/10000 -> 31.517901 | G21: =F21/$F$3 -> 0.0013649585
A22: 取暖费 | B22: =3526236/10000 -> 352.6236 | C22: =B22/$B$3 -> 0.020309461 | D22: =4984608/10000 -> 498.4608 | E22: =D22/$D$3 -> 0.024328501 | F22: =5414670/10000 -> 541.467 | G22: =F22/$F$3 -> 0.023449531
A23: 交通费 | B23: =1154542.65/10000 -> 115.45426 | C23: =B23/$B$3 -> 0.0066496227 | D23: =1671285.29/10000 -> 167.12853 | E23: =D23/$D$3 -> 0.008157084 | F23: =2165863.79/10000 -> 216.58638 | G23: =F23/$F$3 -> 0.0093797941
A24: 手续费 | B24: 0 | C24: =B24/$B$3 -> 0 | E24: =D24/$D$3 -> 0 | G24: =F24/$F$3 -> 0
A25: 差旅费 | B25: =2834878.03/10000 -> 283.4878 | C25: =B25/$B$3 -> 0.016327564 | D25: =(2351697.38+21000)/10000 -> 237.26974 | E25: =D25/$D$3 -> 0.011580484 | F25: =(2972427.23+556729.72)/10000 -> 352.9157 | G25: =F25/$F$3 -> 0.015283863
A26: 会议费 | B26: =398790.5/10000 -> 39.87905 | C26: =B26/$B$3 -> 0.0022968457 | D26: =96049/10000 -> 9.6049 | E26: =D26/$D$3 -> 0.00046878876 | F26: =263179.39/10000 -> 26.317939 | G26: =F26/$F$3 -> 0.0011397617
A27: 培训费 | B27: =1612386.82/10000 -> 161.23868 | C27: =B27/$B$3 -> 0.0092865897 | D27: =2855791.9/10000 -> 285.57919 | E27: =D27/$D$3 -> 0.013938335 | F27: =2886459.04/10000 -> 288.6459 | G27: =F27/$F$3 -> 0.012500505
A28: 招待费 | B28: =958218.31/10000 -> 95.821831 | C28: =B28/$B$3 -> 0.0055188868 | D28: =2911455.29/10000 -> 291.14553 | E28: =D28/$D$3 -> 0.014210013 | F28: =2330405.88/10000 -> 233.04059 | G28: =F28/$F$3 -> 0.010092383
A29: 福利费 | B29: =776954.34/10000 -> 77.695434 | C29: =B29/$B$3 -> 0.0044748916 | D29: =375326.1/10000 -> 37.53261 | E29: =D29/$D$3 -> 0.0018318635 | F29: =462303.08/10000 -> 46.230308 | G29: =F29/$F$3 -> 0.0020021147
A30: 劳务费 | B30: 0 | C30: =B30/$B$3 -> 0 | E30: =D30/$D$3 -> 0 | G30: =F30/$F$3 -> 0
A31: 就业补助费 | B31: =197833.69/10000 -> 19.783369 | C31: =B31/$B$3 -> 0.001139429 | E31: =D31/$D$3 -> 0 | G31: =F31/$F$3 -> 0
A32: 租赁费 | B32: 0 | C32: =B32/$B$3 -> 0 | E32: =D32/$D$3 -> 0 | G32: =F32/$F$3 -> 0
A33: 物业管理费 | B33: 0 | C33: =B33/$B$3 -> 0 | E33: =D33/$D$3 -> 0 | G33: =F33/$F$3 -> 0
A34: 工会经费 | B34: 0 | C34: =B34/$B$3 -> 0 | D34: =300000/10000 -> 30 | E34: =D34/$D$3 -> 0.0014642175 | F34: =260000/10000 -> 26 | G34: =F34/$F$3 -> 0.0011259925
A35: 专用材料费 | B35: =2132876/10000 -> 213.2876 | C35: =B35/$B$3 -> 0.012284363 | D35: =1735534.96/10000 -> 173.5535 | E35: =D35/$D$3 -> 0.0084706689 | F35: =2028596/10000 -> 202.8596 | G35: =F35/$F$3 -> 0.0087853229
A36: 其他 | B36: =22668670/10000 -> 2266.867 | C36: =B36/$B$3 -> 0.13056088 | D36: =16274857.22/10000 -> 1627.4857 | E36: =D36/$D$3 -> 0.079433103 | F36: =16665903.37/10000 -> 1666.5903 | G36: =F36/$F$3 -> 0.072175703
A37: 其中:利息支出 | B37: =3013708/10000 -> 301.3708 | C37: =B37/$B$3 -> 0.017357541 | D37: =3591015/10000 -> 359.1015 | E37: =D37/$D$3 -> 0.017526757 | F37: 0 | G37: =F37/$F$3 -> 0
A38: 日常公用支出合计 | B38: =SUM(B18:B36) -> 4428.601 | C38: =B38/$B$3 -> 0.25506659 | D38: =SUM(D18:D36) -> 4400.3645 | E38: =D38/$D$3 -> 0.21476969 | F38: =SUM(F18:F36) -> 4659.6376 | G38: =F38/$F$3 -> 0.20179681
A39: 维修费 | B39: =3897279.83/10000 -> 389.72798 | C39: =B39/$B$3 -> 0.022446499 | D39: =7583953.07/10000 -> 758.39531 | E39: =D39/$D$3 -> 0.03701519 | F39: =7127673.74/10000 -> 712.76737 | G39: =F39/$F$3 -> 0.030868106
A40: 办公设备购置费 | B40: =1314500/10000 -> 131.45 | C40: =B40/$B$3 -> 0.0075709018 | D40: =(1787992.5+66700)/10000 -> 185.46925 | E40: =D40/$D$3 -> 0.0090522441 | F40: =2069034/10000 -> 206.9034 | G40: =F40/$F$3 -> 0.0089604494
A41: 专用设备购置费 | B41: =783215/10000 -> 78.3215 | C41: =B41/$B$3 -> 0.00451095 | D41: =13117224.08/10000 -> 1311.7224 | E41: =D41/$D$3 -> 0.064021564 | F41: =30111052.49/10000 -> 3011.1052 | G41: =F41/$F$3 -> 0.13040316
A42: 交通工具购置费 | B42: =857100/10000 -> 85.71 | C42: =B42/$B$3 -> 0.0049364929 | D42: =1134020/10000 -> 113.402 | E42: =D42/$D$3 -> 0.0055348398 | F42: =1151663/10000 -> 115.1663 | G42: =F42/$F$3 -> 0.0049875536
A43: 图书资料购置费 | B43: =3530075/10000 -> 353.0075 | C43: =B43/$B$3 -> 0.020331572 | E43: =D43/$D$3 -> 0 | G43: =F43/$F$3 -> 0
A44: 基础设施建设 | B44: 0 | C44: =B44/$B$3 -> 0 | D44: =(4691191.74+3527859)/10000 -> 821.90507 | E44: =D44/$D$3 -> 0.040114927 | F44: =(3000000+3185211)/10000 -> 618.5211 | G44: =F44/$F$3 -> 0.026786544
A45: 大型修缮 | B45: 0 | C45: =B45/$B$3 -> 0 | D45: =11708495.79/10000 -> 1170.8496 | E45: =D45/$D$3 -> 0.057145949 | F45: =7684385/10000 -> 768.4385 | G45: =F45/$F$3 -> 0.033279078
A46: 信息网络购建 | B46: 0 | C46: =B46/$B$3 -> 0 | D46: =(904775.41+607320)/10000 -> 151.20954 | E46: =D46/$D$3 -> 0.0073801219 | G46: =F46/$F$3 -> 0
A47: 其他资本性支出 | C47: =B47/$B$3 -> 0 | D47: =(3169869.68+7798121)/10000 -> 1096.7991 | E47: =D47/$D$3 -> 0.053531747 | F47: =13871688.01/10000 -> 1387.1688 | G47: =F47/$F$3 -> 0.060074682
A48: 其中:利息支出 | F48: =6280000/10000 -> 628
A49: 固定资产购建及其他支出 | B49: =SUM(B39:B47) -> 1038.217 | C49: =B49/$B$3 -> 0.059796415 | D49: =SUM(D39:D47) -> 5609.7522 | E49: =D49/$D$3 -> 0.27379658 | F49: =SUM(F39:F47) -> 6820.0707 | G49: =F49/$F$3 -> 0.29535957
A50: 项目支出 | B50: =41679800/10000 -> 4167.98 | C50: =B50/$B$3 -> 0.24005605 | E50: =D50/$D$3 -> 0 | G50: =F50/$F$3 -> 0
A51: 其中:其他 | B51: 0 | C51: =B51/$B$3 -> 0 | D51: 0 | E51: =D51/$D$3 -> 0 | G51: =F51/$F$3 -> 0
A52: 拨出专款 | C52: =B52/$B$3 -> 0 | D52: 0 | E52: =D52/$D$3 -> 0 | G52: =F52/$F$3 -> 0
A53: 拨出经费 | C53: =B53/$B$3 -> 0 | D53: 0 | E53: =D53/$D$3 -> 0 | G53: =F53/$F$3 -> 0
A54: 债务利息支出 | C54: =B54/$B$3 -> 0 | D54: 0 | E54: =D54/$D$3 -> 0 | G54: =F54/$F$3 -> 0
A55: 结转自筹基建(房屋建筑物构建) | B55: =17099108.44/10000 -> 1709.9108 | C55: =B55/$B$3 -> 0.098482823 | E55: =D55/$D$3 -> 0 | G55: =F55/$F$3 -> 0
A56: 收支结余 | B56: =B3-B9 -> 682.23823 | C56: =B56/$B$3 -> 0.039293713 | D56: =D3-D9 -> 2792.031 | E56: =D56/$D$3 -> 0.13627136 | F56: =F3-F9 -> 3252.8001 | G56: =F56/$F$3 -> 0.14087033
A57: 可支配结余 | B57: =B49*70%+B55+B37+B56 -> 3420.2718 | C57: =B57/$B$3 -> 0.19699157 | D57: =D49*70%+D55+D56+D37 -> 7077.9591 | E57: =D57/$D$3 -> 0.34545572 | F57: =F49*70%+F54+F55+F56+F48*0.3 -> 8215.2496 | G57: =F57/$F$3 -> 0.35578115
F60: 还原后的08年事业收入
F61: =F5-1800 -> 10446.009
F62: 还原后的08年总收入
F63: =F61+F4+F8 -> 21290.739
B64: =F56-1800 -> 1452.8001 | F64: 收支结余
B65: =F57-1800 -> 6415.2496 | F65: =F63-F9 -> 1452.8001
B66: =B65/F63 -> 0.30131643 | F66: 还原后的08年可支配结余(1) | G66: 还原后的08年可支配结余（2）
F67: 6415.25 | G67: =F56+F49*70%+F48*30%-1800*50% -> 7315.2496
F68: 还原后的08年可支配比例（1） | G68: 还原后的08年可支配比例（2）
F69: =F67/F63 -> 0.30131645 | G69: =G67/F63 -> 0.34358834

Sheet 行政－资产负债表 
H1: 单位：元
B2: 06年 | C2: 比例 | D2: 07年 | E2: 比例 | F2: 08年 | G2: 比例 | H2: 39965 | I2: 比例
A3: 一、资产部类合计 | B3: =B4+B13+B16+B17+B18+B19 -> 89074.748 | C3: =B3/B$3 -> 1 | D3: =D4+D13+D16+D17+D18+D19 -> 115937.69 | E3: =D3/$D$3 -> 1 | F3: =F4+F13+F16+F17+F18+F19 -> 116849.26 | G3: =F3/$F$3 -> 1 | H3: =H4+H13+H16+H17+H18+H19 -> 214835.5 | I3: =H3/$H$3 -> 1
A4: 流动资产 | B4: =411142943.51/10000 -> 41114.294 | C4: =B4/B$3 -> 0.46157071 | D4: =188287900.82/10000 -> 18828.79 | E4: =D4/$D$3 -> 0.1624044 | F4: =206515867.2/10000 -> 20651.587 | G4: =F4/$F$3 -> 0.17673699 | H4: =H6+H5+H7+H8+H9+H10+H11+H12 -> 15825.576 | I4: =H4/$H$3 -> 0.073663692
A5: 其中:现金 | B5: =30845.45/10000 -> 3.084545 | C5: =B5/B$3 -> 3.4628726e-05 | D5: =11.78/10000 -> 0.001178 | E5: =D5/$D$3 -> 1.0160631e-08 | F5: =21511.08/10000 -> 2.151108 | G5: =F5/$F$3 -> 1.8409256e-05 | H5: =50138/10000 -> 5.0138 | I5: =H5/$H$3 -> 2.3337856e-05
A6: 银行存款 | B6: =108711499.27/10000 -> 10871.15 | C6: =B6/B$3 -> 0.12204525 | D6: =61305264.87/10000 -> 6130.5265 | E6: =D6/$D$3 -> 0.052877772 | F6: =28392527.95/10000 -> 2839.2528 | G6: =F6/$F$3 -> 0.024298423 | H6: =55690615.26/10000 -> 5569.0615 | I6: =H6/$H$3 -> 0.025922445
A7: 应收票据 | C7: =B7/B$3 -> 0 | E7: =D7/$D$3 -> 0 | G7: =F7/$F$3 -> 0 | I7: =H7/$H$3 -> 0
A8: 应收帐款 | C8: =B8/B$3 -> 0 | E8: =D8/$D$3 -> 0 | G8: =F8/$F$3 -> 0 | H8: =102515009.27/10000 -> 10251.501 | I8: =H8/$H$3 -> 0.047717909
A9: 预付款 | C9: =B9/B$3 -> 0 | E9: =D9/$D$3 -> 0 | G9: =F9/$F$3 -> 0 | I9: =H9/$H$3 -> 0
A10: 其他应收款 | C10: =B10/B$3 -> 0 | E10: =D10/$D$3 -> 0 | G10: =F10/$F$3 -> 0 | I10: =H10/$H$3 -> 0
A11: 材料 | C11: =B11/B$3 -> 0 | E11: =D11/$D$3 -> 0 | G11: =F11/$F$3 -> 0 | I11: =H11/$H$3 -> 0
A12: 产成品 | C12: =B12/B$3 -> 0 | E12: =D12/$D$3 -> 0 | G12: =F12/$F$3 -> 0 | I12: =H12/$H$3 -> 0
A13: 对外投资 | B13: =500000/10000 -> 50 | C13: =B13/B$3 -> 0.00056132632 | D13: =500000/10000 -> 50 | E13: =D13/$D$3 -> 0.00043126616 | F13: =500000/10000 -> 50 | G13: =F13/$F$3 -> 0.00042790172 | H13: =500000/10000 -> 50 | I13: =H13/$H$3 -> 0.00023273621
A14: 固定资产原值 | B14: =479104531.53/10000 -> 47910.453 | C14: =B14/B$3 -> 0.53786796 | D14: =548015170.93/10000 -> 54801.517 | E14: =D14/$D$3 -> 0.47268079 | F14: =562218140.81/10000 -> 56221.814 | G14: =F14/$F$3 -> 0.48114822 | H14: =1578966891.26/10000 -> 157896.69 | I14: =H14/$H$3 -> 0.73496554
A15: 减:累计折旧 | B15: 0 | C15: =B15/B$3 -> 0 | D15: 0 | E15: =D15/$D$3 -> 0 | F15: 0 | G15: =F15/$F$3 -> 0 | H15: 0 | I15: =H15/$H$3 -> 0
A16: 固定资产净值 | B16: =B14 -> 47910.453 | C16: =B16/B$3 -> 0.53786796 | D16: =D14-D15 -> 54801.517 | E16: =D16/$D$3 -> 0.47268079 | F16: =F14 -> 56221.814 | G16: =F16/$F$3 -> 0.48114822 | H16: =H14 -> 157896.69 | I16: =H16/$H$3 -> 0.73496554
A17: 无形资产 | B17: 0 | C17: =B17/B$3 -> 0 | D17: 0 | E17: =D17/$D$3 -> 0 | F17: 0 | G17: =F17/$F$3 -> 0 | I17: =H17/$H$3 -> 0
A18: 财政应返还额度 | B18: 0 | C18: =B18/B$3 -> 0 | E18: =D18/$D$3 -> 0 | G18: =F18/$F$3 -> 0 | I18: =H18/$H$3 -> 0
A19: 其他(基本建设资金占用合计) | C19: =B19/B$3 -> 0 | D19: =422573783.5/10000 -> 42257.378 | E19: =D19/$D$3 -> 0.36448354 | F19: =399258602.69/10000 -> 39925.86 | G19: =F19/$F$3 -> 0.34168689 | H19: =410632358.32/10000 -> 41063.236 | I19: =H19/$H$3 -> 0.19113804
A20: 二、负债合计 | B20: =SUM(B22:B30) -> 42834.226 | C20: =B20/B$3 -> 0.48087956 | D20: =SUM(D22:D27) -> 57813.494 | E20: =D20/$D$3 -> 0.49866007 | F20: =SUM(F22:F27) -> 55840.156 | G20: =F20/$F$3 -> 0.47788198 | H20: =SUM(H21:H30) -> 53394.433 | I20: =H20/$H$3 -> 0.24853636
A21: 借入款 | B21: =30000000/10000 -> 3000 | C21: =B21/B$3 -> 0.033679579 | D21: =401762400/10000 -> 40176.24 | E21: =D21/$D$3 -> 0.34653305 | F21: =393251800/10000 -> 39325.18 | G21: =F21/$F$3 -> 0.33654624 | H21: =453289700/10000 -> 45328.97 | I21: =H21/$H$3 -> 0.21099385
A22: 其中:银行借款 | B22: =B21 -> 3000 | C22: =B22/B$3 -> 0.033679579 | D22: =D21 -> 40176.24 | E22: =D22/$D$3 -> 0.34653305 | F22: =F21 -> 39325.18 | G22: =F22/$F$3 -> 0.33654624 | I22: =H22/$H$3 -> 0
A23: 应付票据 | B23: 0 | C23: =B23/B$3 -> 0 | D23: 0 | E23: =D23/$D$3 -> 0 | G23: =F23/$F$3 -> 0 | I23: =H23/$H$3 -> 0
A24: 应付帐款 | B24: =30552983.54/10000 -> 3055.2984 | C24: =B24/B$3 -> 0.034300387 | D24: =86544277/10000 -> 8654.4277 | E24: =D24/$D$3 -> 0.074647235 | F24: =79419195.55/10000 -> 7941.9196 | G24: =F24/$F$3 -> 0.067967221 | H24: =59516064.1/10000 -> 5951.6064 | I24: =H24/$H$3 -> 0.027703086
A25: 预收帐款 | B25: 0 | C25: =B25/B$3 -> 0 | D25: 0 | E25: =D25/$D$3 -> 0 | G25: =F25/$F$3 -> 0 | I25: =H25/$H$3 -> 0
A26: 其他应付款 | B26: =367789273.89/10000 -> 36778.927 | C26: =B26/B$3 -> 0.4128996 | D26: =89828264.28/10000 -> 8982.8264 | E26: =D26/$D$3 -> 0.077479781 | F26: =(73006802.69+12723765.43)/10000 -> 8573.0568 | G26: =F26/$F$3 -> 0.073368515 | I26: =H26/$H$3 -> 0
A27: 应缴预算款 | B27: 0 | C27: =B27/B$3 -> 0 | D27: 0 | E27: =D27/$D$3 -> 0 | G27: =F27/$F$3 -> 0 | I27: =H27/$H$3 -> 0
A28: 应缴财政专户款 | B28: 0 | C28: =B28/B$3 -> 0 | D28: 0 | E28: =D28/$D$3 -> 0 | F28: 0 | G28: =F28/$F$3 -> 0 | H28: =7701772/10000 -> 770.1772 | I28: =H28/$H$3 -> 0.0035849624
A29: 应交税金 | B29: 0 | C29: =B29/B$3 -> 0 | D29: 0 | E29: =D29/$D$3 -> 0 | F29: 0 | G29: =F29/$F$3 -> 0 | H29: =1672298.15/10000 -> 167.22982 | I29: =H29/$H$3 -> 0.00077840866
A30: 代管款项 | B30: 0 | C30: =B30/B$3 -> 0 | D30: 0 | E30: =D30/$D$3 -> 0 | F30: 0 | G30: =F30/$F$3 -> 0 | H30: =11764493.07/10000 -> 1176.4493 | I30: =H30/$H$3 -> 0.005476047
A31: 负债合计 | B31: =B20 -> 42834.226 | C31: =B31/B$3 -> 0.48087956 | D31: =D20 -> 57813.494 | E31: =D31/$D$3 -> 0.49866007 | F31: =F20 -> 55840.156 | G31: =F31/$F$3 -> 0.47788198 | H31: =H20 -> 53394.433 | I31: =H31/$H$3 -> 0.24853636
A32: 三、净资产合计 | B32: =SUM(B33:B38)-B34 -> 49240.522 | C32: =B32/B$3 -> 0.55280002 | D32: =SUM(D33:D38)-D34 -> 58124.191 | E32: =D32/$D$3 -> 0.50133993 | F32: =SUM(F33:F38)-F34 -> 61009.105 | G32: =F32/$F$3 -> 0.52211802 | H32: =SUM(H33:H37)-H34 -> 0 | I32: =H32/$H$3 -> 0
A33: 事业基金 | B33: =6393889.95/10000 -> 639.389 | C33: =B33/B$3 -> 0.0071781174 | D33: =26402889.95/10000 -> 2640.289 | E33: =D33/$D$3 -> 0.022773346 | F33: =38930890.29/10000 -> 3893.089 | G33: =F33/$F$3 -> 0.03331719 | I33: =H33/$H$3 -> 0
A34: 其中:一般基金 | B34: =B33 -> 639.389 | C34: =B34/B$3 -> 0.0071781174 | D34: =D33 -> 2640.289 | E34: =D34/$D$3 -> 0.022773346 | F34: =F33 -> 3893.089 | G34: =F34/$F$3 -> 0.03331719 | I34: =H34/$H$3 -> 0
A35: 投资基金 | C35: =B35/B$3 -> 0 | E35: =D35/$D$3 -> 0 | F35: 0 | G35: =F35/$F$3 -> 0 | I35: =H35/$H$3 -> 0
A36: 固定基金 | B36: =B16 -> 47910.453 | C36: =B36/B$3 -> 0.53786796 | D36: =D16 -> 54801.517 | E36: =D36/$D$3 -> 0.47268079 | F36: =F16 -> 56221.814 | G36: =F36/$F$3 -> 0.48114822 | I36: =H36/$H$3 -> 0
A37: 专用基金 | B37: =6906796.13/10000 -> 690.67961 | C37: =B37/B$3 -> 0.0077539329 | D37: =6823853.09/10000 -> 682.38531 | E37: =D37/$D$3 -> 0.0058857938 | F37: =8942015.93/10000 -> 894.20159 | G37: =F37/$F$3 -> 0.007652608 | I37: =H37/$H$3 -> 0
A38: 基本建设资金来源合计 | C38: =B38/B$3 -> 0 | E38: =D38/$D$3 -> 0 | G38: =F38/$F$3 -> 0
A39: 其中：基建借款 | C39: =B39/B$3 -> 0 | E39: =D39/$D$3 -> 0 | G39: =F39/$F$3 -> 0
A40: 五、负债部类合计 | B40: =B20+B32 -> 92074.748 | C40: =B40/B$3 -> 1.0336796 | D40: =D20+D32 -> 115937.69 | E40: =D40/$D$3 -> 1 | F40: =F20+F32 -> 116849.26 | G40: =F40/$F$3 -> 1 | I40: =H40/$H$3 -> 0

Sheet 二期租金测算
B1: 融资租赁租金及收益测算表
B2: 租金计算方式
B3: PM存量占用 | D3: PM存量收入 | F3: PM总收益率 | G3: =(E$3+H$4)/(C$3+H$6) -> 0.11215385 | H3: 总收益 | I3: 利息收入 | K3: 资产报酬率 | M3: 总资金占用收益率
B4: 部门存量占用 | D4: 部门存量收入 | F4: 部门总收益率 | G4: =(E$4+H$4)/(C$4+H$6) -> 0.11215385 | H4: =SUM(G$12:G$202)/2 -> 13522950 | I4: =SUM(L4,L7,L10,L13,L16,L19,L22,L25,L28,L31,L34)*10000 -> 7902103.8 | K4: 2002年收入 | L4: =IF(SUM(O11:O133)<0,0,SUM(O11:O133)/10000) -> 0 | M4: 2002年后收入 | N4: =IF(L4=0,0,L4+L7+L10+L13+L16+L19+L22+L25+L28+L31+L34) -> 0
B5: 项目总额 | C5: 53000000 | D5: 租期（年） | E5: 5 | F5: 返点收入 | H5: 总资金占用 | I5: 资金占用 | K5: 2002年占用 | L5: =IF(SUM(Z11:Z133)<0,0,SUM(Z11:Z133)/10000) -> 0 | M5: 2002年后占用 | N5: =IF(L5=0,0,L5+L8+L11+L14+L17+L20+L23+L26+L29+L32+L35) -> 0
B6: 首付款 | D6: 年利率 | E6: 0.062 | F6: 利息补贴 | H6: =((SUM(F$12:F$202)-C$8)/2-C$7*E$5*E$7)/E$7 -> 120575000 | I6: =SUM(J8:J134) -> 1.2056992e+08 | L6: =IF(L5=0,0,L4/L5) -> 0 | N6: =IF(N5=0,0,N4/N5) -> 0
B7: 保证金 | C7: =C5*11% -> 5830000 | D7: 年还租次数 | E7: 2 | F7: 手续费收入 | G7: =C5*8% -> 4240000 | H7: 收益率 | K7: 2003年收入 | L7: =IF(SUM(P11:P133)-L4<0,0,SUM(P11:P133)/10000-L4) -> 0 | M7: 2003年后收入 | N7: =IF(L7=0,0,L7+L10+L13+L16+L19+L22+L25+L28+L31+L34) -> 0
B8: 资产余值 | D8: 每期本金 | E8: =ROUND((F$12-C$8)/(E$5*E$7),2) -> 5300000 | F8: 管理费收入 | H8: =H$4/H$6 -> 0.11215385 | K8: 2003年占用 | L8: =IF(SUM(AA11:AA133)-L5<0,0,SUM(AA11:AA133)/10000-L5) -> 0 | M8: 2003年后占用 | N8: =IF(L8=0,0,L8+L11+L14+L17+L20+L23+L26+L29+L32+L35) -> 0 | O8: 37621 | P8: 37986 | Q8: 38352 | R8: 38717 | S8: 39082 | T8: 39447 | U8: 39813 | V8: 40178 | W8: 40543 | X8: 40908 | Y8: 41274
B9: 考核调整 | D9: 租前息 | F9: 其他收入 | L9: =IF(L8=0,0,L7/L8) -> 0 | N9: =IF(N8=0,0,N7/N8) -> 0 | O9: 2002年收入 | P9: 2003年收入 | Q9: 2004年收入 | R9: 2005年收入 | S9: 2006年收入 | T9: 2007年收入 | U9: 2008年收入 | V9: 2009年收入 | W9: 2010年收入 | X9: 2011年收入 | Y9: 2012年收入 | Z9: 2002年占用 | AA9: 2003年占用 | AB9: 2004年占用 | AC9: 2005年占用 | AD9: 2006年占用 | AE9: 2007年占用 | AF9: 2008年占用 | AG9: 2009年占用 | AH9: 2010年占用 | AI9: 2011年占用 | AJ9: 2012年占用
B10: 其他支出 | F10: 残值收入 | K10: 2004年收入 | L10: =IF((SUM(Q11:Q133)-L7-L4)<0,0,SUM(Q11:Q133)/10000-L7-L4) -> 0 | M10: 2004年后收入 | N10: =IF(L10=0,0,L10+L13+L16+L19+L22+L25+L28+L31+L34) -> 0
B11: 项目 | C11: 租金收入 | D11: 利息收入 | E11: 回收成本 | F11: 未回收成本 | G11: 现金流量 | H11: IRR | K11: 2004年占用 | L11: =IF((SUM(AB11:AB133)-L8-L5)<0,0,SUM(AB11:AB133)/10000-L8-L5) -> 0 | M11: 2004年后占用 | N11: =IF(L11=0,0,L11+L14+L17+L20+L23+L26+L29+L32+L35) -> 0 | O11: =IF($A12="","",IF($A13="",IF(YEAR($A12)=2002,SUM($D$12:$D12),""),IF(AND(YEAR($A12)=2002,YEAR($A13)=2003),SUM($D$12:$D12,$D13*(O$8-$A12)/($A13-$A12)),""))) | P11: =IF($A12="","",IF($A13="",IF(YEAR($A12)=2003,SUM($D$12:$D12),""),IF(AND(YEAR($A12)=2003,YEAR($A13)=2004),SUM($D$12:$D12,$D13*(P$8-$A12)/($A13-$A12)),""))) | Q11: =IF(A12="","",IF(A13="",IF(YEAR(A12)=2004,SUM(D$12:D12),""),IF(AND(YEAR(A12)=2004,YEAR(A13)=2005),SUM(D$12:D12,D13*(Q$8-A12)/(A13-A12)),""))) | R11: =IF(A12="","",IF(A13="",IF(YEAR(A12)=2005,SUM(D$12:D12),""),IF(AND(YEAR(A12)=2005,YEAR(A13)=2006),SUM(D$12:D12,D13*(R$8-A12)/(A13-A12)),""))) | S11: =IF(A12="","",IF(A13="",IF(YEAR(A12)=2006,SUM(D$12:D12),""),IF(AND(YEAR(A12)=2006,YEAR(A13)=2007),SUM(D$12:D12,D13*(S$8-A12)/(A13-A12)),""))) | T11: =IF(A12="","",IF(A13="",IF(YEAR(A12)=2007,SUM(D$12:D12),""),IF(AND(YEAR(A12)=2007,YEAR(A13)=2008),SUM(D$12:D12,D13*(T$8-A12)/(A13-A12)),""))) | U11: =IF(A12="","",IF(A13="",IF(YEAR(A12)=2008,SUM(D$12:D12),""),IF(AND(YEAR(A12)=2008,YEAR(A13)=2009),SUM(D$12:D12,D13*(U$8-A12)/(A13-A12)),""))) | V11: =IF(A12="","",IF(A13="",IF(YEAR(A12)=2009,SUM(D$12:D12),""),IF(AND(YEAR(A12)=2009,YEAR(A13)=2010),SUM(D$12:D12,D13*(V$8-A12)/(A13-A12)),""))) -> 326784.53 | W11: =IF(A12="","",IF(A13="",IF(YEAR(A12)=2010,SUM(D$12:D12),""),IF(AND(YEAR(A12)=2010,YEAR(A13)=2011),SUM(D$12:D12,D13*(W$8-A12)/(A13-A12)),""))) | X11: =IF(A12="","",IF(A13="",IF(YEAR(A12)=2011,SUM(D$12:D12),""),IF(AND(YEAR(A12)=2011,YEAR(A13)=2012),SUM(D$12:D12,D13*(X$8-A12)/(A13-A12)),""))) | Y11: =IF(A12="","",IF(A13="",IF(YEAR(A12)=2012,SUM(D$12:D12),""),IF(AND(YEAR(A12)=2012,YEAR(A13)=2013),SUM(D$12:D12,D13*(Y$8-A12)/(A13-A12)),""))) | Z11: =IF($A12="","",IF($A13="",IF(YEAR($A12)=2002,SUM($J$12:$J12),""),IF(AND(YEAR($A12)=2002,YEAR($A13)=2003),SUM($J$12:$J12,$J13*(O$8-$A12)/($A13-$A12)),""))) | AA11: =IF($A12="","",IF($A13="",IF(YEAR($A12)=2003,SUM($J$12:$J12),""),IF(AND(YEAR($A12)=2003,YEAR($A13)=2004),SUM($J$12:$J12,$J13*(P$8-$A12)/($A13-$A12)),""))) | AB11: =IF($A12="","",IF($A13="",IF(YEAR($A12)=2004,SUM($J$12:$J12),""),IF(AND(YEAR($A12)=2004,YEAR($A13)=2005),SUM($J$12:$J12,$J13*(Q$8-$A12)/($A13-$A12)),""))) | AC11: =IF($A12="","",IF($A13="",IF(YEAR($A12)=2005,SUM($J$12:$J12),""),IF(AND(YEAR($A12)=2005,YEAR($A13)=2006),SUM($J$12:$J12,$J13*(R$8-$A12)/($A13-$A12)),""))) | AD11: =IF($A12="","",IF($A13="",IF(YEAR($A12)=2006,SUM($J$12:$J12),""),IF(AND(YEAR($A12)=2006,YEAR($A13)=2007),SUM($J$12:$J12,$J13*(S$8-$A12)/($A13-$A12)),""))) | AE11: =IF($A12="","",IF($A13="",IF(YEAR($A12)=2007,SUM($J$12:$J12),""),IF(AND(YEAR($A12)=2007,YEAR($A13)=2008),SUM($J$12:$J12,$J13*(T$8-$A12)/($A13-$A12)),""))) | AF11: =IF($A12="","",IF($A13="",IF(YEAR($A12)=2008,SUM($J$12:$J12),""),IF(AND(YEAR($A12)=2008,YEAR($A13)=2009),SUM($J$12:$J12,$J13*(U$8-$A12)/($A13-$A12)),""))) | AG11: =IF($A12="","",IF($A13="",IF(YEAR($A12)=2009,SUM($J$12:$J12),""),IF(AND(YEAR($A12)=2009,YEAR($A13)=2010),SUM($J$12:$J12,$J13*(V$8-$A12)/($A13-$A12)),""))) -> 4652383.6 | AH11: =IF($A12="","",IF($A13="",IF(YEAR($A12)=2010,SUM($J$12:$J12),""),IF(AND(YEAR($A12)=2010,YEAR($A13)=2011),SUM($J$12:$J12,$J13*(W$8-$A12)/($A13-$A12)),""))) | AI11: =IF($A12="","",IF($A13="",IF(YEAR($A12)=2011,SUM($J$12:$J12),""),IF(AND(YEAR($A12)=2011,YEAR($A13)=2012),SUM($J$12:$J12,$J13*(X$8-$A12)/($A13-$A12)),""))) | AJ11: =IF($A12="","",IF($A13="",IF(YEAR($A12)=2012,SUM($J$12:$J12),""),IF(AND(YEAR($A12)=2012,YEAR($A13)=2013),SUM($J$12:$J12,$J13*(Y$8-$A12)/($A13-$A12)),"")))
A12: 40142 | B12: 起租日 | E12: 0 | F12: =C$5-C$6+E$9+C9 -> 53000000 | G12: =-C5+C7+G7*35% -> -45686000 | I12: =IF(A13="","",F12-$C$7) -> 47170000 | L12: =IF(L11=0,0,L10/L11) -> 0 | N12: =IF(N11=0,0,N10/N11) -> 0 | O12: =IF($A13="","",IF($A14="",IF(YEAR($A13)=2002,SUM($D$12:$D13),""),IF(AND(YEAR($A13)=2002,YEAR($A14)=2003),SUM($D$12:$D13,$D14*(O$8-$A13)/($A14-$A13)),""))) | P12: =IF($A13="","",IF($A14="",IF(YEAR($A13)=2003,SUM($D$12:$D13),""),IF(AND(YEAR($A13)=2003,YEAR($A14)=2004),SUM($D$12:$D13,$D14*(P$8-$A13)/($A14-$A13)),""))) | Q12: =IF(A13="","",IF(A14="",IF(YEAR(A13)=2004,SUM(D$12:D13),""),IF(AND(YEAR(A13)=2004,YEAR(A14)=2005),SUM(D$12:D13,D14*(Q$8-A13)/(A14-A13)),""))) | R12: =IF(A13="","",IF(A14="",IF(YEAR(A13)=2005,SUM(D$12:D13),""),IF(AND(YEAR(A13)=2005,YEAR(A14)=2006),SUM(D$12:D13,D14*(R$8-A13)/(A14-A13)),""))) | S12: =IF(A13="","",IF(A14="",IF(YEAR(A13)=2006,SUM(D$12:D13),""),IF(AND(YEAR(A13)=2006,YEAR(A14)=2007),SUM(D$12:D13,D14*(S$8-A13)/(A14-A13)),""))) | T12: =IF(A13="","",IF(A14="",IF(YEAR(A13)=2007,SUM(D$12:D13),""),IF(AND(YEAR(A13)=2007,YEAR(A14)=2008),SUM(D$12:D13,D14*(T$8-A13)/(A14-A13)),""))) | U12: =IF(A13="","",IF(A14="",IF(YEAR(A13)=2008,SUM(D$12:D13),""),IF(AND(YEAR(A13)=2008,YEAR(A14)=2009),SUM(D$12:D13,D14*(U$8-A13)/(A14-A13)),""))) | V12: =IF(A13="","",IF(A14="",IF(YEAR(A13)=2009,SUM(D$12:D13),""),IF(AND(YEAR(A13)=2009,YEAR(A14)=2010),SUM(D$12:D13,D14*(V$8-A13)/(A14-A13)),""))) | W12: =IF(A13="","",IF(A14="",IF(YEAR(A13)=2010,SUM(D$12:D13),""),IF(AND(YEAR(A13)=2010,YEAR(A14)=2011),SUM(D$12:D13,D14*(W$8-A13)/(A14-A13)),""))) | X12: =IF(A13="","",IF(A14="",IF(YEAR(A13)=2011,SUM(D$12:D13),""),IF(AND(YEAR(A13)=2011,YEAR(A14)=2012),SUM(D$12:D13,D14*(X$8-A13)/(A14-A13)),""))) | Y12: =IF(A13="","",IF(A14="",IF(YEAR(A13)=2012,SUM(D$12:D13),""),IF(AND(YEAR(A13)=2012,YEAR(A14)=2013),SUM(D$12:D13,D14*(Y$8-A13)/(A14-A13)),""))) | Z12: =IF($A13="","",IF($A14="",IF(YEAR($A13)=2002,SUM($J$12:$J13),""),IF(AND(YEAR($A13)=2002,YEAR($A14)=2003),SUM($J$12:$J13,$J14*(O$8-$A13)/($A14-$A13)),""))) | AA12: =IF($A13="","",IF($A14="",IF(YEAR($A13)=2003,SUM($J$12:$J13),""),IF(AND(YEAR($A13)=2003,YEAR($A14)=2004),SUM($J$12:$J13,$J14*(P$8-$A13)/($A14-$A13)),""))) | AB12: =IF($A13="","",IF($A14="",IF(YEAR($A13)=2004,SUM($J$12:$J13),""),IF(AND(YEAR($A13)=2004,YEAR($A14)=2005),SUM($J$12:$J13,$J14*(Q$8-$A13)/($A14-$A13)),""))) | AC12: =IF($A13="","",IF($A14="",IF(YEAR($A13)=2005,SUM($J$12:$J13),""),IF(AND(YEAR($A13)=2005,YEAR($A14)=2006),SUM($J$12:$J13,$J14*(R$8-$A13)/($A14-$A13)),""))) | AD12: =IF($A13="","",IF($A14="",IF(YEAR($A13)=2006,SUM($J$12:$J13),""),IF(AND(YEAR($A13)=2006,YEAR($A14)=2007),SUM($J$12:$J13,$J14*(S$8-$A13)/($A14-$A13)),""))) | AE12: =IF($A13="","",IF($A14="",IF(YEAR($A13)=2007,SUM($J$12:$J13),""),IF(AND(YEAR($A13)=2007,YEAR($A14)=2008),SUM($J$12:$J13,$J14*(T$8-$A13)/($A14-$A13)),""))) | AF12: =IF($A13="","",IF($A14="",IF(YEAR($A13)=2008,SUM($J$12:$J13),""),IF(AND(YEAR($A13)=2008,YEAR($A14)=2009),SUM($J$12:$J13,$J14*(U$8-$A13)/($A14-$A13)),""))) | AG12: =IF($A13="","",IF($A14="",IF(YEAR($A13)=2009,SUM($J$12:$J13),""),IF(AND(YEAR($A13)=2009,YEAR($A14)=2010),SUM($J$12:$J13,$J14*(V$8-$A13)/($A14-$A13)),""))) | AH12: =IF($A13="","",IF($A14="",IF(YEAR($A13)=2010,SUM($J$12:$J13),""),IF(AND(YEAR($A13)=2010,YEAR($A14)=2011),SUM($J$12:$J13,$J14*(W$8-$A13)/($A14-$A13)),""))) | AI12: =IF($A13="","",IF($A14="",IF(YEAR($A13)=2011,SUM($J$12:$J13),""),IF(AND(YEAR($A13)=2011,YEAR($A14)=2012),SUM($J$12:$J13,$J14*(X$8-$A13)/($A14-$A13)),""))) | AJ12: =IF($A13="","",IF($A14="",IF(YEAR($A13)=2012,SUM($J$12:$J13),""),IF(AND(YEAR($A13)=2012,YEAR($A14)=2013),SUM($J$12:$J13,$J14*(Y$8-$A13)/($A14-$A13)),"")))
A13: =IF(B13<=($E$5*$E$7),DATE(YEAR(A12),MONTH(A12)+12/$E$7,DAY(A12)),"") -> 40323 | B13: =1 -> 1 | C13: =D13+E13 -> 4823000 | D13: =IF(B13=" "," ",ROUND(F12*E$6/E$7,2)) -> 1643000 | E13: =C5*6% -> 3180000 | F13: =IF(B13=" "," ",F12-E13) -> 49820000 | G13: =IF(B14=" ",IF(E$5*E$7=B13,C13-C$7+C$8+G$10," "),C13)+G7*25% -> 5883000 | H13: =IF(B14=" ",IF(E$5*E$7=1,IRR(G$12:G13,0.01)," ")," ") | I13: =IF(A14="","",F13-C$7) -> 43990000 | J13: =IF(I12="","",I12*(A13-A12)/365) -> 23391151 | K13: 2005年收入 | L13: =IF((SUM(R11:R133)-L10-L7-L4)<0,0,(SUM(R11:R133)/10000-L10-L7-L4)) -> 0 | M13: 2005年后收入 | N13: =IF(L13=0,0,L13+L16+L19+L22+L25+L28+L31+L34) -> 0 | O13: =IF($A14="","",IF($A15="",IF(YEAR($A14)=2002,SUM($D$12:$D14),""),IF(AND(YEAR($A14)=2002,YEAR($A15)=2003),SUM($D$12:$D14,$D15*(O$8-$A14)/($A15-$A14)),""))) | P13: =IF($A14="","",IF($A15="",IF(YEAR($A14)=2003,SUM($D$12:$D14),""),IF(AND(YEAR($A14)=2003,YEAR($A15)=2004),SUM($D$12:$D14,$D15*(P$8-$A14)/($A15-$A14)),""))) | Q13: =IF(A14="","",IF(A15="",IF(YEAR(A14)=2004,SUM(D$12:D14),""),IF(AND(YEAR(A14)=2004,YEAR(A15)=2005),SUM(D$12:D14,D15*(Q$8-A14)/(A15-A14)),""))) | R13: =IF(A14="","",IF(A15="",IF(YEAR(A14)=2005,SUM(D$12:D14),""),IF(AND(YEAR(A14)=2005,YEAR(A15)=2006),SUM(D$12:D14,D15*(R$8-A14)/(A15-A14)),""))) | S13: =IF(A14="","",IF(A15="",IF(YEAR(A14)=2006,SUM(D$12:D14),""),IF(AND(YEAR(A14)=2006,YEAR(A15)=2007),SUM(D$12:D14,D15*(S$8-A14)/(A15-A14)),""))) | T13: =IF(A14="","",IF(A15="",IF(YEAR(A14)=2007,SUM(D$12:D14),""),IF(AND(YEAR(A14)=2007,YEAR(A15)=2008),SUM(D$12:D14,D15*(T$8-A14)/(A15-A14)),""))) | U13: =IF(A14="","",IF(A15="",IF(YEAR(A14)=2008,SUM(D$12:D14),""),IF(AND(YEAR(A14)=2008,YEAR(A15)=2009),SUM(D$12:D14,D15*(U$8-A14)/(A15-A14)),""))) | V13: =IF(A14="","",IF(A15="",IF(YEAR(A14)=2009,SUM(D$12:D14),""),IF(AND(YEAR(A14)=2009,YEAR(A15)=2010),SUM(D$12:D14,D15*(V$8-A14)/(A15-A14)),""))) | W13: =IF(A14="","",IF(A15="",IF(YEAR(A14)=2010,SUM(D$12:D14),""),IF(AND(YEAR(A14)=2010,YEAR(A15)=2011),SUM(D$12:D14,D15*(W$8-A14)/(A15-A14)),""))) -> 3461919 | X13: =IF(A14="","",IF(A15="",IF(YEAR(A14)=2011,SUM(D$12:D14),""),IF(AND(YEAR(A14)=2011,YEAR(A15)=2012),SUM(D$12:D14,D15*(X$8-A14)/(A15-A14)),""))) | Y13: =IF(A14="","",IF(A15="",IF(YEAR(A14)=2012,SUM(D$12:D14),""),IF(AND(YEAR(A14)=2012,YEAR(A15)=2013),SUM(D$12:D14,D15*(Y$8-A14)/(A15-A14)),""))) | Z13: =IF($A14="","",IF($A15="",IF(YEAR($A14)=2002,SUM($J$12:$J14),""),IF(AND(YEAR($A14)=2002,YEAR($A15)=2003),SUM($J$12:$J14,$J15*(O$8-$A14)/($A15-$A14)),""))) | AA13: =IF($A14="","",IF($A15="",IF(YEAR($A14)=2003,SUM($J$12:$J14),""),IF(AND(YEAR($A14)=2003,YEAR($A15)=2004),SUM($J$12:$J14,$J15*(P$8-$A14)/($A15-$A14)),""))) | AB13: =IF($A14="","",IF($A15="",IF(YEAR($A14)=2004,SUM($J$12:$J14),""),IF(AND(YEAR($A14)=2004,YEAR($A15)=2005),SUM($J$12:$J14,$J15*(Q$8-$A14)/($A15-$A14)),""))) | AC13: =IF($A14="","",IF($A15="",IF(YEAR($A14)=2005,SUM($J$12:$J14),""),IF(AND(YEAR($A14)=2005,YEAR($A15)=2006),SUM($J$12:$J14,$J15*(R$8-$A14)/($A15-$A14)),""))) | AD13: =IF($A14="","",IF($A15="",IF(YEAR($A14)=2006,SUM($J$12:$J14),""),IF(AND(YEAR($A14)=2006,YEAR($A15)=2007),SUM($J$12:$J14,$J15*(S$8-$A14)/($A15-$A14)),""))) | AE13: =IF($A14="","",IF($A15="",IF(YEAR($A14)=2007,SUM($J$12:$J14),""),IF(AND(YEAR($A14)=2007,YEAR($A15)=2008),SUM($J$12:$J14,$J15*(T$8-$A14)/($A15-$A14)),""))) | AF13: =IF($A14="","",IF($A15="",IF(YEAR($A14)=2008,SUM($J$12:$J14),""),IF(AND(YEAR($A14)=2008,YEAR($A15)=2009),SUM($J$12:$J14,$J15*(U$8-$A14)/($A15-$A14)),""))) | AG13: =IF($A14="","",IF($A15="",IF(YEAR($A14)=2009,SUM($J$12:$J14),""),IF(AND(YEAR($A14)=2009,YEAR($A15)=2010),SUM($J$12:$J14,$J15*(V$8-$A14)/($A15-$A14)),""))) | AH13: =IF($A14="","",IF($A15="",IF(YEAR($A14)=2010,SUM($J$12:$J14),""),IF(AND(YEAR($A14)=2010,YEAR($A15)=2011),SUM($J$12:$J14,$J15*(W$8-$A14)/($A15-$A14)),""))) -> 49382932 | AI13: =IF($A14="","",IF($A15="",IF(YEAR($A14)=2011,SUM($J$12:$J14),""),IF(AND(YEAR($A14)=2011,YEAR($A15)=2012),SUM($J$12:$J14,$J15*(X$8-$A14)/($A15-$A14)),""))) | AJ13: =IF($A14="","",IF($A15="",IF(YEAR($A14)=2012,SUM($J$12:$J14),""),IF(AND(YEAR($A14)=2012,YEAR($A15)=2013),SUM($J$12:$J14,$J15*(Y$8-$A14)/($A15-$A14)),"")))
A14: =IF(B14<=($E$5*$E$7),DATE(YEAR(A13),MONTH(A13)+12/$E$7,DAY(A13)),"") -> 40507 | B14: =IF($E$5*$E$7<2," ",2) -> 2 | C14: =IF(B14=" "," ",D14+E14) -> 6844420 | D14: =IF(B14=" "," ",ROUND(F13*E$6/E$7,2)) -> 1544420 | E14: =C5*10% -> 5300000 | F14: =IF(B14=" "," ",F13-E14) -> 44520000 | G14: =IF(B14=" "," ",IF(B15=" ",IF(E$5*E$7=B14,C14-C$7+C$8+G$10," "),C14))+G7*40% -> 8540420 | H14: =IF(B14=" "," ",IF(B15=" ",IF(E$5*E$7=2,IRR(G$12:G14,0.01)," ")," ")) | I14: =IF(A15="","",F14-C$7) -> 38690000 | J14: =IF(I13="","",I13*(A14-A13)/365) -> 22175781 | K14: 2005年占用 | L14: =IF((SUM(AC11:AC133)-L11-L8-L5)<0,0,SUM(AC11:AC133)/10000-L11-L8-L5) -> 0 | M14: 2005年后占用 | N14: =IF(L14=0,0,L14+L17+L20+L23+L26+L29+L32+L35) -> 0 | O14: =IF($A15="","",IF($A16="",IF(YEAR($A15)=2002,SUM($D$12:$D15),""),IF(AND(YEAR($A15)=2002,YEAR($A16)=2003),SUM($D$12:$D15,$D16*(O$8-$A15)/($A16-$A15)),""))) | P14: =IF($A15="","",IF($A16="",IF(YEAR($A15)=2003,SUM($D$12:$D15),""),IF(AND(YEAR($A15)=2003,YEAR($A16)=2004),SUM($D$12:$D15,$D16*(P$8-$A15)/($A16-$A15)),""))) | Q14: =IF(A15="","",IF(A16="",IF(YEAR(A15)=2004,SUM(D$12:D15),""),IF(AND(YEAR(A15)=2004,YEAR(A16)=2005),SUM(D$12:D15,D16*(Q$8-A15)/(A16-A15)),""))) | R14: =IF(A15="","",IF(A16="",IF(YEAR(A15)=2005,SUM(D$12:D15),""),IF(AND(YEAR(A15)=2005,YEAR(A16)=2006),SUM(D$12:D15,D16*(R$8-A15)/(A16-A15)),""))) | S14: =IF(A15="","",IF(A16="",IF(YEAR(A15)=2006,SUM(D$12:D15),""),IF(AND(YEAR(A15)=2006,YEAR(A16)=2007),SUM(D$12:D15,D16*(S$8-A15)/(A16-A15)),""))) | T14: =IF(A15="","",IF(A16="",IF(YEAR(A15)=2007,SUM(D$12:D15),""),IF(AND(YEAR(A15)=2007,YEAR(A16)=2008),SUM(D$12:D15,D16*(T$8-A15)/(A16-A15)),""))) | U14: =IF(A15="","",IF(A16="",IF(YEAR(A15)=2008,SUM(D$12:D15),""),IF(AND(YEAR(A15)=2008,YEAR(A16)=2009),SUM(D$12:D15,D16*(U$8-A15)/(A16-A15)),""))) | V14: =IF(A15="","",IF(A16="",IF(YEAR(A15)=2009,SUM(D$12:D15),""),IF(AND(YEAR(A15)=2009,YEAR(A16)=2010),SUM(D$12:D15,D16*(V$8-A15)/(A16-A15)),""))) | W14: =IF(A15="","",IF(A16="",IF(YEAR(A15)=2010,SUM(D$12:D15),""),IF(AND(YEAR(A15)=2010,YEAR(A16)=2011),SUM(D$12:D15,D16*(W$8-A15)/(A16-A15)),""))) | X14: =IF(A15="","",IF(A16="",IF(YEAR(A15)=2011,SUM(D$12:D15),""),IF(AND(YEAR(A15)=2011,YEAR(A16)=2012),SUM(D$12:D15,D16*(X$8-A15)/(A16-A15)),""))) | Y14: =IF(A15="","",IF(A16="",IF(YEAR(A15)=2012,SUM(D$12:D15),""),IF(AND(YEAR(A15)=2012,YEAR(A16)=2013),SUM(D$12:D15,D16*(Y$8-A15)/(A16-A15)),""))) | Z14: =IF($A15="","",IF($A16="",IF(YEAR($A15)=2002,SUM($J$12:$J15),""),IF(AND(YEAR($A15)=2002,YEAR($A16)=2003),SUM($J$12:$J15,$J16*(O$8-$A15)/($A16-$A15)),""))) | AA14: =IF($A15="","",IF($A16="",IF(YEAR($A15)=2003,SUM($J$12:$J15),""),IF(AND(YEAR($A15)=2003,YEAR($A16)=2004),SUM($J$12:$J15,$J16*(P$8-$A15)/($A16-$A15)),""))) | AB14: =IF($A15="","",IF($A16="",IF(YEAR($A15)=2004,SUM($J$12:$J15),""),IF(AND(YEAR($A15)=2004,YEAR($A16)=2005),SUM($J$12:$J15,$J16*(Q$8-$A15)/($A16-$A15)),""))) | AC14: =IF($A15="","",IF($A16="",IF(YEAR($A15)=2005,SUM($J$12:$J15),""),IF(AND(YEAR($A15)=2005,YEAR($A16)=2006),SUM($J$12:$J15,$J16*(R$8-$A15)/($A16-$A15)),""))) | AD14: =IF($A15="","",IF($A16="",IF(YEAR($A15)=2006,SUM($J$12:$J15),""),IF(AND(YEAR($A15)=2006,YEAR($A16)=2007),SUM($J$12:$J15,$J16*(S$8-$A15)/($A16-$A15)),""))) | AE14: =IF($A15="","",IF($A16="",IF(YEAR($A15)=2007,SUM($J$12:$J15),""),IF(AND(YEAR($A15)=2007,YEAR($A16)=2008),SUM($J$12:$J15,$J16*(T$8-$A15)/($A16-$A15)),""))) | AF14: =IF($A15="","",IF($A16="",IF(YEAR($A15)=2008,SUM($J$12:$J15),""),IF(AND(YEAR($A15)=2008,YEAR($A16)=2009),SUM($J$12:$J15,$J16*(U$8-$A15)/($A16-$A15)),""))) | AG14: =IF($A15="","",IF($A16="",IF(YEAR($A15)=2009,SUM($J$12:$J15),""),IF(AND(YEAR($A15)=2009,YEAR($A16)=2010),SUM($J$12:$J15,$J16*(V$8-$A15)/($A16-$A15)),""))) | AH14: =IF($A15="","",IF($A16="",IF(YEAR($A15)=2010,SUM($J$12:$J15),""),IF(AND(YEAR($A15)=2010,YEAR($A16)=2011),SUM($J$12:$J15,$J16*(W$8-$A15)/($A16-$A15)),""))) | AI14: =IF($A15="","",IF($A16="",IF(YEAR($A15)=2011,SUM($J$12:$J15),""),IF(AND(YEAR($A15)=2011,YEAR($A16)=2012),SUM($J$12:$J15,$J16*(X$8-$A15)/($A16-$A15)),""))) | AJ14: =IF($A15="","",IF($A16="",IF(YEAR($A15)=2012,SUM($J$12:$J15),""),IF(AND(YEAR($A15)=2012,YEAR($A16)=2013),SUM($J$12:$J15,$J16*(Y$8-$A15)/($A16-$A15)),"")))
A15: =IF(B15<=($E$5*$E$7),DATE(YEAR(A14),MONTH(A14)+12/$E$7,DAY(A14)),"") -> 40688 | B15: =IF($E$5*$E$7<3," ",3) -> 3 | C15: =IF(AND(B13=" ",B14=" ",B15=" ")," ",IF(B14=" ",SUM(C$13:C13),IF(B15=" "," ",D15+E15))) -> 5090120 | D15: =IF(AND(B13=" ",B14=" ",B15=" ")," ",IF(B14=" ",SUM(D$13:D13),IF(B15=" "," ",ROUND(F14*E$6/E$7,2)))) -> 1380120 | E15: =C5*7% -> 3710000 | F15: =IF(AND(B13=" ",B14=" ",B15=" ")," ",IF(B14=" ",SUM(F$12:F12),IF(B15=" "," ",F14-E15))) -> 40810000 | G15: =IF(AND(B13=" ",B14=" ",B15=" ")," ",IF(B14=" ",SUM(G$12:G13),IF(B16=" ",IF(E$5*E$7=B15,C15-C$7+C$8+G$10," "),C15))) -> 5090120 | H15: =IF(AND(B13=" ",B14=" ",B15=" ")," ",IF(B14=" ",SUM(H$13:H13)*E$7,IF(B15=" "," ",IF(B16=" ",IF(E$5*E$7=B15,IRR(G$12:G15,0.01)," ")," ")))) | I15: =IF(A16="","",F15-C$7) -> 34980000 | J15: =IF(I14="","",I14*(A15-A14)/365) -> 19186000 | L15: =IF(L14=0,0,L13/L14) -> 0 | N15: =IF(N14=0,0,N13/N14) -> 0 | O15: =IF($A16="","",IF($A17="",IF(YEAR($A16)=2002,SUM($D$12:$D16),""),IF(AND(YEAR($A16)=2002,YEAR($A17)=2003),SUM($D$12:$D16,$D17*(O$8-$A16)/($A17-$A16)),""))) | P15: =IF($A16="","",IF($A17="",IF(YEAR($A16)=2003,SUM($D$12:$D16),""),IF(AND(YEAR($A16)=2003,YEAR($A17)=2004),SUM($D$12:$D16,$D17*(P$8-$A16)/($A17-$A16)),""))) | Q15: =IF(A16="","",IF(A17="",IF(YEAR(A16)=2004,SUM(D$12:D16),""),IF(AND(YEAR(A16)=2004,YEAR(A17)=2005),SUM(D$12:D16,D17*(Q$8-A16)/(A17-A16)),""))) | R15: =IF(A16="","",IF(A17="",IF(YEAR(A16)=2005,SUM(D$12:D16),""),IF(AND(YEAR(A16)=2005,YEAR(A17)=2006),SUM(D$12:D16,D17*(R$8-A16)/(A17-A16)),""))) | S15: =IF(A16="","",IF(A17="",IF(YEAR(A16)=2006,SUM(D$12:D16),""),IF(AND(YEAR(A16)=2006,YEAR(A17)=2007),SUM(D$12:D16,D17*(S$8-A16)/(A17-A16)),""))) | T15: =IF(A16="","",IF(A17="",IF(YEAR(A16)=2007,SUM(D$12:D16),""),IF(AND(YEAR(A16)=2007,YEAR(A17)=2008),SUM(D$12:D16,D17*(T$8-A16)/(A17-A16)),""))) | U15: =IF(A16="","",IF(A17="",IF(YEAR(A16)=2008,SUM(D$12:D16),""),IF(AND(YEAR(A16)=2008,YEAR(A17)=2009),SUM(D$12:D16,D17*(U$8-A16)/(A17-A16)),""))) | V15: =IF(A16="","",IF(A17="",IF(YEAR(A16)=2009,SUM(D$12:D16),""),IF(AND(YEAR(A16)=2009,YEAR(A17)=2010),SUM(D$12:D16,D17*(V$8-A16)/(A17-A16)),""))) | W15: =IF(A16="","",IF(A17="",IF(YEAR(A16)=2010,SUM(D$12:D16),""),IF(AND(YEAR(A16)=2010,YEAR(A17)=2011),SUM(D$12:D16,D17*(W$8-A16)/(A17-A16)),""))) | X15: =IF(A16="","",IF(A17="",IF(YEAR(A16)=2011,SUM(D$12:D16),""),IF(AND(YEAR(A16)=2011,YEAR(A17)=2012),SUM(D$12:D16,D17*(X$8-A16)/(A17-A16)),""))) -> 6037393.1 | Y15: =IF(A16="","",IF(A17="",IF(YEAR(A16)=2012,SUM(D$12:D16),""),IF(AND(YEAR(A16)=2012,YEAR(A17)=2013),SUM(D$12:D16,D17*(Y$8-A16)/(A17-A16)),""))) | Z15: =IF($A16="","",IF($A17="",IF(YEAR($A16)=2002,SUM($J$12:$J16),""),IF(AND(YEAR($A16)=2002,YEAR($A17)=2003),SUM($J$12:$J16,$J17*(O$8-$A16)/($A17-$A16)),""))) | AA15: =IF($A16="","",IF($A17="",IF(YEAR($A16)=2003,SUM($J$12:$J16),""),IF(AND(YEAR($A16)=2003,YEAR($A17)=2004),SUM($J$12:$J16,$J17*(P$8-$A16)/($A17-$A16)),""))) | AB15: =IF($A16="","",IF($A17="",IF(YEAR($A16)=2004,SUM($J$12:$J16),""),IF(AND(YEAR($A16)=2004,YEAR($A17)=2005),SUM($J$12:$J16,$J17*(Q$8-$A16)/($A17-$A16)),""))) | AC15: =IF($A16="","",IF($A17="",IF(YEAR($A16)=2005,SUM($J$12:$J16),""),IF(AND(YEAR($A16)=2005,YEAR($A17)=2006),SUM($J$12:$J16,$J17*(R$8-$A16)/($A17-$A16)),""))) | AD15: =IF($A16="","",IF($A17="",IF(YEAR($A16)=2006,SUM($J$12:$J16),""),IF(AND(YEAR($A16)=2006,YEAR($A17)=2007),SUM($J$12:$J16,$J17*(S$8-$A16)/($A17-$A16)),""))) | AE15: =IF($A16="","",IF($A17="",IF(YEAR($A16)=2007,SUM($J$12:$J16),""),IF(AND(YEAR($A16)=2007,YEAR($A17)=2008),SUM($J$12:$J16,$J17*(T$8-$A16)/($A17-$A16)),""))) | AF15: =IF($A16="","",IF($A17="",IF(YEAR($A16)=2008,SUM($J$12:$J16),""),IF(AND(YEAR($A16)=2008,YEAR($A17)=2009),SUM($J$12:$J16,$J17*(U$8-$A16)/($A17-$A16)),""))) | AG15: =IF($A16="","",IF($A17="",IF(YEAR($A16)=2009,SUM($J$12:$J16),""),IF(AND(YEAR($A16)=2009,YEAR($A17)=2010),SUM($J$12:$J16,$J17*(V$8-$A16)/($A17-$A16)),""))) | AH15: =IF($A16="","",IF($A17="",IF(YEAR($A16)=2010,SUM($J$12:$J16),""),IF(AND(YEAR($A16)=2010,YEAR($A17)=2011),SUM($J$12:$J16,$J17*(W$8-$A16)/($A17-$A16)),""))) | AI15: =IF($A16="","",IF($A17="",IF(YEAR($A16)=2011,SUM($J$12:$J16),""),IF(AND(YEAR($A16)=2011,YEAR($A17)=2012),SUM($J$12:$J16,$J17*(X$8-$A16)/($A17-$A16)),""))) -> 85104932 | AJ15: =IF($A16="","",IF($A17="",IF(YEAR($A16)=2012,SUM($J$12:$J16),""),IF(AND(YEAR($A16)=2012,YEAR($A17)=2013),SUM($J$12:$J16,$J17*(Y$8-$A16)/($A17-$A16)),"")))
A16: =IF(B16<=($E$5*$E$7),DATE(YEAR(A15),MONTH(A15)+12/$E$7,DAY(A15)),"") -> 40872 | B16: =IF($E$5*$E$7<4," ",4) -> 4 | C16: =IF(AND(B14=" ",B15=" ",B16=" ")," ",IF(B15=" ",SUM(C$13:C14),IF(B16=" "," ",D16+E16))) -> 8685110 | D16: =IF(AND(B14=" ",B15=" ",B16=" ")," ",IF(B15=" ",SUM(D$13:D14),IF(B16=" "," ",ROUND(F15*E$6/E$7,2)))) -> 1265110 | E16: =C5*14% -> 7420000 | F16: =IF(AND(B14=" ",B15=" ",B16=" ")," ",IF(B15=" ",SUM(F$12:F13),IF(B16=" "," ",F15-E16))) -> 33390000 | G16: =IF(AND(B14=" ",B15=" ",B16=" ")," ",IF(B15=" ",SUM(G$12:G14),IF(B17=" ",IF(E$5*E$7=B16,C16-C$7+C$8+G$10," "),C16))) -> 8685110 | H16: =IF(AND(B14=" ",B15=" ",B16=" ")," ",IF(B15=" ",SUM(H$13:H14)*E$7,IF(B16=" "," ",IF(B17=" ",IF(E$5*E$7=B16,IRR(G$12:G16,0.01)," ")," ")))) | I16: =IF(A17="","",F16-C$7) -> 27560000 | J16: =IF(I15="","",I15*(A16-A15)/365) -> 17633753 | K16: 2006年收入 | L16: =IF((SUM(S11:S133)-L13-L10-L7-L4)<0,0,SUM(S11:S133)/10000-L13-L10-L7-L4) -> 0 | M16: 2006年后收入 | N16: =IF(L16=0,0,L16+L19+L22+L25+L28+L31+L34) -> 0 | O16: =IF($A17="","",IF($A18="",IF(YEAR($A17)=2002,SUM($D$12:$D17),""),IF(AND(YEAR($A17)=2002,YEAR($A18)=2003),SUM($D$12:$D17,$D18*(O$8-$A17)/($A18-$A17)),""))) | P16: =IF($A17="","",IF($A18="",IF(YEAR($A17)=2003,SUM($D$12:$D17),""),IF(AND(YEAR($A17)=2003,YEAR($A18)=2004),SUM($D$12:$D17,$D18*(P$8-$A17)/($A18-$A17)),""))) | Q16: =IF(A17="","",IF(A18="",IF(YEAR(A17)=2004,SUM(D$12:D17),""),IF(AND(YEAR(A17)=2004,YEAR(A18)=2005),SUM(D$12:D17,D18*(Q$8-A17)/(A18-A17)),""))) | R16: =IF(A17="","",IF(A18="",IF(YEAR(A17)=2005,SUM(D$12:D17),""),IF(AND(YEAR(A17)=2005,YEAR(A18)=2006),SUM(D$12:D17,D18*(R$8-A17)/(A18-A17)),""))) | S16: =IF(A17="","",IF(A18="",IF(YEAR(A17)=2006,SUM(D$12:D17),""),IF(AND(YEAR(A17)=2006,YEAR(A18)=2007),SUM(D$12:D17,D18*(S$8-A17)/(A18-A17)),""))) | T16: =IF(A17="","",IF(A18="",IF(YEAR(A17)=2007,SUM(D$12:D17),""),IF(AND(YEAR(A17)=2007,YEAR(A18)=2008),SUM(D$12:D17,D18*(T$8-A17)/(A18-A17)),""))) | U16: =IF(A17="","",IF(A18="",IF(YEAR(A17)=2008,SUM(D$12:D17),""),IF(AND(YEAR(A17)=2008,YEAR(A18)=2009),SUM(D$12:D17,D18*(U$8-A17)/(A18-A17)),""))) | V16: =IF(A17="","",IF(A18="",IF(YEAR(A17)=2009,SUM(D$12:D17),""),IF(AND(YEAR(A17)=2009,YEAR(A18)=2010),SUM(D$12:D17,D18*(V$8-A17)/(A18-A17)),""))) | W16: =IF(A17="","",IF(A18="",IF(YEAR(A17)=2010,SUM(D$12:D17),""),IF(AND(YEAR(A17)=2010,YEAR(A18)=2011),SUM(D$12:D17,D18*(W$8-A17)/(A18-A17)),""))) | X16: =IF(A17="","",IF(A18="",IF(YEAR(A17)=2011,SUM(D$12:D17),""),IF(AND(YEAR(A17)=2011,YEAR(A18)=2012),SUM(D$12:D17,D18*(X$8-A17)/(A18-A17)),""))) | Y16: =IF(A17="","",IF(A18="",IF(YEAR(A17)=2012,SUM(D$12:D17),""),IF(AND(YEAR(A17)=2012,YEAR(A18)=2013),SUM(D$12:D17,D18*(Y$8-A17)/(A18-A17)),""))) | Z16: =IF($A17="","",IF($A18="",IF(YEAR($A17)=2002,SUM($J$12:$J17),""),IF(AND(YEAR($A17)=2002,YEAR($A18)=2003),SUM($J$12:$J17,$J18*(O$8-$A17)/($A18-$A17)),""))) | AA16: =IF($A17="","",IF($A18="",IF(YEAR($A17)=2003,SUM($J$12:$J17),""),IF(AND(YEAR($A17)=2003,YEAR($A18)=2004),SUM($J$12:$J17,$J18*(P$8-$A17)/($A18-$A17)),""))) | AB16: =IF($A17="","",IF($A18="",IF(YEAR($A17)=2004,SUM($J$12:$J17),""),IF(AND(YEAR($A17)=2004,YEAR($A18)=2005),SUM($J$12:$J17,$J18*(Q$8-$A17)/($A18-$A17)),""))) | AC16: =IF($A17="","",IF($A18="",IF(YEAR($A17)=2005,SUM($J$12:$J17),""),IF(AND(YEAR($A17)=2005,YEAR($A18)=2006),SUM($J$12:$J17,$J18*(R$8-$A17)/($A18-$A17)),""))) | AD16: =IF($A17="","",IF($A18="",IF(YEAR($A17)=2006,SUM($J$12:$J17),""),IF(AND(YEAR($A17)=2006,YEAR($A18)=2007),SUM($J$12:$J17,$J18*(S$8-$A17)/($A18-$A17)),""))) | AE16: =IF($A17="","",IF($A18="",IF(YEAR($A17)=2007,SUM($J$12:$J17),""),IF(AND(YEAR($A17)=2007,YEAR($A18)=2008),SUM($J$12:$J17,$J18*(T$8-$A17)/($A18-$A17)),""))) | AF16: =IF($A17="","",IF($A18="",IF(YEAR($A17)=2008,SUM($J$12:$J17),""),IF(AND(YEAR($A17)=2008,YEAR($A18)=2009),SUM($J$12:$J17,$J18*(U$8-$A17)/($A18-$A17)),""))) | AG16: =IF($A17="","",IF($A18="",IF(YEAR($A17)=2009,SUM($J$12:$J17),""),IF(AND(YEAR($A17)=2009,YEAR($A18)=2010),SUM($J$12:$J17,$J18*(V$8-$A17)/($A18-$A17)),""))) | AH16: =IF($A17="","",IF($A18="",IF(YEAR($A17)=2010,SUM($J$12:$J17),""),IF(AND(YEAR($A17)=2010,YEAR($A18)=2011),SUM($J$12:$J17,$J18*(W$8-$A17)/($A18-$A17)),""))) | AI16: =IF($A17="","",IF($A18="",IF(YEAR($A17)=2011,SUM($J$12:$J17),""),IF(AND(YEAR($A17)=2011,YEAR($A18)=2012),SUM($J$12:$J17,$J18*(X$8-$A17)/($A18-$A17)),""))) | AJ16: =IF($A17="","",IF($A18="",IF(YEAR($A17)=2012,SUM($J$12:$J17),""),IF(AND(YEAR($A17)=2012,YEAR($A18)=2013),SUM($J$12:$J17,$J18*(Y$8-$A17)/($A18-$A17)),"")))
A17: =IF(B17<=($E$5*$E$7),DATE(YEAR(A16),MONTH(A16)+12/$E$7,DAY(A16)),"") -> 41054 | B17: =IF($E$5*$E$7<5," ",5) -> 5 | C17: =IF(AND(B15=" ",B16=" ",B17=" ")," ",IF(B16=" ",SUM(C$13:C15),IF(B17=" "," ",D17+E17))) -> 5275090 | D17: =IF(AND(B15=" ",B16=" ",B17=" ")," ",IF(B16=" ",SUM(D$13:D15),IF(B17=" "," ",ROUND(F16*E$6/E$7,2)))) -> 1035090 | E17: =C5*8% -> 4240000 | F17: =IF(AND(B15=" ",B16=" ",B17=" ")," ",IF(B16=" ",SUM(F$12:F14),IF(B17=" "," ",F16-E17))) -> 29150000 | G17: =IF(AND(B15=" ",B16=" ",B17=" ")," ",IF(B16=" ",SUM(G$12:G15),IF(B18=" ",IF(E$5*E$7=B17,C17-C$7+C$8+G$10," "),C17))) -> 5275090 | H17: =IF(AND(B15=" ",B16=" ",B17=" ")," ",IF(B16=" ",SUM(H$13:H15)*E$7,IF(B17=" "," ",IF(B18=" ",IF(E$5*E$7=B17,IRR(G$12:G17,0.01)," ")," ")))) | I17: =IF(A18="","",F17-C$7) -> 23320000 | J17: =IF(I16="","",I16*(A17-A16)/365) -> 13742247 | K17: 2006年占用 | L17: =IF((SUM(AD11:AD133)-L14-L11-L8-L5)<0,0,SUM(AD11:AD133)/10000-L14-L11-L8-L5) -> 0 | M17: 2006年后占用 | N17: =IF(L17=0,0,L17+L20+L23+L26+L29+L32+L35) -> 0 | O17: =IF($A18="","",IF($A19="",IF(YEAR($A18)=2002,SUM($D$12:$D18),""),IF(AND(YEAR($A18)=2002,YEAR($A19)=2003),SUM($D$12:$D18,$D19*(O$8-$A18)/($A19-$A18)),""))) | P17: =IF($A18="","",IF($A19="",IF(YEAR($A18)=2003,SUM($D$12:$D18),""),IF(AND(YEAR($A18)=2003,YEAR($A19)=2004),SUM($D$12:$D18,$D19*(P$8-$A18)/($A19-$A18)),""))) | Q17: =IF(A18="","",IF(A19="",IF(YEAR(A18)=2004,SUM(D$12:D18),""),IF(AND(YEAR(A18)=2004,YEAR(A19)=2005),SUM(D$12:D18,D19*(Q$8-A18)/(A19-A18)),""))) | R17: =IF(A18="","",IF(A19="",IF(YEAR(A18)=2005,SUM(D$12:D18),""),IF(AND(YEAR(A18)=2005,YEAR(A19)=2006),SUM(D$12:D18,D19*(R$8-A18)/(A19-A18)),""))) | S17: =IF(A18="","",IF(A19="",IF(YEAR(A18)=2006,SUM(D$12:D18),""),IF(AND(YEAR(A18)=2006,YEAR(A19)=2007),SUM(D$12:D18,D19*(S$8-A18)/(A19-A18)),""))) | T17: =IF(A18="","",IF(A19="",IF(YEAR(A18)=2007,SUM(D$12:D18),""),IF(AND(YEAR(A18)=2007,YEAR(A19)=2008),SUM(D$12:D18,D19*(T$8-A18)/(A19-A18)),""))) | U17: =IF(A18="","",IF(A19="",IF(YEAR(A18)=2008,SUM(D$12:D18),""),IF(AND(YEAR(A18)=2008,YEAR(A19)=2009),SUM(D$12:D18,D19*(U$8-A18)/(A19-A18)),""))) | V17: =IF(A18="","",IF(A19="",IF(YEAR(A18)=2009,SUM(D$12:D18),""),IF(AND(YEAR(A18)=2009,YEAR(A19)=2010),SUM(D$12:D18,D19*(V$8-A18)/(A19-A18)),""))) | W17: =IF(A18="","",IF(A19="",IF(YEAR(A18)=2010,SUM(D$12:D18),""),IF(AND(YEAR(A18)=2010,YEAR(A19)=2011),SUM(D$12:D18,D19*(W$8-A18)/(A19-A18)),""))) | X17: =IF(A18="","",IF(A19="",IF(YEAR(A18)=2011,SUM(D$12:D18),""),IF(AND(YEAR(A18)=2011,YEAR(A19)=2012),SUM(D$12:D18,D19*(X$8-A18)/(A19-A18)),""))) | Y17: =IF(A18="","",IF(A19="",IF(YEAR(A18)=2012,SUM(D$12:D18),""),IF(AND(YEAR(A18)=2012,YEAR(A19)=2013),SUM(D$12:D18,D19*(Y$8-A18)/(A19-A18)),""))) -> 7902103.8 | Z17: =IF($A18="","",IF($A19="",IF(YEAR($A18)=2002,SUM($J$12:$J18),""),IF(AND(YEAR($A18)=2002,YEAR($A19)=2003),SUM($J$12:$J18,$J19*(O$8-$A18)/($A19-$A18)),""))) | AA17: =IF($A18="","",IF($A19="",IF(YEAR($A18)=2003,SUM($J$12:$J18),""),IF(AND(YEAR($A18)=2003,YEAR($A19)=2004),SUM($J$12:$J18,$J19*(P$8-$A18)/($A19-$A18)),""))) | AB17: =IF($A18="","",IF($A19="",IF(YEAR($A18)=2004,SUM($J$12:$J18),""),IF(AND(YEAR($A18)=2004,YEAR($A19)=2005),SUM($J$12:$J18,$J19*(Q$8-$A18)/($A19-$A18)),""))) | AC17: =IF($A18="","",IF($A19="",IF(YEAR($A18)=2005,SUM($J$12:$J18),""),IF(AND(YEAR($A18)=2005,YEAR($A19)=2006),SUM($J$12:$J18,$J19*(R$8-$A18)/($A19-$A18)),""))) | AD17: =IF($A18="","",IF($A19="",IF(YEAR($A18)=2006,SUM($J$12:$J18),""),IF(AND(YEAR($A18)=2006,YEAR($A19)=2007),SUM($J$12:$J18,$J19*(S$8-$A18)/($A19-$A18)),""))) | AE17: =IF($A18="","",IF($A19="",IF(YEAR($A18)=2007,SUM($J$12:$J18),""),IF(AND(YEAR($A18)=2007,YEAR($A19)=2008),SUM($J$12:$J18,$J19*(T$8-$A18)/($A19-$A18)),""))) | AF17: =IF($A18="","",IF($A19="",IF(YEAR($A18)=2008,SUM($J$12:$J18),""),IF(AND(YEAR($A18)=2008,YEAR($A19)=2009),SUM($J$12:$J18,$J19*(U$8-$A18)/($A19-$A18)),""))) | AG17: =IF($A18="","",IF($A19="",IF(YEAR($A18)=2009,SUM($J$12:$J18),""),IF(AND(YEAR($A18)=2009,YEAR($A19)=2010),SUM($J$12:$J18,$J19*(V$8-$A18)/($A19-$A18)),""))) | AH17: =IF($A18="","",IF($A19="",IF(YEAR($A18)=2010,SUM($J$12:$J18),""),IF(AND(YEAR($A18)=2010,YEAR($A19)=2011),SUM($J$12:$J18,$J19*(W$8-$A18)/($A19-$A18)),""))) | AI17: =IF($A18="","",IF($A19="",IF(YEAR($A18)=2011,SUM($J$12:$J18),""),IF(AND(YEAR($A18)=2011,YEAR($A19)=2012),SUM($J$12:$J18,$J19*(X$8-$A18)/($A19-$A18)),""))) | AJ17: =IF($A18="","",IF($A19="",IF(YEAR($A18)=2012,SUM($J$12:$J18),""),IF(AND(YEAR($A18)=2012,YEAR($A19)=2013),SUM($J$12:$J18,$J19*(Y$8-$A18)/($A19-$A18)),""))) -> 1.0940071e+08
A18: =IF(B18<=($E$5*$E$7),DATE(YEAR(A17),MONTH(A17)+12/$E$7,DAY(A17)),"") -> 41238 | B18: =IF($E$5*$E$7<6," ",6) -> 6 | C18: =IF(AND(B16=" ",B17=" ",B18=" ")," ",IF(B17=" ",SUM(C$13:C16),IF(B18=" "," ",D18+E18))) -> 8853650 | D18: =IF(AND(B16=" ",B17=" ",B18=" ")," ",IF(B17=" ",SUM(D$13:D16),IF(B18=" "," ",ROUND(F17*E$6/E$7,2)))) -> 903650 | E18: =C5*15% -> 7950000 | F18: =IF(AND(B16=" ",B17=" ",B18=" ")," ",IF(B17=" ",SUM(F$12:F15),IF(B18=" "," ",F17-E18))) -> 21200000 | G18: =IF(AND(B16=" ",B17=" ",B18=" ")," ",IF(B17=" ",SUM(G$12:G16),IF(B19=" ",IF(E$5*E$7=B18,C18-C$7+C$8+G$10," "),C18))) -> 8853650 | H18: =IF(AND(B16=" ",B17=" ",B18=" ")," ",IF(B17=" ",SUM(H$13:H16)*E$7,IF(B18=" "," ",IF(B19=" ",IF(E$5*E$7=B18,IRR(G$12:G18,0.01)," ")," ")))) | I18: =IF(A19="","",F18-C$7) -> 15370000 | J18: =IF(I17="","",I17*(A18-A17)/365) -> 11755836 | L18: =IF(L17=0,0,L16/L17) -> 0 | N18: =IF(N17=0,0,N16/N17) -> 0 | O18: =IF($A19="","",IF($A20="",IF(YEAR($A19)=2002,SUM($D$12:$D19),""),IF(AND(YEAR($A19)=2002,YEAR($A20)=2003),SUM($D$12:$D19,$D20*(O$8-$A19)/($A20-$A19)),""))) | P18: =IF($A19="","",IF($A20="",IF(YEAR($A19)=2003,SUM($D$12:$D19),""),IF(AND(YEAR($A19)=2003,YEAR($A20)=2004),SUM($D$12:$D19,$D20*(P$8-$A19)/($A20-$A19)),""))) | Q18: =IF(A19="","",IF(A20="",IF(YEAR(A19)=2004,SUM(D$12:D19),""),IF(AND(YEAR(A19)=2004,YEAR(A20)=2005),SUM(D$12:D19,D20*(Q$8-A19)/(A20-A19)),""))) | R18: =IF(A19="","",IF(A20="",IF(YEAR(A19)=2005,SUM(D$12:D19),""),IF(AND(YEAR(A19)=2005,YEAR(A20)=2006),SUM(D$12:D19,D20*(R$8-A19)/(A20-A19)),""))) | S18: =IF(A19="","",IF(A20="",IF(YEAR(A19)=2006,SUM(D$12:D19),""),IF(AND(YEAR(A19)=2006,YEAR(A20)=2007),SUM(D$12:D19,D20*(S$8-A19)/(A20-A19)),""))) | T18: =IF(A19="","",IF(A20="",IF(YEAR(A19)=2007,SUM(D$12:D19),""),IF(AND(YEAR(A19)=2007,YEAR(A20)=2008),SUM(D$12:D19,D20*(T$8-A19)/(A20-A19)),""))) | U18: =IF(A19="","",IF(A20="",IF(YEAR(A19)=2008,SUM(D$12:D19),""),IF(AND(YEAR(A19)=2008,YEAR(A20)=2009),SUM(D$12:D19,D20*(U$8-A19)/(A20-A19)),""))) | V18: =IF(A19="","",IF(A20="",IF(YEAR(A19)=2009,SUM(D$12:D19),""),IF(AND(YEAR(A19)=2009,YEAR(A20)=2010),SUM(D$12:D19,D20*(V$8-A19)/(A20-A19)),""))) | W18: =IF(A19="","",IF(A20="",IF(YEAR(A19)=2010,SUM(D$12:D19),""),IF(AND(YEAR(A19)=2010,YEAR(A20)=2011),SUM(D$12:D19,D20*(W$8-A19)/(A20-A19)),""))) | X18: =IF(A19="","",IF(A20="",IF(YEAR(A19)=2011,SUM(D$12:D19),""),IF(AND(YEAR(A19)=2011,YEAR(A20)=2012),SUM(D$12:D19,D20*(X$8-A19)/(A20-A19)),""))) | Y18: =IF(A19="","",IF(A20="",IF(YEAR(A19)=2012,SUM(D$12:D19),""),IF(AND(YEAR(A19)=2012,YEAR(A20)=2013),SUM(D$12:D19,D20*(Y$8-A19)/(A20-A19)),""))) | Z18: =IF($A19="","",IF($A20="",IF(YEAR($A19)=2002,SUM($J$12:$J19),""),IF(AND(YEAR($A19)=2002,YEAR($A20)=2003),SUM($J$12:$J19,$J20*(O$8-$A19)/($A20-$A19)),""))) | AA18: =IF($A19="","",IF($A20="",IF(YEAR($A19)=2003,SUM($J$12:$J19),""),IF(AND(YEAR($A19)=2003,YEAR($A20)=2004),SUM($J$12:$J19,$J20*(P$8-$A19)/($A20-$A19)),""))) | AB18: =IF($A19="","",IF($A20="",IF(YEAR($A19)=2004,SUM($J$12:$J19),""),IF(AND(YEAR($A19)=2004,YEAR($A20)=2005),SUM($J$12:$J19,$J20*(Q$8-$A19)/($A20-$A19)),""))) | AC18: =IF($A19="","",IF($A20="",IF(YEAR($A19)=2005,SUM($J$12:$J19),""),IF(AND(YEAR($A19)=2005,YEAR($A20)=2006),SUM($J$12:$J19,$J20*(R$8-$A19)/($A20-$A19)),""))) | AD18: =IF($A19="","",IF($A20="",IF(YEAR($A19)=2006,SUM($J$12:$J19),""),IF(AND(YEAR($A19)=2006,YEAR($A20)=2007),SUM($J$12:$J19,$J20*(S$8-$A19)/($A20-$A19)),""))) | AE18: =IF($A19="","",IF($A20="",IF(YEAR($A19)=2007,SUM($J$12:$J19),""),IF(AND(YEAR($A19)=2007,YEAR($A20)=2008),SUM($J$12:$J19,$J20*(T$8-$A19)/($A20-$A19)),""))) | AF18: =IF($A19="","",IF($A20="",IF(YEAR($A19)=2008,SUM($J$12:$J19),""),IF(AND(YEAR($A19)=2008,YEAR($A20)=2009),SUM($J$12:$J19,$J20*(U$8-$A19)/($A20-$A19)),""))) | AG18: =IF($A19="","",IF($A20="",IF(YEAR($A19)=2009,SUM($J$12:$J19),""),IF(AND(YEAR($A19)=2009,YEAR($A20)=2010),SUM($J$12:$J19,$J20*(V$8-$A19)/($A20-$A19)),""))) | AH18: =IF($A19="","",IF($A20="",IF(YEAR($A19)=2010,SUM($J$12:$J19),""),IF(AND(YEAR($A19)=2010,YEAR($A20)=2011),SUM($J$12:$J19,$J20*(W$8-$A19)/($A20-$A19)),""))) | AI18: =IF($A19="","",IF($A20="",IF(YEAR($A19)=2011,SUM($J$12:$J19),""),IF(AND(YEAR($A19)=2011,YEAR($A20)=2012),SUM($J$12:$J19,$J20*(X$8-$A19)/($A20-$A19)),""))) | AJ18: =IF($A19="","",IF($A20="",IF(YEAR($A19)=2012,SUM($J$12:$J19),""),IF(AND(YEAR($A19)=2012,YEAR($A20)=2013),SUM($J$12:$J19,$J20*(Y$8-$A19)/($A20-$A19)),"")))
A19: =IF(B19<=($E$5*$E$7),DATE(YEAR(A18),MONTH(A18)+12/$E$7,DAY(A18)),"") -> 41419 | B19: =IF($E$5*$E$7<7," ",7) -> 7 | C19: =IF(AND(B17=" ",B18=" ",B19=" ")," ",IF(B18=" ",SUM(C$13:C17),IF(B19=" "," ",D19+E19))) -> 5957200 | D19: =IF(AND(B17=" ",B18=" ",B19=" ")," ",IF(B18=" ",SUM(D$13:D17),IF(B19=" "," ",ROUND(F18*E$6/E$7,2)))) -> 657200 | E19: =C5*10% -> 5300000 | F19: =IF(AND(B17=" ",B18=" ",B19=" ")," ",IF(B18=" ",SUM(F$12:F16),IF(B19=" "," ",F18-E19))) -> 15900000 | G19: =IF(AND(B17=" ",B18=" ",B19=" ")," ",IF(B18=" ",SUM(G$12:G17),IF(B20=" ",IF(E$5*E$7=B19,C19-C$7+C$8+G$10," "),C19))) -> 5957200 | H19: =IF(AND(B17=" ",B18=" ",B19=" ")," ",IF(B18=" ",SUM(H$13:H17)*E$7,IF(B19=" "," ",IF(B20=" ",IF(E$5*E$7=B19,IRR(G$12:G19,0.01)," ")," ")))) | I19: =IF(A20="","",F19-C$7) -> 10070000 | J19: =IF(I18="","",I18*(A19-A18)/365) -> 7621835.6 | K19: 2007年收入 | L19: =IF((SUM(T11:T133)-L16-L13-L10-L7-L4)<0,0,SUM(T11:T133)/10000-L16-L13-L10-L7-L4) -> 0 | M19: 2007年后收入 | N19: =IF(L19=0,0,L19+L22+L25+L28+L31+L34) -> 0 | O19: =IF($A20="","",IF($A21="",IF(YEAR($A20)=2002,SUM($D$12:$D20),""),IF(AND(YEAR($A20)=2002,YEAR($A21)=2003),SUM($D$12:$D20,$D21*(O$8-$A20)/($A21-$A20)),""))) | P19: =IF($A20="","",IF($A21="",IF(YEAR($A20)=2003,SUM($D$12:$D20),""),IF(AND(YEAR($A20)=2003,YEAR($A21)=2004),SUM($D$12:$D20,$D21*(P$8-$A20)/($A21-$A20)),""))) | Q19: =IF(A20="","",IF(A21="",IF(YEAR(A20)=2004,SUM(D$12:D20),""),IF(AND(YEAR(A20)=2004,YEAR(A21)=2005),SUM(D$12:D20,D21*(Q$8-A20)/(A21-A20)),""))) | R19: =IF(A20="","",IF(A21="",IF(YEAR(A20)=2005,SUM(D$12:D20),""),IF(AND(YEAR(A20)=2005,YEAR(A21)=2006),SUM(D$12:D20,D21*(R$8-A20)/(A21-A20)),""))) | S19: =IF(A20="","",IF(A21="",IF(YEAR(A20)=2006,SUM(D$12:D20),""),IF(AND(YEAR(A20)=2006,YEAR(A21)=2007),SUM(D$12:D20,D21*(S$8-A20)/(A21-A20)),""))) | T19: =IF(A20="","",IF(A21="",IF(YEAR(A20)=2007,SUM(D$12:D20),""),IF(AND(YEAR(A20)=2007,YEAR(A21)=2008),SUM(D$12:D20,D21*(T$8-A20)/(A21-A20)),""))) | U19: =IF(A20="","",IF(A21="",IF(YEAR(A20)=2008,SUM(D$12:D20),""),IF(AND(YEAR(A20)=2008,YEAR(A21)=2009),SUM(D$12:D20,D21*(U$8-A20)/(A21-A20)),""))) | V19: =IF(A20="","",IF(A21="",IF(YEAR(A20)=2009,SUM(D$12:D20),""),IF(AND(YEAR(A20)=2009,YEAR(A21)=2010),SUM(D$12:D20,D21*(V$8-A20)/(A21-A20)),""))) | W19: =IF(A20="","",IF(A21="",IF(YEAR(A20)=2010,SUM(D$12:D20),""),IF(AND(YEAR(A20)=2010,YEAR(A21)=2011),SUM(D$12:D20,D21*(W$8-A20)/(A21-A20)),""))) | X19: =IF(A20="","",IF(A21="",IF(YEAR(A20)=2011,SUM(D$12:D20),""),IF(AND(YEAR(A20)=2011,YEAR(A21)=2012),SUM(D$12:D20,D21*(X$8-A20)/(A21-A20)),""))) | Y19: =IF(A20="","",IF(A21="",IF(YEAR(A20)=2012,SUM(D$12:D20),""),IF(AND(YEAR(A20)=2012,YEAR(A21)=2013),SUM(D$12:D20,D21*(Y$8-A20)/(A21-A20)),""))) | Z19: =IF($A20="","",IF($A21="",IF(YEAR($A20)=2002,SUM($J$12:$J20),""),IF(AND(YEAR($A20)=2002,YEAR($A21)=2003),SUM($J$12:$J20,$J21*(O$8-$A20)/($A21-$A20)),""))) | AA19: =IF($A20="","",IF($A21="",IF(YEAR($A20)=2003,SUM($J$12:$J20),""),IF(AND(YEAR($A20)=2003,YEAR($A21)=2004),SUM($J$12:$J20,$J21*(P$8-$A20)/($A21-$A20)),""))) | AB19: =IF($A20="","",IF($A21="",IF(YEAR($A20)=2004,SUM($J$12:$J20),""),IF(AND(YEAR($A20)=2004,YEAR($A21)=2005),SUM($J$12:$J20,$J21*(Q$8-$A20)/($A21-$A20)),""))) | AC19: =IF($A20="","",IF($A21="",IF(YEAR($A20)=2005,SUM($J$12:$J20),""),IF(AND(YEAR($A20)=2005,YEAR($A21)=2006),SUM($J$12:$J20,$J21*(R$8-$A20)/($A21-$A20)),""))) | AD19: =IF($A20="","",IF($A21="",IF(YEAR($A20)=2006,SUM($J$12:$J20),""),IF(AND(YEAR($A20)=2006,YEAR($A21)=2007),SUM($J$12:$J20,$J21*(S$8-$A20)/($A21-$A20)),""))) | AE19: =IF($A20="","",IF($A21="",IF(YEAR($A20)=2007,SUM($J$12:$J20),""),IF(AND(YEAR($A20)=2007,YEAR($A21)=2008),SUM($J$12:$J20,$J21*(T$8-$A20)/($A21-$A20)),""))) | AF19: =IF($A20="","",IF($A21="",IF(YEAR($A20)=2008,SUM($J$12:$J20),""),IF(AND(YEAR($A20)=2008,YEAR($A21)=2009),SUM($J$12:$J20,$J21*(U$8-$A20)/($A21-$A20)),""))) | AG19: =IF($A20="","",IF($A21="",IF(YEAR($A20)=2009,SUM($J$12:$J20),""),IF(AND(YEAR($A20)=2009,YEAR($A21)=2010),SUM($J$12:$J20,$J21*(V$8-$A20)/($A21-$A20)),""))) | AH19: =IF($A20="","",IF($A21="",IF(YEAR($A20)=2010,SUM($J$12:$J20),""),IF(AND(YEAR($A20)=2010,YEAR($A21)=2011),SUM($J$12:$J20,$J21*(W$8-$A20)/($A21-$A20)),""))) | AI19: =IF($A20="","",IF($A21="",IF(YEAR($A20)=2011,SUM($J$12:$J20),""),IF(AND(YEAR($A20)=2011,YEAR($A21)=2012),SUM($J$12:$J20,$J21*(X$8-$A20)/($A21-$A20)),""))) | AJ19: =IF($A20="","",IF($A21="",IF(YEAR($A20)=2012,SUM($J$12:$J20),""),IF(AND(YEAR($A20)=2012,YEAR($A21)=2013),SUM($J$12:$J20,$J21*(Y$8-$A20)/($A21-$A20)),"")))
A20: =IF(B20<=($E$5*$E$7),DATE(YEAR(A19),MONTH(A19)+12/$E$7,DAY(A19)),"") -> 41603 | B20: =IF($E$5*$E$7<8," ",8) -> 8 | C20: =IF(AND(B18=" ",B19=" ",B20=" ")," ",IF(B19=" ",SUM(C$13:C18),IF(B20=" "," ",D20+E20))) -> 8972900 | D20: =IF(AND(B18=" ",B19=" ",B20=" ")," ",IF(B19=" ",SUM(D$13:D18),IF(B20=" "," ",ROUND(F19*E$6/E$7,2)))) -> 492900 | E20: =C5*16% -> 8480000 | F20: =IF(AND(B18=" ",B19=" ",B20=" ")," ",IF(B19=" ",SUM(F$12:F17),IF(B20=" "," ",F19-E20))) -> 7420000 | G20: =IF(AND(B18=" ",B19=" ",B20=" ")," ",IF(B19=" ",SUM(G$12:G18),IF(B21=" ",IF(E$5*E$7=B20,C20-C$7+C$8+G$10," "),C20))) -> 8972900 | H20: =IF(AND(B18=" ",B19=" ",B20=" ")," ",IF(B19=" ",SUM(H$13:H18)*E$7,IF(B20=" "," ",IF(B21=" ",IF(E$5*E$7=B20,IRR(G$12:G20,0.01)," ")," ")))) | I20: =IF(A21="","",F20-C$7) -> 1590000 | J20: =IF(I19="","",I19*(A20-A19)/365) -> 5076383.6 | K20: 2007年占用 | L20: =IF((SUM(AE11:AE133)-L17-L14-L11-L8-L5)<0,0,SUM(AE11:AE133)/10000-L17-L14-L11-L8-L5) -> 0 | M20: 2007年后占用 | N20: =IF(L20=0,0,L20+L23+L26+L29+L32+L35) -> 0 | O20: =IF($A21="","",IF($A22="",IF(YEAR($A21)=2002,SUM($D$12:$D21),""),IF(AND(YEAR($A21)=2002,YEAR($A22)=2003),SUM($D$12:$D21,$D22*(O$8-$A21)/($A22-$A21)),""))) | P20: =IF($A21="","",IF($A22="",IF(YEAR($A21)=2003,SUM($D$12:$D21),""),IF(AND(YEAR($A21)=2003,YEAR($A22)=2004),SUM($D$12:$D21,$D22*(P$8-$A21)/($A22-$A21)),""))) | Q20: =IF(A21="","",IF(A22="",IF(YEAR(A21)=2004,SUM(D$12:D21),""),IF(AND(YEAR(A21)=2004,YEAR(A22)=2005),SUM(D$12:D21,D22*(Q$8-A21)/(A22-A21)),""))) | R20: =IF(A21="","",IF(A22="",IF(YEAR(A21)=2005,SUM(D$12:D21),""),IF(AND(YEAR(A21)=2005,YEAR(A22)=2006),SUM(D$12:D21,D22*(R$8-A21)/(A22-A21)),""))) | S20: =IF(A21="","",IF(A22="",IF(YEAR(A21)=2006,SUM(D$12:D21),""),IF(AND(YEAR(A21)=2006,YEAR(A22)=2007),SUM(D$12:D21,D22*(S$8-A21)/(A22-A21)),""))) | T20: =IF(A21="","",IF(A22="",IF(YEAR(A21)=2007,SUM(D$12:D21),""),IF(AND(YEAR(A21)=2007,YEAR(A22)=2008),SUM(D$12:D21,D22*(T$8-A21)/(A22-A21)),""))) | U20: =IF(A21="","",IF(A22="",IF(YEAR(A21)=2008,SUM(D$12:D21),""),IF(AND(YEAR(A21)=2008,YEAR(A22)=2009),SUM(D$12:D21,D22*(U$8-A21)/(A22-A21)),""))) | V20: =IF(A21="","",IF(A22="",IF(YEAR(A21)=2009,SUM(D$12:D21),""),IF(AND(YEAR(A21)=2009,YEAR(A22)=2010),SUM(D$12:D21,D22*(V$8-A21)/(A22-A21)),""))) | W20: =IF(A21="","",IF(A22="",IF(YEAR(A21)=2010,SUM(D$12:D21),""),IF(AND(YEAR(A21)=2010,YEAR(A22)=2011),SUM(D$12:D21,D22*(W$8-A21)/(A22-A21)),""))) | X20: =IF(A21="","",IF(A22="",IF(YEAR(A21)=2011,SUM(D$12:D21),""),IF(AND(YEAR(A21)=2011,YEAR(A22)=2012),SUM(D$12:D21,D22*(X$8-A21)/(A22-A21)),""))) | Y20: =IF(A21="","",IF(A22="",IF(YEAR(A21)=2012,SUM(D$12:D21),""),IF(AND(YEAR(A21)=2012,YEAR(A22)=2013),SUM(D$12:D21,D22*(Y$8-A21)/(A22-A21)),""))) | Z20: =IF($A21="","",IF($A22="",IF(YEAR($A21)=2002,SUM($J$12:$J21),""),IF(AND(YEAR($A21)=2002,YEAR($A22)=2003),SUM($J$12:$J21,$J22*(O$8-$A21)/($A22-$A21)),""))) | AA20: =IF($A21="","",IF($A22="",IF(YEAR($A21)=2003,SUM($J$12:$J21),""),IF(AND(YEAR($A21)=2003,YEAR($A22)=2004),SUM($J$12:$J21,$J22*(P$8-$A21)/($A22-$A21)),""))) | AB20: =IF($A21="","",IF($A22="",IF(YEAR($A21)=2004,SUM($J$12:$J21),""),IF(AND(YEAR($A21)=2004,YEAR($A22)=2005),SUM($J$12:$J21,$J22*(Q$8-$A21)/($A22-$A21)),""))) | AC20: =IF($A21="","",IF($A22="",IF(YEAR($A21)=2005,SUM($J$12:$J21),""),IF(AND(YEAR($A21)=2005,YEAR($A22)=2006),SUM($J$12:$J21,$J22*(R$8-$A21)/($A22-$A21)),""))) | AD20: =IF($A21="","",IF($A22="",IF(YEAR($A21)=2006,SUM($J$12:$J21),""),IF(AND(YEAR($A21)=2006,YEAR($A22)=2007),SUM($J$12:$J21,$J22*(S$8-$A21)/($A22-$A21)),""))) | AE20: =IF($A21="","",IF($A22="",IF(YEAR($A21)=2007,SUM($J$12:$J21),""),IF(AND(YEAR($A21)=2007,YEAR($A22)=2008),SUM($J$12:$J21,$J22*(T$8-$A21)/($A22-$A21)),""))) | AF20: =IF($A21="","",IF($A22="",IF(YEAR($A21)=2008,SUM($J$12:$J21),""),IF(AND(YEAR($A21)=2008,YEAR($A22)=2009),SUM($J$12:$J21,$J22*(U$8-$A21)/($A22-$A21)),""))) | AG20: =IF($A21="","",IF($A22="",IF(YEAR($A21)=2009,SUM($J$12:$J21),""),IF(AND(YEAR($A21)=2009,YEAR($A22)=2010),SUM($J$12:$J21,$J22*(V$8-$A21)/($A22-$A21)),""))) | AH20: =IF($A21="","",IF($A22="",IF(YEAR($A21)=2010,SUM($J$12:$J21),""),IF(AND(YEAR($A21)=2010,YEAR($A22)=2011),SUM($J$12:$J21,$J22*(W$8-$A21)/($A22-$A21)),""))) | AI20: =IF($A21="","",IF($A22="",IF(YEAR($A21)=2011,SUM($J$12:$J21),""),IF(AND(YEAR($A21)=2011,YEAR($A22)=2012),SUM($J$12:$J21,$J22*(X$8-$A21)/($A22-$A21)),""))) | AJ20: =IF($A21="","",IF($A22="",IF(YEAR($A21)=2012,SUM($J$12:$J21),""),IF(AND(YEAR($A21)=2012,YEAR($A22)=2013),SUM($J$12:$J21,$J22*(Y$8-$A21)/($A22-$A21)),"")))
A21: =IF(B21<=($E$5*$E$7),DATE(YEAR(A20),MONTH(A20)+12/$E$7,DAY(A20)),"") -> 41784 | B21: =IF($E$5*$E$7<9," ",9) -> 9 | C21: =IF(AND(B19=" ",B20=" ",B21=" ")," ",IF(B20=" ",SUM(C$13:C19),IF(B21=" "," ",D21+E21))) -> 3410020 | D21: =IF(AND(B19=" ",B20=" ",B21=" ")," ",IF(B20=" ",SUM(D$13:D19),IF(B21=" "," ",ROUND(F20*E$6/E$7,2)))) -> 230020 | E21: =C5*6% -> 3180000 | F21: =IF(AND(B19=" ",B20=" ",B21=" ")," ",IF(B20=" ",SUM(F$12:F18),IF(B21=" "," ",F20-E21))) -> 4240000 | G21: =IF(AND(B19=" ",B20=" ",B21=" ")," ",IF(B20=" ",SUM(G$12:G19),IF(B22=" ",IF(E$5*E$7=B21,C21-C$7+C$8+G$10," "),C21))) -> 3410020 | H21: =IF(AND(B19=" ",B20=" ",B21=" ")," ",IF(B20=" ",SUM(H$13:H19)*E$7,IF(B21=" "," ",IF(B22=" ",IF(E$5*E$7=B21,IRR(G$12:G21,0.01)," ")," ")))) | I21: =IF(A22="","",F21-C$7) -> -1590000 | J21: =IF(I20="","",I20*(A21-A20)/365) -> 788465.75 | L21: =IF(L20=0,0,L19/L20) -> 0 | N21: =IF(N20=0,0,N19/N20) -> 0 | O21: =IF($A22="","",IF($A23="",IF(YEAR($A22)=2002,SUM($D$12:$D22),""),IF(AND(YEAR($A22)=2002,YEAR($A23)=2003),SUM($D$12:$D22,$D23*(O$8-$A22)/($A23-$A22)),""))) | P21: =IF($A22="","",IF($A23="",IF(YEAR($A22)=2003,SUM($D$12:$D22),""),IF(AND(YEAR($A22)=2003,YEAR($A23)=2004),SUM($D$12:$D22,$D23*(P$8-$A22)/($A23-$A22)),""))) | Q21: =IF(A22="","",IF(A23="",IF(YEAR(A22)=2004,SUM(D$12:D22),""),IF(AND(YEAR(A22)=2004,YEAR(A23)=2005),SUM(D$12:D22,D23*(Q$8-A22)/(A23-A22)),""))) | R21: =IF(A22="","",IF(A23="",IF(YEAR(A22)=2005,SUM(D$12:D22),""),IF(AND(YEAR(A22)=2005,YEAR(A23)=2006),SUM(D$12:D22,D23*(R$8-A22)/(A23-A22)),""))) | S21: =IF(A22="","",IF(A23="",IF(YEAR(A22)=2006,SUM(D$12:D22),""),IF(AND(YEAR(A22)=2006,YEAR(A23)=2007),SUM(D$12:D22,D23*(S$8-A22)/(A23-A22)),""))) | T21: =IF(A22="","",IF(A23="",IF(YEAR(A22)=2007,SUM(D$12:D22),""),IF(AND(YEAR(A22)=2007,YEAR(A23)=2008),SUM(D$12:D22,D23*(T$8-A22)/(A23-A22)),""))) | U21: =IF(A22="","",IF(A23="",IF(YEAR(A22)=2008,SUM(D$12:D22),""),IF(AND(YEAR(A22)=2008,YEAR(A23)=2009),SUM(D$12:D22,D23*(U$8-A22)/(A23-A22)),""))) | V21: =IF(A22="","",IF(A23="",IF(YEAR(A22)=2009,SUM(D$12:D22),""),IF(AND(YEAR(A22)=2009,YEAR(A23)=2010),SUM(D$12:D22,D23*(V$8-A22)/(A23-A22)),""))) | W21: =IF(A22="","",IF(A23="",IF(YEAR(A22)=2010,SUM(D$12:D22),""),IF(AND(YEAR(A22)=2010,YEAR(A23)=2011),SUM(D$12:D22,D23*(W$8-A22)/(A23-A22)),""))) | X21: =IF(A22="","",IF(A23="",IF(YEAR(A22)=2011,SUM(D$12:D22),""),IF(AND(YEAR(A22)=2011,YEAR(A23)=2012),SUM(D$12:D22,D23*(X$8-A22)/(A23-A22)),""))) | Y21: =IF(A22="","",IF(A23="",IF(YEAR(A22)=2012,SUM(D$12:D22),""),IF(AND(YEAR(A22)=2012,YEAR(A23)=2013),SUM(D$12:D22,D23*(Y$8-A22)/(A23-A22)),""))) | Z21: =IF($A22="","",IF($A23="",IF(YEAR($A22)=2002,SUM($J$12:$J22),""),IF(AND(YEAR($A22)=2002,YEAR($A23)=2003),SUM($J$12:$J22,$J23*(O$8-$A22)/($A23-$A22)),""))) | AA21: =IF($A22="","",IF($A23="",IF(YEAR($A22)=2003,SUM($J$12:$J22),""),IF(AND(YEAR($A22)=2003,YEAR($A23)=2004),SUM($J$12:$J22,$J23*(P$8-$A22)/($A23-$A22)),""))) | AB21: =IF($A22="","",IF($A23="",IF(YEAR($A22)=2004,SUM($J$12:$J22),""),IF(AND(YEAR($A22)=2004,YEAR($A23)=2005),SUM($J$12:$J22,$J23*(Q$8-$A22)/($A23-$A22)),""))) | AC21: =IF($A22="","",IF($A23="",IF(YEAR($A22)=2005,SUM($J$12:$J22),""),IF(AND(YEAR($A22)=2005,YEAR($A23)=2006),SUM($J$12:$J22,$J23*(R$8-$A22)/($A23-$A22)),""))) | AD21: =IF($A22="","",IF($A23="",IF(YEAR($A22)=2006,SUM($J$12:$J22),""),IF(AND(YEAR($A22)=2006,YEAR($A23)=2007),SUM($J$12:$J22,$J23*(S$8-$A22)/($A23-$A22)),""))) | AE21: =IF($A22="","",IF($A23="",IF(YEAR($A22)=2007,SUM($J$12:$J22),""),IF(AND(YEAR($A22)=2007,YEAR($A23)=2008),SUM($J$12:$J22,$J23*(T$8-$A22)/($A23-$A22)),""))) | AF21: =IF($A22="","",IF($A23="",IF(YEAR($A22)=2008,SUM($J$12:$J22),""),IF(AND(YEAR($A22)=2008,YEAR($A23)=2009),SUM($J$12:$J22,$J23*(U$8-$A22)/($A23-$A22)),""))) | AG21: =IF($A22="","",IF($A23="",IF(YEAR($A22)=2009,SUM($J$12:$J22),""),IF(AND(YEAR($A22)=2009,YEAR($A23)=2010),SUM($J$12:$J22,$J23*(V$8-$A22)/($A23-$A22)),""))) | AH21: =IF($A22="","",IF($A23="",IF(YEAR($A22)=2010,SUM($J$12:$J22),""),IF(AND(YEAR($A22)=2010,YEAR($A23)=2011),SUM($J$12:$J22,$J23*(W$8-$A22)/($A23-$A22)),""))) | AI21: =IF($A22="","",IF($A23="",IF(YEAR($A22)=2011,SUM($J$12:$J22),""),IF(AND(YEAR($A22)=2011,YEAR($A23)=2012),SUM($J$12:$J22,$J23*(X$8-$A22)/($A23-$A22)),""))) | AJ21: =IF($A22="","",IF($A23="",IF(YEAR($A22)=2012,SUM($J$12:$J22),""),IF(AND(YEAR($A22)=2012,YEAR($A23)=2013),SUM($J$12:$J22,$J23*(Y$8-$A22)/($A23-$A22)),"")))
A22: =IF(B22<=($E$5*$E$7),DATE(YEAR(A21),MONTH(A21)+12/$E$7,DAY(A21)),"") -> 41968 | B22: =IF($E$5*$E$7<10," ",10) -> 10 | C22: =IF(AND(B20=" ",B21=" ",B22=" ")," ",IF(B21=" ",SUM(C$13:C20),IF(B22=" "," ",D22+E22))) -> 4371440 | D22: =IF(AND(B20=" ",B21=" ",B22=" ")," ",IF(B21=" ",SUM(D$13:D20),IF(B22=" "," ",ROUND(F21*E$6/E$7,2)))) -> 131440 | E22: =C5*8% -> 4240000 | F22: =IF(AND(B20=" ",B21=" ",B22=" ")," ",IF(B21=" ",SUM(F$12:F19),IF(B22=" "," ",F21-E22))) -> 0 | G22: =IF(AND(B20=" ",B21=" ",B22=" ")," ",IF(B21=" ",SUM(G$12:G20),IF(B23=" ",IF(E$5*E$7=B22,C22-C$7+C$8+G$10," "),C22))) -> -1458560 | H22: =IF(AND(B20=" ",B21=" ",B22=" ")," ",IF(B21=" ",SUM(H$13:H20)*E$7,IF(B22=" "," ",IF(B23=" ",IF(E$5*E$7=B22,IRR(G$12:G22,0.01)," ")," ")))) -> 0.057889166 | I22: =IF(A23="","",F22-C$7) | J22: =IF(I21="","",I21*(A22-A21)/365) -> -801534.25 | K22: 2008年收入 | L22: =IF((SUM(U11:U133)-L19-L16-L13-L10-L7-L4)<0,0,SUM(U11:U133)/10000-L19-L16-L13-L10-L7-L4) -> 0 | M22: 2008年后收入 | N22: =IF(L22=0,0,L22+L25+L28+L31+L34) -> 0 | O22: =IF($A23="","",IF($A24="",IF(YEAR($A23)=2002,SUM($D$12:$D23),""),IF(AND(YEAR($A23)=2002,YEAR($A24)=2003),SUM($D$12:$D23,$D24*(O$8-$A23)/($A24-$A23)),""))) | P22: =IF($A23="","",IF($A24="",IF(YEAR($A23)=2003,SUM($D$12:$D23),""),IF(AND(YEAR($A23)=2003,YEAR($A24)=2004),SUM($D$12:$D23,$D24*(P$8-$A23)/($A24-$A23)),""))) | Q22: =IF(A23="","",IF(A24="",IF(YEAR(A23)=2004,SUM(D$12:D23),""),IF(AND(YEAR(A23)=2004,YEAR(A24)=2005),SUM(D$12:D23,D24*(Q$8-A23)/(A24-A23)),""))) | R22: =IF(A23="","",IF(A24="",IF(YEAR(A23)=2005,SUM(D$12:D23),""),IF(AND(YEAR(A23)=2005,YEAR(A24)=2006),SUM(D$12:D23,D24*(R$8-A23)/(A24-A23)),""))) | S22: =IF(A23="","",IF(A24="",IF(YEAR(A23)=2006,SUM(D$12:D23),""),IF(AND(YEAR(A23)=2006,YEAR(A24)=2007),SUM(D$12:D23,D24*(S$8-A23)/(A24-A23)),""))) | T22: =IF(A23="","",IF(A24="",IF(YEAR(A23)=2007,SUM(D$12:D23),""),IF(AND(YEAR(A23)=2007,YEAR(A24)=2008),SUM(D$12:D23,D24*(T$8-A23)/(A24-A23)),""))) | U22: =IF(A23="","",IF(A24="",IF(YEAR(A23)=2008,SUM(D$12:D23),""),IF(AND(YEAR(A23)=2008,YEAR(A24)=2009),SUM(D$12:D23,D24*(U$8-A23)/(A24-A23)),""))) | V22: =IF(A23="","",IF(A24="",IF(YEAR(A23)=2009,SUM(D$12:D23),""),IF(AND(YEAR(A23)=2009,YEAR(A24)=2010),SUM(D$12:D23,D24*(V$8-A23)/(A24-A23)),""))) | W22: =IF(A23="","",IF(A24="",IF(YEAR(A23)=2010,SUM(D$12:D23),""),IF(AND(YEAR(A23)=2010,YEAR(A24)=2011),SUM(D$12:D23,D24*(W$8-A23)/(A24-A23)),""))) | X22: =IF(A23="","",IF(A24="",IF(YEAR(A23)=2011,SUM(D$12:D23),""),IF(AND(YEAR(A23)=2011,YEAR(A24)=2012),SUM(D$12:D23,D24*(X$8-A23)/(A24-A23)),""))) | Y22: =IF(A23="","",IF(A24="",IF(YEAR(A23)=2012,SUM(D$12:D23),""),IF(AND(YEAR(A23)=2012,YEAR(A24)=2013),SUM(D$12:D23,D24*(Y$8-A23)/(A24-A23)),""))) | Z22: =IF($A23="","",IF($A24="",IF(YEAR($A23)=2002,SUM($J$12:$J23),""),IF(AND(YEAR($A23)=2002,YEAR($A24)=2003),SUM($J$12:$J23,$J24*(O$8-$A23)/($A24-$A23)),""))) | AA22: =IF($A23="","",IF($A24="",IF(YEAR($A23)=2003,SUM($J$12:$J23),""),IF(AND(YEAR($A23)=2003,YEAR($A24)=2004),SUM($J$12:$J23,$J24*(P$8-$A23)/($A24-$A23)),""))) | AB22: =IF($A23="","",IF($A24="",IF(YEAR($A23)=2004,SUM($J$12:$J23),""),IF(AND(YEAR($A23)=2004,YEAR($A24)=2005),SUM($J$12:$J23,$J24*(Q$8-$A23)/($A24-$A23)),""))) | AC22: =IF($A23="","",IF($A24="",IF(YEAR($A23)=2005,SUM($J$12:$J23),""),IF(AND(YEAR($A23)=2005,YEAR($A24)=2006),SUM($J$12:$J23,$J24*(R$8-$A23)/($A24-$A23)),""))) | AD22: =IF($A23="","",IF($A24="",IF(YEAR($A23)=2006,SUM($J$12:$J23),""),IF(AND(YEAR($A23)=2006,YEAR($A24)=2007),SUM($J$12:$J23,$J24*(S$8-$A23)/($A24-$A23)),""))) | AE22: =IF($A23="","",IF($A24="",IF(YEAR($A23)=2007,SUM($J$12:$J23),""),IF(AND(YEAR($A23)=2007,YEAR($A24)=2008),SUM($J$12:$J23,$J24*(T$8-$A23)/($A24-$A23)),""))) | AF22: =IF($A23="","",IF($A24="",IF(YEAR($A23)=2008,SUM($J$12:$J23),""),IF(AND(YEAR($A23)=2008,YEAR($A24)=2009),SUM($J$12:$J23,$J24*(U$8-$A23)/($A24-$A23)),""))) | AG22: =IF($A23="","",IF($A24="",IF(YEAR($A23)=2009,SUM($J$12:$J23),""),IF(AND(YEAR($A23)=2009,YEAR($A24)=2010),SUM($J$12:$J23,$J24*(V$8-$A23)/($A24-$A23)),""))) | AH22: =IF($A23="","",IF($A24="",IF(YEAR($A23)=2010,SUM($J$12:$J23),""),IF(AND(YEAR($A23)=2010,YEAR($A24)=2011),SUM($J$12:$J23,$J24*(W$8-$A23)/($A24-$A23)),""))) | AI22: =IF($A23="","",IF($A24="",IF(YEAR($A23)=2011,SUM($J$12:$J23),""),IF(AND(YEAR($A23)=2011,YEAR($A24)=2012),SUM($J$12:$J23,$J24*(X$8-$A23)/($A24-$A23)),""))) | AJ22: =IF($A23="","",IF($A24="",IF(YEAR($A23)=2012,SUM($J$12:$J23),""),IF(AND(YEAR($A23)=2012,YEAR($A24)=2013),SUM($J$12:$J23,$J24*(Y$8-$A23)/($A24-$A23)),"")))
A23: =IF(B23<=($E$5*$E$7),DATE(YEAR(A22),MONTH(A22)+12/$E$7,DAY(A22)),"") | B23: =IF($E$5*$E$7<11," ",11) | C23: =IF(AND(B21=" ",B22=" ",B23=" ")," ",IF(B22=" ",SUM(C$13:C21),IF(B23=" "," ",D23+E23))) | D23: =IF(AND(B21=" ",B22=" ",B23=" ")," ",IF(B22=" ",SUM(D$13:D21),IF(B23=" "," ",ROUND(F22*E$6/E$7,2)))) | E23: =IF(AND(B21=" ",B22=" ",B23=" ")," ",IF(B22=" ",SUM(E$13:E21),IF(B23=" "," ",E$8))) | F23: =IF(AND(B21=" ",B22=" ",B23=" ")," ",IF(B22=" ",SUM(F$12:F20),IF(B23=" "," ",F22-E23))) | G23: =IF(AND(B21=" ",B22=" ",B23=" ")," ",IF(B22=" ",SUM(G$12:G21),IF(B24=" ",IF(E$5*E$7=B23,C23-C$7+C$8+G$10," "),C23))) | H23: =IF(AND(B21=" ",B22=" ",B23=" ")," ",IF(B22=" ",SUM(H$13:H21)*E$7,IF(B23=" "," ",IF(B24=" ",IF(E$5*E$7=B23,IRR(G$12:G23,0.01)," ")," ")))) | I23: =IF(A24="","",F23-C$7) | J23: =IF(I22="","",I22*(A23-A22)/365) | K23: 2008年占用 | L23: =IF((SUM(AF11:AF133)-L20-L17-L14-L11-L8-L5)<0,0,SUM(AF11:AF133)/10000-L20-L17-L14-L11-L8-L5) -> 0 | M23: 2008年后占用 | N23: =IF(L23=0,0,L23+L26+L29+L32+L35) -> 0 | O23: =IF($A24="","",IF($A25="",IF(YEAR($A24)=2002,SUM($D$12:$D24),""),IF(AND(YEAR($A24)=2002,YEAR($A25)=2003),SUM($D$12:$D24,$D25*(O$8-$A24)/($A25-$A24)),""))) | P23: =IF($A24="","",IF($A25="",IF(YEAR($A24)=2003,SUM($D$12:$D24),""),IF(AND(YEAR($A24)=2003,YEAR($A25)=2004),SUM($D$12:$D24,$D25*(P$8-$A24)/($A25-$A24)),""))) | Q23: =IF(A24="","",IF(A25="",IF(YEAR(A24)=2004,SUM(D$12:D24),""),IF(AND(YEAR(A24)=2004,YEAR(A25)=2005),SUM(D$12:D24,D25*(Q$8-A24)/(A25-A24)),""))) | R23: =IF(A24="","",IF(A25="",IF(YEAR(A24)=2005,SUM(D$12:D24),""),IF(AND(YEAR(A24)=2005,YEAR(A25)=2006),SUM(D$12:D24,D25*(R$8-A24)/(A25-A24)),""))) | S23: =IF(A24="","",IF(A25="",IF(YEAR(A24)=2006,SUM(D$12:D24),""),IF(AND(YEAR(A24)=2006,YEAR(A25)=2007),SUM(D$12:D24,D25*(S$8-A24)/(A25-A24)),""))) | T23: =IF(A24="","",IF(A25="",IF(YEAR(A24)=2007,SUM(D$12:D24),""),IF(AND(YEAR(A24)=2007,YEAR(A25)=2008),SUM(D$12:D24,D25*(T$8-A24)/(A25-A24)),""))) | U23: =IF(A24="","",IF(A25="",IF(YEAR(A24)=2008,SUM(D$12:D24),""),IF(AND(YEAR(A24)=2008,YEAR(A25)=2009),SUM(D$12:D24,D25*(U$8-A24)/(A25-A24)),""))) | V23: =IF(A24="","",IF(A25="",IF(YEAR(A24)=2009,SUM(D$12:D24),""),IF(AND(YEAR(A24)=2009,YEAR(A25)=2010),SUM(D$12:D24,D25*(V$8-A24)/(A25-A24)),""))) | W23: =IF(A24="","",IF(A25="",IF(YEAR(A24)=2010,SUM(D$12:D24),""),IF(AND(YEAR(A24)=2010,YEAR(A25)=2011),SUM(D$12:D24,D25*(W$8-A24)/(A25-A24)),""))) | X23: =IF(A24="","",IF(A25="",IF(YEAR(A24)=2011,SUM(D$12:D24),""),IF(AND(YEAR(A24)=2011,YEAR(A25)=2012),SUM(D$12:D24,D25*(X$8-A24)/(A25-A24)),""))) | Y23: =IF(A24="","",IF(A25="",IF(YEAR(A24)=2012,SUM(D$12:D24),""),IF(AND(YEAR(A24)=2012,YEAR(A25)=2013),SUM(D$12:D24,D25*(Y$8-A24)/(A25-A24)),""))) | Z23: =IF($A24="","",IF($A25="",IF(YEAR($A24)=2002,SUM($J$12:$J24),""),IF(AND(YEAR($A24)=2002,YEAR($A25)=2003),SUM($J$12:$J24,$J25*(O$8-$A24)/($A25-$A24)),""))) | AA23: =IF($A24="","",IF($A25="",IF(YEAR($A24)=2003,SUM($J$12:$J24),""),IF(AND(YEAR($A24)=2003,YEAR($A25)=2004),SUM($J$12:$J24,$J25*(P$8-$A24)/($A25-$A24)),""))) | AB23: =IF($A24="","",IF($A25="",IF(YEAR($A24)=2004,SUM($J$12:$J24),""),IF(AND(YEAR($A24)=2004,YEAR($A25)=2005),SUM($J$12:$J24,$J25*(Q$8-$A24)/($A25-$A24)),""))) | AC23: =IF($A24="","",IF($A25="",IF(YEAR($A24)=2005,SUM($J$12:$J24),""),IF(AND(YEAR($A24)=2005,YEAR($A25)=2006),SUM($J$12:$J24,$J25*(R$8-$A24)/($A25-$A24)),""))) | AD23: =IF($A24="","",IF($A25="",IF(YEAR($A24)=2006,SUM($J$12:$J24),""),IF(AND(YEAR($A24)=2006,YEAR($A25)=2007),SUM($J$12:$J24,$J25*(S$8-$A24)/($A25-$A24)),""))) | AE23: =IF($A24="","",IF($A25="",IF(YEAR($A24)=2007,SUM($J$12:$J24),""),IF(AND(YEAR($A24)=2007,YEAR($A25)=2008),SUM($J$12:$J24,$J25*(T$8-$A24)/($A25-$A24)),""))) | AF23: =IF($A24="","",IF($A25="",IF(YEAR($A24)=2008,SUM($J$12:$J24),""),IF(AND(YEAR($A24)=2008,YEAR($A25)=2009),SUM($J$12:$J24,$J25*(U$8-$A24)/($A25-$A24)),""))) | AG23: =IF($A24="","",IF($A25="",IF(YEAR($A24)=2009,SUM($J$12:$J24),""),IF(AND(YEAR($A24)=2009,YEAR($A25)=2010),SUM($J$12:$J24,$J25*(V$8-$A24)/($A25-$A24)),""))) | AH23: =IF($A24="","",IF($A25="",IF(YEAR($A24)=2010,SUM($J$12:$J24),""),IF(AND(YEAR($A24)=2010,YEAR($A25)=2011),SUM($J$12:$J24,$J25*(W$8-$A24)/($A25-$A24)),""))) | AI23: =IF($A24="","",IF($A25="",IF(YEAR($A24)=2011,SUM($J$12:$J24),""),IF(AND(YEAR($A24)=2011,YEAR($A25)=2012),SUM($J$12:$J24,$J25*(X$8-$A24)/($A25-$A24)),""))) | AJ23: =IF($A24="","",IF($A25="",IF(YEAR($A24)=2012,SUM($J$12:$J24),""),IF(AND(YEAR($A24)=2012,YEAR($A25)=2013),SUM($J$12:$J24,$J25*(Y$8-$A24)/($A25-$A24)),"")))
A24: =IF(B24<=($E$5*$E$7),DATE(YEAR(A23),MONTH(A23)+12/$E$7,DAY(A23)),"") | B24: =IF($E$5*$E$7<12," ",12) | C24: =IF(AND(B22=" ",B23=" ",B24=" ")," ",IF(B23=" ",SUM(C$13:C22),IF(B24=" "," ",D24+E24))) -> 62282950 | D24: =IF(AND(B22=" ",B23=" ",B24=" ")," ",IF(B23=" ",SUM(D$13:D22),IF(B24=" "," ",ROUND(F23*E$6/E$7,2)))) -> 9282950 | E24: =IF(AND(B22=" ",B23=" ",B24=" ")," ",IF(B23=" ",SUM(E$13:E22),IF(B24=" "," ",E$8))) -> 53000000 | F24: =IF(AND(B22=" ",B23=" ",B24=" ")," ",IF(B23=" ",SUM(F$12:F21),IF(B24=" "," ",F23-E24))) -> 299450000 | G24: =IF(AND(B22=" ",B23=" ",B24=" ")," ",IF(B23=" ",SUM(G$12:G22),IF(B25=" ",IF(E$5*E$7=B24,C24-C$7+C$8+G$10," "),C24))) -> 13522950 | H24: =IF(AND(B22=" ",B23=" ",B24=" ")," ",IF(B23=" ",SUM(H$13:H22)*E$7,IF(B24=" "," ",IF(B25=" ",IF(E$5*E$7=B24,IRR(G$12:G24,0.01)," ")," ")))) -> 0.11577833 | I24: =IF(A25="","",F24-C$7) | J24: =IF(I23="","",I23*(A24-A23)/365) | L24: =IF(L23=0,0,L22/L23) -> 0 | N24: =IF(N23=0,0,N22/N23) -> 0 | O24: =IF($A25="","",IF($A26="",IF(YEAR($A25)=2002,SUM($D$12:$D25),""),IF(AND(YEAR($A25)=2002,YEAR($A26)=2003),SUM($D$12:$D25,$D26*(O$8-$A25)/($A26-$A25)),""))) | P24: =IF($A25="","",IF($A26="",IF(YEAR($A25)=2003,SUM($D$12:$D25),""),IF(AND(YEAR($A25)=2003,YEAR($A26)=2004),SUM($D$12:$D25,$D26*(P$8-$A25)/($A26-$A25)),""))) | Q24: =IF(A25="","",IF(A26="",IF(YEAR(A25)=2004,SUM(D$12:D25),""),IF(AND(YEAR(A25)=2004,YEAR(A26)=2005),SUM(D$12:D25,D26*(Q$8-A25)/(A26-A25)),""))) | R24: =IF(A25="","",IF(A26="",IF(YEAR(A25)=2005,SUM(D$12:D25),""),IF(AND(YEAR(A25)=2005,YEAR(A26)=2006),SUM(D$12:D25,D26*(R$8-A25)/(A26-A25)),""))) | S24: =IF(A25="","",IF(A26="",IF(YEAR(A25)=2006,SUM(D$12:D25),""),IF(AND(YEAR(A25)=2006,YEAR(A26)=2007),SUM(D$12:D25,D26*(S$8-A25)/(A26-A25)),""))) | T24: =IF(A25="","",IF(A26="",IF(YEAR(A25)=2007,SUM(D$12:D25),""),IF(AND(YEAR(A25)=2007,YEAR(A26)=2008),SUM(D$12:D25,D26*(T$8-A25)/(A26-A25)),""))) | U24: =IF(A25="","",IF(A26="",IF(YEAR(A25)=2008,SUM(D$12:D25),""),IF(AND(YEAR(A25)=2008,YEAR(A26)=2009),SUM(D$12:D25,D26*(U$8-A25)/(A26-A25)),""))) | V24: =IF(A25="","",IF(A26="",IF(YEAR(A25)=2009,SUM(D$12:D25),""),IF(AND(YEAR(A25)=2009,YEAR(A26)=2010),SUM(D$12:D25,D26*(V$8-A25)/(A26-A25)),""))) | W24: =IF(A25="","",IF(A26="",IF(YEAR(A25)=2010,SUM(D$12:D25),""),IF(AND(YEAR(A25)=2010,YEAR(A26)=2011),SUM(D$12:D25,D26*(W$8-A25)/(A26-A25)),""))) | X24: =IF(A25="","",IF(A26="",IF(YEAR(A25)=2011,SUM(D$12:D25),""),IF(AND(YEAR(A25)=2011,YEAR(A26)=2012),SUM(D$12:D25,D26*(X$8-A25)/(A26-A25)),""))) | Y24: =IF(A25="","",IF(A26="",IF(YEAR(A25)=2012,SUM(D$12:D25),""),IF(AND(YEAR(A25)=2012,YEAR(A26)=2013),SUM(D$12:D25,D26*(Y$8-A25)/(A26-A25)),""))) | Z24: =IF($A25="","",IF($A26="",IF(YEAR($A25)=2002,SUM($J$12:$J25),""),IF(AND(YEAR($A25)=2002,YEAR($A26)=2003),SUM($J$12:$J25,$J26*(O$8-$A25)/($A26-$A25)),""))) | AA24: =IF($A25="","",IF($A26="",IF(YEAR($A25)=2003,SUM($J$12:$J25),""),IF(AND(YEAR($A25)=2003,YEAR($A26)=2004),SUM($J$12:$J25,$J26*(P$8-$A25)/($A26-$A25)),""))) | AB24: =IF($A25="","",IF($A26="",IF(YEAR($A25)=2004,SUM($J$12:$J25),""),IF(AND(YEAR($A25)=2004,YEAR($A26)=2005),SUM($J$12:$J25,$J26*(Q$8-$A25)/($A26-$A25)),""))) | AC24: =IF($A25="","",IF($A26="",IF(YEAR($A25)=2005,SUM($J$12:$J25),""),IF(AND(YEAR($A25)=2005,YEAR($A26)=2006),SUM($J$12:$J25,$J26*(R$8-$A25)/($A26-$A25)),""))) | AD24: =IF($A25="","",IF($A26="",IF(YEAR($A25)=2006,SUM($J$12:$J25),""),IF(AND(YEAR($A25)=2006,YEAR($A26)=2007),SUM($J$12:$J25,$J26*(S$8-$A25)/($A26-$A25)),""))) | AE24: =IF($A25="","",IF($A26="",IF(YEAR($A25)=2007,SUM($J$12:$J25),""),IF(AND(YEAR($A25)=2007,YEAR($A26)=2008),SUM($J$12:$J25,$J26*(T$8-$A25)/($A26-$A25)),""))) | AF24: =IF($A25="","",IF($A26="",IF(YEAR($A25)=2008,SUM($J$12:$J25),""),IF(AND(YEAR($A25)=2008,YEAR($A26)=2009),SUM($J$12:$J25,$J26*(U$8-$A25)/($A26-$A25)),""))) | AG24: =IF($A25="","",IF($A26="",IF(YEAR($A25)=2009,SUM($J$12:$J25),""),IF(AND(YEAR($A25)=2009,YEAR($A26)=2010),SUM($J$12:$J25,$J26*(V$8-$A25)/($A26-$A25)),""))) | AH24: =IF($A25="","",IF($A26="",IF(YEAR($A25)=2010,SUM($J$12:$J25),""),IF(AND(YEAR($A25)=2010,YEAR($A26)=2011),SUM($J$12:$J25,$J26*(W$8-$A25)/($A26-$A25)),""))) | AI24: =IF($A25="","",IF($A26="",IF(YEAR($A25)=2011,SUM($J$12:$J25),""),IF(AND(YEAR($A25)=2011,YEAR($A26)=2012),SUM($J$12:$J25,$J26*(X$8-$A25)/($A26-$A25)),""))) | AJ24: =IF($A25="","",IF($A26="",IF(YEAR($A25)=2012,SUM($J$12:$J25),""),IF(AND(YEAR($A25)=2012,YEAR($A26)=2013),SUM($J$12:$J25,$J26*(Y$8-$A25)/($A26-$A25)),"")))
A25: =IF(B25<=($E$5*$E$7),DATE(YEAR(A24),MONTH(A24)+12/$E$7,DAY(A24)),"") | B25: =IF($E$5*$E$7<13," ",13) | C25: =IF(AND(B23=" ",B24=" ",B25=" ")," ",IF(B24=" ",SUM(C$13:C23),IF(B25=" "," ",D25+E25))) | D25: =IF(AND(B23=" ",B24=" ",B25=" ")," ",IF(B24=" ",SUM(D$13:D23),IF(B25=" "," ",ROUND(F24*E$6/E$7,2)))) | E25: =IF(AND(B23=" ",B24=" ",B25=" ")," ",IF(B24=" ",SUM(E$13:E23),IF(B25=" "," ",E$8))) | F25: =IF(AND(B23=" ",B24=" ",B25=" ")," ",IF(B24=" ",SUM(F$12:F22),IF(B25=" "," ",F24-E25))) | G25: =IF(AND(B23=" ",B24=" ",B25=" ")," ",IF(B24=" ",SUM(G$12:G23),IF(B26=" ",IF(E$5*E$7=B25,C25-C$7+C$8+G$10," "),C25))) | H25: =IF(AND(B23=" ",B24=" ",B25=" ")," ",IF(B24=" ",SUM(H$13:H23)*E$7,IF(B25=" "," ",IF(B26=" ",IF(E$5*E$7=B25,IRR(G$12:G25,0.01)," ")," ")))) | I25: =IF(A26="","",F25-C$7) | J25: =IF(I24="","",I24*(A25-A24)/365) | K25: 2009年收入 | L25: =IF((SUM(V11:V133)-L22-L19-L16-L13-L10-L7-L4)<0,0,SUM(V11:V133)/10000-L22-L19-L16-L13-L10-L7-L4) -> 32.678453 | M25: 2009年后收入 | N25: =IF(L25=0,0,L25+L28+L31+L34) -> 790.21038 | O25: =IF($A26="","",IF($A27="",IF(YEAR($A26)=2002,SUM($D$12:$D26),""),IF(AND(YEAR($A26)=2002,YEAR($A27)=2003),SUM($D$12:$D26,$D27*(O$8-$A26)/($A27-$A26)),""))) | P25: =IF($A26="","",IF($A27="",IF(YEAR($A26)=2003,SUM($D$12:$D26),""),IF(AND(YEAR($A26)=2003,YEAR($A27)=2004),SUM($D$12:$D26,$D27*(P$8-$A26)/($A27-$A26)),""))) | Q25: =IF(A26="","",IF(A27="",IF(YEAR(A26)=2004,SUM(D$12:D26),""),IF(AND(YEAR(A26)=2004,YEAR(A27)=2005),SUM(D$12:D26,D27*(Q$8-A26)/(A27-A26)),""))) | R25: =IF(A26="","",IF(A27="",IF(YEAR(A26)=2005,SUM(D$12:D26),""),IF(AND(YEAR(A26)=2005,YEAR(A27)=2006),SUM(D$12:D26,D27*(R$8-A26)/(A27-A26)),""))) | S25: =IF(A26="","",IF(A27="",IF(YEAR(A26)=2006,SUM(D$12:D26),""),IF(AND(YEAR(A26)=2006,YEAR(A27)=2007),SUM(D$12:D26,D27*(S$8-A26)/(A27-A26)),""))) | T25: =IF(A26="","",IF(A27="",IF(YEAR(A26)=2007,SUM(D$12:D26),""),IF(AND(YEAR(A26)=2007,YEAR(A27)=2008),SUM(D$12:D26,D27*(T$8-A26)/(A27-A26)),""))) | U25: =IF(A26="","",IF(A27="",IF(YEAR(A26)=2008,SUM(D$12:D26),""),IF(AND(YEAR(A26)=2008,YEAR(A27)=2009),SUM(D$12:D26,D27*(U$8-A26)/(A27-A26)),""))) | V25: =IF(A26="","",IF(A27="",IF(YEAR(A26)=2009,SUM(D$12:D26),""),IF(AND(YEAR(A26)=2009,YEAR(A27)=2010),SUM(D$12:D26,D27*(V$8-A26)/(A27-A26)),""))) | W25: =IF(A26="","",IF(A27="",IF(YEAR(A26)=2010,SUM(D$12:D26),""),IF(AND(YEAR(A26)=2010,YEAR(A27)=2011),SUM(D$12:D26,D27*(W$8-A26)/(A27-A26)),""))) | X25: =IF(A26="","",IF(A27="",IF(YEAR(A26)=2011,SUM(D$12:D26),""),IF(AND(YEAR(A26)=2011,YEAR(A27)=2012),SUM(D$12:D26,D27*(X$8-A26)/(A27-A26)),""))) | Y25: =IF(A26="","",IF(A27="",IF(YEAR(A26)=2012,SUM(D$12:D26),""),IF(AND(YEAR(A26)=2012,YEAR(A27)=2013),SUM(D$12:D26,D27*(Y$8-A26)/(A27-A26)),""))) | Z25: =IF($A26="","",IF($A27="",IF(YEAR($A26)=2002,SUM($J$12:$J26),""),IF(AND(YEAR($A26)=2002,YEAR($A27)=2003),SUM($J$12:$J26,$J27*(O$8-$A26)/($A27-$A26)),""))) | AA25: =IF($A26="","",IF($A27="",IF(YEAR($A26)=2003,SUM($J$12:$J26),""),IF(AND(YEAR($A26)=2003,YEAR($A27)=2004),SUM($J$12:$J26,$J27*(P$8-$A26)/($A27-$A26)),""))) | AB25: =IF($A26="","",IF($A27="",IF(YEAR($A26)=2004,SUM($J$12:$J26),""),IF(AND(YEAR($A26)=2004,YEAR($A27)=2005),SUM($J$12:$J26,$J27*(Q$8-$A26)/($A27-$A26)),""))) | AC25: =IF($A26="","",IF($A27="",IF(YEAR($A26)=2005,SUM($J$12:$J26),""),IF(AND(YEAR($A26)=2005,YEAR($A27)=2006),SUM($J$12:$J26,$J27*(R$8-$A26)/($A27-$A26)),""))) | AD25: =IF($A26="","",IF($A27="",IF(YEAR($A26)=2006,SUM($J$12:$J26),""),IF(AND(YEAR($A26)=2006,YEAR($A27)=2007),SUM($J$12:$J26,$J27*(S$8-$A26)/($A27-$A26)),""))) | AE25: =IF($A26="","",IF($A27="",IF(YEAR($A26)=2007,SUM($J$12:$J26),""),IF(AND(YEAR($A26)=2007,YEAR($A27)=2008),SUM($J$12:$J26,$J27*(T$8-$A26)/($A27-$A26)),""))) | AF25: =IF($A26="","",IF($A27="",IF(YEAR($A26)=2008,SUM($J$12:$J26),""),IF(AND(YEAR($A26)=2008,YEAR($A27)=2009),SUM($J$12:$J26,$J27*(U$8-$A26)/($A27-$A26)),""))) | AG25: =IF($A26="","",IF($A27="",IF(YEAR($A26)=2009,SUM($J$12:$J26),""),IF(AND(YEAR($A26)=2009,YEAR($A27)=2010),SUM($J$12:$J26,$J27*(V$8-$A26)/($A27-$A26)),""))) | AH25: =IF($A26="","",IF($A27="",IF(YEAR($A26)=2010,SUM($J$12:$J26),""),IF(AND(YEAR($A26)=2010,YEAR($A27)=2011),SUM($J$12:$J26,$J27*(W$8-$A26)/($A27-$A26)),""))) | AI25: =IF($A26="","",IF($A27="",IF(YEAR($A26)=2011,SUM($J$12:$J26),""),IF(AND(YEAR($A26)=2011,YEAR($A27)=2012),SUM($J$12:$J26,$J27*(X$8-$A26)/($A27-$A26)),""))) | AJ25: =IF($A26="","",IF($A27="",IF(YEAR($A26)=2012,SUM($J$12:$J26),""),IF(AND(YEAR($A26)=2012,YEAR($A27)=2013),SUM($J$12:$J26,$J27*(Y$8-$A26)/($A27-$A26)),"")))
A26: =IF(B26<=($E$5*$E$7),DATE(YEAR(A25),MONTH(A25)+12/$E$7,DAY(A25)),"") | B26: =IF($E$5*$E$7<14," ",14) | C26: =IF(AND(B24=" ",B25=" ",B26=" ")," ",IF(B25=" ",SUM(C$13:C24),IF(B26=" "," ",D26+E26))) | D26: =IF(AND(B24=" ",B25=" ",B26=" ")," ",IF(B25=" ",SUM(D$13:D24),IF(B26=" "," ",ROUND(F25*E$6/E$7,2)))) | E26: =IF(AND(B24=" ",B25=" ",B26=" ")," ",IF(B25=" ",SUM(E$13:E24),IF(B26=" "," ",E$8))) | F26: =IF(AND(B24=" ",B25=" ",B26=" ")," ",IF(B25=" ",SUM(F$12:F23),IF(B26=" "," ",F25-E26))) | G26: =IF(AND(B24=" ",B25=" ",B26=" ")," ",IF(B25=" ",SUM(G$12:G24),IF(B27=" ",IF(E$5*E$7=B26,C26-C$7+C$8+G$10," "),C26))) | H26: =IF(AND(B24=" ",B25=" ",B26=" ")," ",IF(B25=" ",SUM(H$13:H24)*E$7,IF(B26=" "," ",IF(B27=" ",IF(E$5*E$7=B26,IRR(G$12:G26,0.01)," ")," ")))) | I26: =IF(A27="","",F26-C$7) | J26: =IF(I25="","",I25*(A26-A25)/365) | K26: 2009年占用 | L26: =IF((SUM(AG11:AG133)-L23-L20-L17-L14-L11-L8-L5)<0,0,SUM(AG11:AG133)/10000-L23-L20-L17-L14-L11-L8-L5) -> 465.23836 | M26: 2009年后占用 | N26: =IF(L26=0,0,L26+L29+L32+L35) -> 10940.071 | O26: =IF($A27="","",IF($A28="",IF(YEAR($A27)=2002,SUM($D$12:$D27),""),IF(AND(YEAR($A27)=2002,YEAR($A28)=2003),SUM($D$12:$D27,$D28*(O$8-$A27)/($A28-$A27)),""))) | P26: =IF($A27="","",IF($A28="",IF(YEAR($A27)=2003,SUM($D$12:$D27),""),IF(AND(YEAR($A27)=2003,YEAR($A28)=2004),SUM($D$12:$D27,$D28*(P$8-$A27)/($A28-$A27)),""))) | Q26: =IF(A27="","",IF(A28="",IF(YEAR(A27)=2004,SUM(D$12:D27),""),IF(AND(YEAR(A27)=2004,YEAR(A28)=2005),SUM(D$12:D27,D28*(Q$8-A27)/(A28-A27)),""))) | R26: =IF(A27="","",IF(A28="",IF(YEAR(A27)=2005,SUM(D$12:D27),""),IF(AND(YEAR(A27)=2005,YEAR(A28)=2006),SUM(D$12:D27,D28*(R$8-A27)/(A28-A27)),""))) | S26: =IF(A27="","",IF(A28="",IF(YEAR(A27)=2006,SUM(D$12:D27),""),IF(AND(YEAR(A27)=2006,YEAR(A28)=2007),SUM(D$12:D27,D28*(S$8-A27)/(A28-A27)),""))) | T26: =IF(A27="","",IF(A28="",IF(YEAR(A27)=2007,SUM(D$12:D27),""),IF(AND(YEAR(A27)=2007,YEAR(A28)=2008),SUM(D$12:D27,D28*(T$8-A27)/(A28-A27)),""))) | U26: =IF(A27="","",IF(A28="",IF(YEAR(A27)=2008,SUM(D$12:D27),""),IF(AND(YEAR(A27)=2008,YEAR(A28)=2009),SUM(D$12:D27,D28*(U$8-A27)/(A28-A27)),""))) | V26: =IF(A27="","",IF(A28="",IF(YEAR(A27)=2009,SUM(D$12:D27),""),IF(AND(YEAR(A27)=2009,YEAR(A28)=2010),SUM(D$12:D27,D28*(V$8-A27)/(A28-A27)),""))) | W26: =IF(A27="","",IF(A28="",IF(YEAR(A27)=2010,SUM(D$12:D27),""),IF(AND(YEAR(A27)=2010,YEAR(A28)=2011),SUM(D$12:D27,D28*(W$8-A27)/(A28-A27)),""))) | X26: =IF(A27="","",IF(A28="",IF(YEAR(A27)=2011,SUM(D$12:D27),""),IF(AND(YEAR(A27)=2011,YEAR(A28)=2012),SUM(D$12:D27,D28*(X$8-A27)/(A28-A27)),""))) | Y26: =IF(A27="","",IF(A28="",IF(YEAR(A27)=2012,SUM(D$12:D27),""),IF(AND(YEAR(A27)=2012,YEAR(A28)=2013),SUM(D$12:D27,D28*(Y$8-A27)/(A28-A27)),""))) | Z26: =IF($A27="","",IF($A28="",IF(YEAR($A27)=2002,SUM($J$12:$J27),""),IF(AND(YEAR($A27)=2002,YEAR($A28)=2003),SUM($J$12:$J27,$J28*(O$8-$A27)/($A28-$A27)),""))) | AA26: =IF($A27="","",IF($A28="",IF(YEAR($A27)=2003,SUM($J$12:$J27),""),IF(AND(YEAR($A27)=2003,YEAR($A28)=2004),SUM($J$12:$J27,$J28*(P$8-$A27)/($A28-$A27)),""))) | AB26: =IF($A27="","",IF($A28="",IF(YEAR($A27)=2004,SUM($J$12:$J27),""),IF(AND(YEAR($A27)=2004,YEAR($A28)=2005),SUM($J$12:$J27,$J28*(Q$8-$A27)/($A28-$A27)),""))) | AC26: =IF($A27="","",IF($A28="",IF(YEAR($A27)=2005,SUM($J$12:$J27),""),IF(AND(YEAR($A27)=2005,YEAR($A28)=2006),SUM($J$12:$J27,$J28*(R$8-$A27)/($A28-$A27)),""))) | AD26: =IF($A27="","",IF($A28="",IF(YEAR($A27)=2006,SUM($J$12:$J27),""),IF(AND(YEAR($A27)=2006,YEAR($A28)=2007),SUM($J$12:$J27,$J28*(S$8-$A27)/($A28-$A27)),""))) | AE26: =IF($A27="","",IF($A28="",IF(YEAR($A27)=2007,SUM($J$12:$J27),""),IF(AND(YEAR($A27)=2007,YEAR($A28)=2008),SUM($J$12:$J27,$J28*(T$8-$A27)/($A28-$A27)),""))) | AF26: =IF($A27="","",IF($A28="",IF(YEAR($A27)=2008,SUM($J$12:$J27),""),IF(AND(YEAR($A27)=2008,YEAR($A28)=2009),SUM($J$12:$J27,$J28*(U$8-$A27)/($A28-$A27)),""))) | AG26: =IF($A27="","",IF($A28="",IF(YEAR($A27)=2009,SUM($J$12:$J27),""),IF(AND(YEAR($A27)=2009,YEAR($A28)=2010),SUM($J$12:$J27,$J28*(V$8-$A27)/($A28-$A27)),""))) | AH26: =IF($A27="","",IF($A28="",IF(YEAR($A27)=2010,SUM($J$12:$J27),""),IF(AND(YEAR($A27)=2010,YEAR($A28)=2011),SUM($J$12:$J27,$J28*(W$8-$A27)/($A28-$A27)),""))) | AI26: =IF($A27="","",IF($A28="",IF(YEAR($A27)=2011,SUM($J$12:$J27),""),IF(AND(YEAR($A27)=2011,YEAR($A28)=2012),SUM($J$12:$J27,$J28*(X$8-$A27)/($A28-$A27)),""))) | AJ26: =IF($A27="","",IF($A28="",IF(YEAR($A27)=2012,SUM($J$12:$J27),""),IF(AND(YEAR($A27)=2012,YEAR($A28)=2013),SUM($J$12:$J27,$J28*(Y$8-$A27)/($A28-$A27)),"")))
A27: =IF(B27<=($E$5*$E$7),DATE(YEAR(A26),MONTH(A26)+12/$E$7,DAY(A26)),"") | B27: =IF($E$5*$E$7<15," ",15) | C27: =IF(AND(B25=" ",B26=" ",B27=" ")," ",IF(B26=" ",SUM(C$13:C25),IF(B27=" "," ",D27+E27))) | D27: =IF(AND(B25=" ",B26=" ",B27=" ")," ",IF(B26=" ",SUM(D$13:D25),IF(B27=" "," ",ROUND(F26*E$6/E$7,2)))) | E27: =IF(AND(B25=" ",B26=" ",B27=" ")," ",IF(B26=" ",SUM(E$13:E25),IF(B27=" "," ",E$8))) | F27: =IF(AND(B25=" ",B26=" ",B27=" ")," ",IF(B26=" ",SUM(F$12:F24),IF(B27=" "," ",F26-E27))) | G27: =IF(AND(B25=" ",B26=" ",B27=" ")," ",IF(B26=" ",SUM(G$12:G25),IF(B28=" ",IF(E$5*E$7=B27,C27-C$7+C$8+G$10," "),C27))) | H27: =IF(AND(B25=" ",B26=" ",B27=" ")," ",IF(B26=" ",SUM(H$13:H25)*E$7,IF(B27=" "," ",IF(B28=" ",IF(E$5*E$7=B27,IRR(G$12:G27,0.01)," ")," ")))) | I27: =IF(A28="","",F27-C$7) | J27: =IF(I26="","",I26*(A27-A26)/365) | L27: =IF(L26=0,0,L25/L26) -> 0.070240238 | N27: =IF(N26=0,0,N25/N26) -> 0.072230826 | O27: =IF($A28="","",IF($A29="",IF(YEAR($A28)=2002,SUM($D$12:$D28),""),IF(AND(YEAR($A28)=2002,YEAR($A29)=2003),SUM($D$12:$D28,$D29*(O$8-$A28)/($A29-$A28)),""))) | P27: =IF($A28="","",IF($A29="",IF(YEAR($A28)=2003,SUM($D$12:$D28),""),IF(AND(YEAR($A28)=2003,YEAR($A29)=2004),SUM($D$12:$D28,$D29*(P$8-$A28)/($A29-$A28)),""))) | Q27: =IF(A28="","",IF(A29="",IF(YEAR(A28)=2004,SUM(D$12:D28),""),IF(AND(YEAR(A28)=2004,YEAR(A29)=2005),SUM(D$12:D28,D29*(Q$8-A28)/(A29-A28)),""))) | R27: =IF(A28="","",IF(A29="",IF(YEAR(A28)=2005,SUM(D$12:D28),""),IF(AND(YEAR(A28)=2005,YEAR(A29)=2006),SUM(D$12:D28,D29*(R$8-A28)/(A29-A28)),""))) | S27: =IF(A28="","",IF(A29="",IF(YEAR(A28)=2006,SUM(D$12:D28),""),IF(AND(YEAR(A28)=2006,YEAR(A29)=2007),SUM(D$12:D28,D29*(S$8-A28)/(A29-A28)),""))) | T27: =IF(A28="","",IF(A29="",IF(YEAR(A28)=2007,SUM(D$12:D28),""),IF(AND(YEAR(A28)=2007,YEAR(A29)=2008),SUM(D$12:D28,D29*(T$8-A28)/(A29-A28)),""))) | U27: =IF(A28="","",IF(A29="",IF(YEAR(A28)=2008,SUM(D$12:D28),""),IF(AND(YEAR(A28)=2008,YEAR(A29)=2009),SUM(D$12:D28,D29*(U$8-A28)/(A29-A28)),""))) | V27: =IF(A28="","",IF(A29="",IF(YEAR(A28)=2009,SUM(D$12:D28),""),IF(AND(YEAR(A28)=2009,YEAR(A29)=2010),SUM(D$12:D28,D29*(V$8-A28)/(A29-A28)),""))) | W27: =IF(A28="","",IF(A29="",IF(YEAR(A28)=2010,SUM(D$12:D28),""),IF(AND(YEAR(A28)=2010,YEAR(A29)=2011),SUM(D$12:D28,D29*(W$8-A28)/(A29-A28)),""))) | X27: =IF(A28="","",IF(A29="",IF(YEAR(A28)=2011,SUM(D$12:D28),""),IF(AND(YEAR(A28)=2011,YEAR(A29)=2012),SUM(D$12:D28,D29*(X$8-A28)/(A29-A28)),""))) | Y27: =IF(A28="","",IF(A29="",IF(YEAR(A28)=2012,SUM(D$12:D28),""),IF(AND(YEAR(A28)=2012,YEAR(A29)=2013),SUM(D$12:D28,D29*(Y$8-A28)/(A29-A28)),""))) | Z27: =IF($A28="","",IF($A29="",IF(YEAR($A28)=2002,SUM($J$12:$J28),""),IF(AND(YEAR($A28)=2002,YEAR($A29)=2003),SUM($J$12:$J28,$J29*(O$8-$A28)/($A29-$A28)),""))) | AA27: =IF($A28="","",IF($A29="",IF(YEAR($A28)=2003,SUM($J$12:$J28),""),IF(AND(YEAR($A28)=2003,YEAR($A29)=2004),SUM($J$12:$J28,$J29*(P$8-$A28)/($A29-$A28)),""))) | AB27: =IF($A28="","",IF($A29="",IF(YEAR($A28)=2004,SUM($J$12:$J28),""),IF(AND(YEAR($A28)=2004,YEAR($A29)=2005),SUM($J$12:$J28,$J29*(Q$8-$A28)/($A29-$A28)),""))) | AC27: =IF($A28="","",IF($A29="",IF(YEAR($A28)=2005,SUM($J$12:$J28),""),IF(AND(YEAR($A28)=2005,YEAR($A29)=2006),SUM($J$12:$J28,$J29*(R$8-$A28)/($A29-$A28)),""))) | AD27: =IF($A28="","",IF($A29="",IF(YEAR($A28)=2006,SUM($J$12:$J28),""),IF(AND(YEAR($A28)=2006,YEAR($A29)=2007),SUM($J$12:$J28,$J29*(S$8-$A28)/($A29-$A28)),""))) | AE27: =IF($A28="","",IF($A29="",IF(YEAR($A28)=2007,SUM($J$12:$J28),""),IF(AND(YEAR($A28)=2007,YEAR($A29)=2008),SUM($J$12:$J28,$J29*(T$8-$A28)/($A29-$A28)),""))) | AF27: =IF($A28="","",IF($A29="",IF(YEAR($A28)=2008,SUM($J$12:$J28),""),IF(AND(YEAR($A28)=2008,YEAR($A29)=2009),SUM($J$12:$J28,$J29*(U$8-$A28)/($A29-$A28)),""))) | AG27: =IF($A28="","",IF($A29="",IF(YEAR($A28)=2009,SUM($J$12:$J28),""),IF(AND(YEAR($A28)=2009,YEAR($A29)=2010),SUM($J$12:$J28,$J29*(V$8-$A28)/($A29-$A28)),""))) | AH27: =IF($A28="","",IF($A29="",IF(YEAR($A28)=2010,SUM($J$12:$J28),""),IF(AND(YEAR($A28)=2010,YEAR($A29)=2011),SUM($J$12:$J28,$J29*(W$8-$A28)/($A29-$A28)),""))) | AI27: =IF($A28="","",IF($A29="",IF(YEAR($A28)=2011,SUM($J$12:$J28),""),IF(AND(YEAR($A28)=2011,YEAR($A29)=2012),SUM($J$12:$J28,$J29*(X$8-$A28)/($A29-$A28)),""))) | AJ27: =IF($A28="","",IF($A29="",IF(YEAR($A28)=2012,SUM($J$12:$J28),""),IF(AND(YEAR($A28)=2012,YEAR($A29)=2013),SUM($J$12:$J28,$J29*(Y$8-$A28)/($A29-$A28)),"")))
A28: =IF(B28<=($E$5*$E$7),DATE(YEAR(A27),MONTH(A27)+12/$E$7,DAY(A27)),"") | B28: =IF($E$5*$E$7<16," ",16) | C28: =IF(AND(B26=" ",B27=" ",B28=" ")," ",IF(B27=" ",SUM(C$13:C26),IF(B28=" "," ",D28+E28))) | D28: =IF(AND(B26=" ",B27=" ",B28=" ")," ",IF(B27=" ",SUM(D$13:D26),IF(B28=" "," ",ROUND(F27*E$6/E$7,2)))) | E28: =IF(AND(B26=" ",B27=" ",B28=" ")," ",IF(B27=" ",SUM(E$13:E26),IF(B28=" "," ",E$8))) | F28: =IF(AND(B26=" ",B27=" ",B28=" ")," ",IF(B27=" ",SUM(F$12:F25),IF(B28=" "," ",F27-E28))) | G28: =IF(AND(B26=" ",B27=" ",B28=" ")," ",IF(B27=" ",SUM(G$12:G26),IF(B29=" ",IF(E$5*E$7=B28,C28-C$7+C$8+G$10," "),C28))) | H28: =IF(AND(B26=" ",B27=" ",B28=" ")," ",IF(B27=" ",SUM(H$13:H26)*E$7,IF(B28=" "," ",IF(B29=" ",IF(E$5*E$7=B28,IRR(G$12:G28,0.01)," ")," ")))) | I28: =IF(A29="","",F28-C$7) | J28: =IF(I27="","",I27*(A28-A27)/365) | K28: 2010年收入 | L28: =IF((SUM(W11:W133)-L25-L22-L19-L16-L13-L10-L7-L4)<0,0,SUM(W11:W133)/10000-L25-L22-L19-L16-L13-L10-L7-L4) -> 313.51345 | M28: 2010年后收入 | N28: =IF(L28=0,0,L28+L31+L34) -> 757.53193 | O28: =IF($A29="","",IF($A30="",IF(YEAR($A29)=2002,SUM($D$12:$D29),""),IF(AND(YEAR($A29)=2002,YEAR($A30)=2003),SUM($D$12:$D29,$D30*(O$8-$A29)/($A30-$A29)),""))) | P28: =IF($A29="","",IF($A30="",IF(YEAR($A29)=2003,SUM($D$12:$D29),""),IF(AND(YEAR($A29)=2003,YEAR($A30)=2004),SUM($D$12:$D29,$D30*(P$8-$A29)/($A30-$A29)),""))) | Q28: =IF(A29="","",IF(A30="",IF(YEAR(A29)=2004,SUM(D$12:D29),""),IF(AND(YEAR(A29)=2004,YEAR(A30)=2005),SUM(D$12:D29,D30*(Q$8-A29)/(A30-A29)),""))) | R28: =IF(A29="","",IF(A30="",IF(YEAR(A29)=2005,SUM(D$12:D29),""),IF(AND(YEAR(A29)=2005,YEAR(A30)=2006),SUM(D$12:D29,D30*(R$8-A29)/(A30-A29)),""))) | S28: =IF(A29="","",IF(A30="",IF(YEAR(A29)=2006,SUM(D$12:D29),""),IF(AND(YEAR(A29)=2006,YEAR(A30)=2007),SUM(D$12:D29,D30*(S$8-A29)/(A30-A29)),""))) | T28: =IF(A29="","",IF(A30="",IF(YEAR(A29)=2007,SUM(D$12:D29),""),IF(AND(YEAR(A29)=2007,YEAR(A30)=2008),SUM(D$12:D29,D30*(T$8-A29)/(A30-A29)),""))) | U28: =IF(A29="","",IF(A30="",IF(YEAR(A29)=2008,SUM(D$12:D29),""),IF(AND(YEAR(A29)=2008,YEAR(A30)=2009),SUM(D$12:D29,D30*(U$8-A29)/(A30-A29)),""))) | V28: =IF(A29="","",IF(A30="",IF(YEAR(A29)=2009,SUM(D$12:D29),""),IF(AND(YEAR(A29)=2009,YEAR(A30)=2010),SUM(D$12:D29,D30*(V$8-A29)/(A30-A29)),""))) | W28: =IF(A29="","",IF(A30="",IF(YEAR(A29)=2010,SUM(D$12:D29),""),IF(AND(YEAR(A29)=2010,YEAR(A30)=2011),SUM(D$12:D29,D30*(W$8-A29)/(A30-A29)),""))) | X28: =IF(A29="","",IF(A30="",IF(YEAR(A29)=2011,SUM(D$12:D29),""),IF(AND(YEAR(A29)=2011,YEAR(A30)=2012),SUM(D$12:D29,D30*(X$8-A29)/(A30-A29)),""))) | Y28: =IF(A29="","",IF(A30="",IF(YEAR(A29)=2012,SUM(D$12:D29),""),IF(AND(YEAR(A29)=2012,YEAR(A30)=2013),SUM(D$12:D29,D30*(Y$8-A29)/(A30-A29)),""))) | Z28: =IF($A29="","",IF($A30="",IF(YEAR($A29)=2002,SUM($J$12:$J29),""),IF(AND(YEAR($A29)=2002,YEAR($A30)=2003),SUM($J$12:$J29,$J30*(O$8-$A29)/($A30-$A29)),""))) | AA28: =IF($A29="","",IF($A30="",IF(YEAR($A29)=2003,SUM($J$12:$J29),""),IF(AND(YEAR($A29)=2003,YEAR($A30)=2004),SUM($J$12:$J29,$J30*(P$8-$A29)/($A30-$A29)),""))) | AB28: =IF($A29="","",IF($A30="",IF(YEAR($A29)=2004,SUM($J$12:$J29),""),IF(AND(YEAR($A29)=2004,YEAR($A30)=2005),SUM($J$12:$J29,$J30*(Q$8-$A29)/($A30-$A29)),""))) | AC28: =IF($A29="","",IF($A30="",IF(YEAR($A29)=2005,SUM($J$12:$J29),""),IF(AND(YEAR($A29)=2005,YEAR($A30)=2006),SUM($J$12:$J29,$J30*(R$8-$A29)/($A30-$A29)),""))) | AD28: =IF($A29="","",IF($A30="",IF(YEAR($A29)=2006,SUM($J$12:$J29),""),IF(AND(YEAR($A29)=2006,YEAR($A30)=2007),SUM($J$12:$J29,$J30*(S$8-$A29)/($A30-$A29)),""))) | AE28: =IF($A29="","",IF($A30="",IF(YEAR($A29)=2007,SUM($J$12:$J29),""),IF(AND(YEAR($A29)=2007,YEAR($A30)=2008),SUM($J$12:$J29,$J30*(T$8-$A29)/($A30-$A29)),""))) | AF28: =IF($A29="","",IF($A30="",IF(YEAR($A29)=2008,SUM($J$12:$J29),""),IF(AND(YEAR($A29)=2008,YEAR($A30)=2009),SUM($J$12:$J29,$J30*(U$8-$A29)/($A30-$A29)),""))) | AG28: =IF($A29="","",IF($A30="",IF(YEAR($A29)=2009,SUM($J$12:$J29),""),IF(AND(YEAR($A29)=2009,YEAR($A30)=2010),SUM($J$12:$J29,$J30*(V$8-$A29)/($A30-$A29)),""))) | AH28: =IF($A29="","",IF($A30="",IF(YEAR($A29)=2010,SUM($J$12:$J29),""),IF(AND(YEAR($A29)=2010,YEAR($A30)=2011),SUM($J$12:$J29,$J30*(W$8-$A29)/($A30-$A29)),""))) | AI28: =IF($A29="","",IF($A30="",IF(YEAR($A29)=2011,SUM($J$12:$J29),""),IF(AND(YEAR($A29)=2011,YEAR($A30)=2012),SUM($J$12:$J29,$J30*(X$8-$A29)/($A30-$A29)),""))) | AJ28: =IF($A29="","",IF($A30="",IF(YEAR($A29)=2012,SUM($J$12:$J29),""),IF(AND(YEAR($A29)=2012,YEAR($A30)=2013),SUM($J$12:$J29,$J30*(Y$8-$A29)/($A30-$A29)),"")))
A29: =IF(B29<=($E$5*$E$7),DATE(YEAR(A28),MONTH(A28)+12/$E$7,DAY(A28)),"") | B29: =IF($E$5*$E$7<17," ",17) | C29: =IF(AND(B27=" ",B28=" ",B29=" ")," ",IF(B28=" ",SUM(C$13:C27),IF(B29=" "," ",D29+E29))) | D29: =IF(AND(B27=" ",B28=" ",B29=" ")," ",IF(B28=" ",SUM(D$13:D27),IF(B29=" "," ",ROUND(F28*E$6/E$7,2)))) | E29: =IF(AND(B27=" ",B28=" ",B29=" ")," ",IF(B28=" ",SUM(E$13:E27),IF(B29=" "," ",E$8))) | F29: =IF(AND(B27=" ",B28=" ",B29=" ")," ",IF(B28=" ",SUM(F$12:F26),IF(B29=" "," ",F28-E29))) | G29: =IF(AND(B27=" ",B28=" ",B29=" ")," ",IF(B28=" ",SUM(G$12:G27),IF(B30=" ",IF(E$5*E$7=B29,C29-C$7+C$8+G$10," "),C29))) | H29: =IF(AND(B27=" ",B28=" ",B29=" ")," ",IF(B28=" ",SUM(H$13:H27)*E$7,IF(B29=" "," ",IF(B30=" ",IF(E$5*E$7=B29,IRR(G$12:G29,0.01)," ")," ")))) | I29: =IF(A30="","",F29-C$7) | J29: =IF(I28="","",I28*(A29-A28)/365) | K29: 2010年占用 | L29: =IF((SUM(AH11:AH133)-L26-L23-L20-L17-L14-L11-L8-L5)<0,0,SUM(AH11:AH133)/10000-L26-L23-L20-L17-L14-L11-L8-L5) -> 4473.0548 | M29: 2010年后占用 | N29: =IF(L29=0,0,L29+L32+L35) -> 10474.833 | O29: =IF($A30="","",IF($A31="",IF(YEAR($A30)=2002,SUM($D$12:$D30),""),IF(AND(YEAR($A30)=2002,YEAR($A31)=2003),SUM($D$12:$D30,$D31*(O$8-$A30)/($A31-$A30)),""))) | P29: =IF($A30="","",IF($A31="",IF(YEAR($A30)=2003,SUM($D$12:$D30),""),IF(AND(YEAR($A30)=2003,YEAR($A31)=2004),SUM($D$12:$D30,$D31*(P$8-$A30)/($A31-$A30)),""))) | Q29: =IF(A30="","",IF(A31="",IF(YEAR(A30)=2004,SUM(D$12:D30),""),IF(AND(YEAR(A30)=2004,YEAR(A31)=2005),SUM(D$12:D30,D31*(Q$8-A30)/(A31-A30)),""))) | R29: =IF(A30="","",IF(A31="",IF(YEAR(A30)=2005,SUM(D$12:D30),""),IF(AND(YEAR(A30)=2005,YEAR(A31)=2006),SUM(D$12:D30,D31*(R$8-A30)/(A31-A30)),""))) | S29: =IF(A30="","",IF(A31="",IF(YEAR(A30)=2006,SUM(D$12:D30),""),IF(AND(YEAR(A30)=2006,YEAR(A31)=2007),SUM(D$12:D30,D31*(S$8-A30)/(A31-A30)),""))) | T29: =IF(A30="","",IF(A31="",IF(YEAR(A30)=2007,SUM(D$12:D30),""),IF(AND(YEAR(A30)=2007,YEAR(A31)=2008),SUM(D$12:D30,D31*(T$8-A30)/(A31-A30)),""))) | U29: =IF(A30="","",IF(A31="",IF(YEAR(A30)=2008,SUM(D$12:D30),""),IF(AND(YEAR(A30)=2008,YEAR(A31)=2009),SUM(D$12:D30,D31*(U$8-A30)/(A31-A30)),""))) | V29: =IF(A30="","",IF(A31="",IF(YEAR(A30)=2009,SUM(D$12:D30),""),IF(AND(YEAR(A30)=2009,YEAR(A31)=2010),SUM(D$12:D30,D31*(V$8-A30)/(A31-A30)),""))) | W29: =IF(A30="","",IF(A31="",IF(YEAR(A30)=2010,SUM(D$12:D30),""),IF(AND(YEAR(A30)=2010,YEAR(A31)=2011),SUM(D$12:D30,D31*(W$8-A30)/(A31-A30)),""))) | X29: =IF(A30="","",IF(A31="",IF(YEAR(A30)=2011,SUM(D$12:D30),""),IF(AND(YEAR(A30)=2011,YEAR(A31)=2012),SUM(D$12:D30,D31*(X$8-A30)/(A31-A30)),""))) | Y29: =IF(A30="","",IF(A31="",IF(YEAR(A30)=2012,SUM(D$12:D30),""),IF(AND(YEAR(A30)=2012,YEAR(A31)=2013),SUM(D$12:D30,D31*(Y$8-A30)/(A31-A30)),""))) | Z29: =IF($A30="","",IF($A31="",IF(YEAR($A30)=2002,SUM($J$12:$J30),""),IF(AND(YEAR($A30)=2002,YEAR($A31)=2003),SUM($J$12:$J30,$J31*(O$8-$A30)/($A31-$A30)),""))) | AA29: =IF($A30="","",IF($A31="",IF(YEAR($A30)=2003,SUM($J$12:$J30),""),IF(AND(YEAR($A30)=2003,YEAR($A31)=2004),SUM($J$12:$J30,$J31*(P$8-$A30)/($A31-$A30)),""))) | AB29: =IF($A30="","",IF($A31="",IF(YEAR($A30)=2004,SUM($J$12:$J30),""),IF(AND(YEAR($A30)=2004,YEAR($A31)=2005),SUM($J$12:$J30,$J31*(Q$8-$A30)/($A31-$A30)),""))) | AC29: =IF($A30="","",IF($A31="",IF(YEAR($A30)=2005,SUM($J$12:$J30),""),IF(AND(YEAR($A30)=2005,YEAR($A31)=2006),SUM($J$12:$J30,$J31*(R$8-$A30)/($A31-$A30)),""))) | AD29: =IF($A30="","",IF($A31="",IF(YEAR($A30)=2006,SUM($J$12:$J30),""),IF(AND(YEAR($A30)=2006,YEAR($A31)=2007),SUM($J$12:$J30,$J31*(S$8-$A30)/($A31-$A30)),""))) | AE29: =IF($A30="","",IF($A31="",IF(YEAR($A30)=2007,SUM($J$12:$J30),""),IF(AND(YEAR($A30)=2007,YEAR($A31)=2008),SUM($J$12:$J30,$J31*(T$8-$A30)/($A31-$A30)),""))) | AF29: =IF($A30="","",IF($A31="",IF(YEAR($A30)=2008,SUM($J$12:$J30),""),IF(AND(YEAR($A30)=2008,YEAR($A31)=2009),SUM($J$12:$J30,$J31*(U$8-$A30)/($A31-$A30)),""))) | AG29: =IF($A30="","",IF($A31="",IF(YEAR($A30)=2009,SUM($J$12:$J30),""),IF(AND(YEAR($A30)=2009,YEAR($A31)=2010),SUM($J$12:$J30,$J31*(V$8-$A30)/($A31-$A30)),""))) | AH29: =IF($A30="","",IF($A31="",IF(YEAR($A30)=2010,SUM($J$12:$J30),""),IF(AND(YEAR($A30)=2010,YEAR($A31)=2011),SUM($J$12:$J30,$J31*(W$8-$A30)/($A31-$A30)),""))) | AI29: =IF($A30="","",IF($A31="",IF(YEAR($A30)=2011,SUM($J$12:$J30),""),IF(AND(YEAR($A30)=2011,YEAR($A31)=2012),SUM($J$12:$J30,$J31*(X$8-$A30)/($A31-$A30)),""))) | AJ29: =IF($A30="","",IF($A31="",IF(YEAR($A30)=2012,SUM($J$12:$J30),""),IF(AND(YEAR($A30)=2012,YEAR($A31)=2013),SUM($J$12:$J30,$J31*(Y$8-$A30)/($A31-$A30)),"")))
A30: =IF(B30<=($E$5*$E$7),DATE(YEAR(A29),MONTH(A29)+12/$E$7,DAY(A29)),"") | B30: =IF($E$5*$E$7<18," ",18) | C30: =IF(AND(B28=" ",B29=" ",B30=" ")," ",IF(B29=" ",SUM(C$13:C28),IF(B30=" "," ",D30+E30))) | D30: =IF(AND(B28=" ",B29=" ",B30=" ")," ",IF(B29=" ",SUM(D$13:D28),IF(B30=" "," ",ROUND(F29*E$6/E$7,2)))) | E30: =IF(AND(B28=" ",B29=" ",B30=" ")," ",IF(B29=" ",SUM(E$13:E28),IF(B30=" "," ",E$8))) | F30: =IF(AND(B28=" ",B29=" ",B30=" ")," ",IF(B29=" ",SUM(F$12:F27),IF(B30=" "," ",F29-E30))) | G30: =IF(AND(B28=" ",B29=" ",B30=" ")," ",IF(B29=" ",SUM(G$12:G28),IF(B31=" ",IF(E$5*E$7=B30,C30-C$7+C$8+G$10," "),C30))) | H30: =IF(AND(B28=" ",B29=" ",B30=" ")," ",IF(B29=" ",SUM(H$13:H28)*E$7,IF(B30=" "," ",IF(B31=" ",IF(E$5*E$7=B30,IRR(G$12:G30,0.01)," ")," ")))) | I30: =IF(A31="","",F30-C$7) | J30: =IF(I29="","",I29*(A30-A29)/365) | L30: =IF(L29=0,0,L28/L29) -> 0.070089338 | N30: =IF(N29=0,0,N28/N29) -> 0.072319238 | O30: =IF($A31="","",IF($A32="",IF(YEAR($A31)=2002,SUM($D$12:$D31),""),IF(AND(YEAR($A31)=2002,YEAR($A32)=2003),SUM($D$12:$D31,$D32*(O$8-$A31)/($A32-$A31)),""))) | P30: =IF($A31="","",IF($A32="",IF(YEAR($A31)=2003,SUM($D$12:$D31),""),IF(AND(YEAR($A31)=2003,YEAR($A32)=2004),SUM($D$12:$D31,$D32*(P$8-$A31)/($A32-$A31)),""))) | Q30: =IF(A31="","",IF(A32="",IF(YEAR(A31)=2004,SUM(D$12:D31),""),IF(AND(YEAR(A31)=2004,YEAR(A32)=2005),SUM(D$12:D31,D32*(Q$8-A31)/(A32-A31)),""))) | R30: =IF(A31="","",IF(A32="",IF(YEAR(A31)=2005,SUM(D$12:D31),""),IF(AND(YEAR(A31)=2005,YEAR(A32)=2006),SUM(D$12:D31,D32*(R$8-A31)/(A32-A31)),""))) | S30: =IF(A31="","",IF(A32="",IF(YEAR(A31)=2006,SUM(D$12:D31),""),IF(AND(YEAR(A31)=2006,YEAR(A32)=2007),SUM(D$12:D31,D32*(S$8-A31)/(A32-A31)),""))) | T30: =IF(A31="","",IF(A32="",IF(YEAR(A31)=2007,SUM(D$12:D31),""),IF(AND(YEAR(A31)=2007,YEAR(A32)=2008),SUM(D$12:D31,D32*(T$8-A31)/(A32-A31)),""))) | U30: =IF(A31="","",IF(A32="",IF(YEAR(A31)=2008,SUM(D$12:D31),""),IF(AND(YEAR(A31)=2008,YEAR(A32)=2009),SUM(D$12:D31,D32*(U$8-A31)/(A32-A31)),""))) | V30: =IF(A31="","",IF(A32="",IF(YEAR(A31)=2009,SUM(D$12:D31),""),IF(AND(YEAR(A31)=2009,YEAR(A32)=2010),SUM(D$12:D31,D32*(V$8-A31)/(A32-A31)),""))) | W30: =IF(A31="","",IF(A32="",IF(YEAR(A31)=2010,SUM(D$12:D31),""),IF(AND(YEAR(A31)=2010,YEAR(A32)=2011),SUM(D$12:D31,D32*(W$8-A31)/(A32-A31)),""))) | X30: =IF(A31="","",IF(A32="",IF(YEAR(A31)=2011,SUM(D$12:D31),""),IF(AND(YEAR(A31)=2011,YEAR(A32)=2012),SUM(D$12:D31,D32*(X$8-A31)/(A32-A31)),""))) | Y30: =IF(A31="","",IF(A32="",IF(YEAR(A31)=2012,SUM(D$12:D31),""),IF(AND(YEAR(A31)=2012,YEAR(A32)=2013),SUM(D$12:D31,D32*(Y$8-A31)/(A32-A31)),""))) | Z30: =IF($A31="","",IF($A32="",IF(YEAR($A31)=2002,SUM($J$12:$J31),""),IF(AND(YEAR($A31)=2002,YEAR($A32)=2003),SUM($J$12:$J31,$J32*(O$8-$A31)/($A32-$A31)),""))) | AA30: =IF($A31="","",IF($A32="",IF(YEAR($A31)=2003,SUM($J$12:$J31),""),IF(AND(YEAR($A31)=2003,YEAR($A32)=2004),SUM($J$12:$J31,$J32*(P$8-$A31)/($A32-$A31)),""))) | AB30: =IF($A31="","",IF($A32="",IF(YEAR($A31)=2004,SUM($J$12:$J31),""),IF(AND(YEAR($A31)=2004,YEAR($A32)=2005),SUM($J$12:$J31,$J32*(Q$8-$A31)/($A32-$A31)),""))) | AC30: =IF($A31="","",IF($A32="",IF(YEAR($A31)=2005,SUM($J$12:$J31),""),IF(AND(YEAR($A31)=2005,YEAR($A32)=2006),SUM($J$12:$J31,$J32*(R$8-$A31)/($A32-$A31)),""))) | AD30: =IF($A31="","",IF($A32="",IF(YEAR($A31)=2006,SUM($J$12:$J31),""),IF(AND(YEAR($A31)=2006,YEAR($A32)=2007),SUM($J$12:$J31,$J32*(S$8-$A31)/($A32-$A31)),""))) | AE30: =IF($A31="","",IF($A32="",IF(YEAR($A31)=2007,SUM($J$12:$J31),""),IF(AND(YEAR($A31)=2007,YEAR($A32)=2008),SUM($J$12:$J31,$J32*(T$8-$A31)/($A32-$A31)),""))) | AF30: =IF($A31="","",IF($A32="",IF(YEAR($A31)=2008,SUM($J$12:$J31),""),IF(AND(YEAR($A31)=2008,YEAR($A32)=2009),SUM($J$12:$J31,$J32*(U$8-$A31)/($A32-$A31)),""))) | AG30: =IF($A31="","",IF($A32="",IF(YEAR($A31)=2009,SUM($J$12:$J31),""),IF(AND(YEAR($A31)=2009,YEAR($A32)=2010),SUM($J$12:$J31,$J32*(V$8-$A31)/($A32-$A31)),""))) | AH30: =IF($A31="","",IF($A32="",IF(YEAR($A31)=2010,SUM($J$12:$J31),""),IF(AND(YEAR($A31)=2010,YEAR($A32)=2011),SUM($J$12:$J31,$J32*(W$8-$A31)/($A32-$A31)),""))) | AI30: =IF($A31="","",IF($A32="",IF(YEAR($A31)=2011,SUM($J$12:$J31),""),IF(AND(YEAR($A31)=2011,YEAR($A32)=2012),SUM($J$12:$J31,$J32*(X$8-$A31)/($A32-$A31)),""))) | AJ30: =IF($A31="","",IF($A32="",IF(YEAR($A31)=2012,SUM($J$12:$J31),""),IF(AND(YEAR($A31)=2012,YEAR($A32)=2013),SUM($J$12:$J31,$J32*(Y$8-$A31)/($A32-$A31)),"")))
A31: =IF(B31<=($E$5*$E$7),DATE(YEAR(A30),MONTH(A30)+12/$E$7,DAY(A30)),"") | B31: =IF($E$5*$E$7<19," ",19) | C31: =IF(AND(B29=" ",B30=" ",B31=" ")," ",IF(B30=" ",SUM(C$13:C29),IF(B31=" "," ",D31+E31))) | D31: =IF(AND(B29=" ",B30=" ",B31=" ")," ",IF(B30=" ",SUM(D$13:D29),IF(B31=" "," ",ROUND(F30*E$6/E$7,2)))) | E31: =IF(AND(B29=" ",B30=" ",B31=" ")," ",IF(B30=" ",SUM(E$13:E29),IF(B31=" "," ",E$8))) | F31: =IF(AND(B29=" ",B30=" ",B31=" ")," ",IF(B30=" ",SUM(F$12:F28),IF(B31=" "," ",F30-E31))) | G31: =IF(AND(B29=" ",B30=" ",B31=" ")," ",IF(B30=" ",SUM(G$12:G29),IF(B32=" ",IF(E$5*E$7=B31,C31-C$7+C$8+G$10," "),C31))) | H31: =IF(AND(B29=" ",B30=" ",B31=" ")," ",IF(B30=" ",SUM(H$13:H29)*E$7,IF(B31=" "," ",IF(B32=" ",IF(E$5*E$7=B31,IRR(G$12:G31,0.01)," ")," ")))) | I31: =IF(A32="","",F31-C$7) | J31: =IF(I30="","",I30*(A31-A30)/365) | K31: 2011年收入 | L31: =IF((SUM(X11:X133)-L28-L25-L22-L19-L16-L13-L10-L7-L4)<0,0,SUM(X11:X133)/10000-L28-L25-L22-L19-L16-L13-L10-L7-L4) -> 257.54741 | M31: 2011年后收入 | N31: =IF(L31=0,0,L31+L34) -> 444.01848 | O31: =IF($A32="","",IF($A33="",IF(YEAR($A32)=2002,SUM($D$12:$D32),""),IF(AND(YEAR($A32)=2002,YEAR($A33)=2003),SUM($D$12:$D32,$D33*(O$8-$A32)/($A33-$A32)),""))) | P31: =IF($A32="","",IF($A33="",IF(YEAR($A32)=2003,SUM($D$12:$D32),""),IF(AND(YEAR($A32)=2003,YEAR($A33)=2004),SUM($D$12:$D32,$D33*(P$8-$A32)/($A33-$A32)),""))) | Q31: =IF(A32="","",IF(A33="",IF(YEAR(A32)=2004,SUM(D$12:D32),""),IF(AND(YEAR(A32)=2004,YEAR(A33)=2005),SUM(D$12:D32,D33*(Q$8-A32)/(A33-A32)),""))) | R31: =IF(A32="","",IF(A33="",IF(YEAR(A32)=2005,SUM(D$12:D32),""),IF(AND(YEAR(A32)=2005,YEAR(A33)=2006),SUM(D$12:D32,D33*(R$8-A32)/(A33-A32)),""))) | S31: =IF(A32="","",IF(A33="",IF(YEAR(A32)=2006,SUM(D$12:D32),""),IF(AND(YEAR(A32)=2006,YEAR(A33)=2007),SUM(D$12:D32,D33*(S$8-A32)/(A33-A32)),""))) | T31: =IF(A32="","",IF(A33="",IF(YEAR(A32)=2007,SUM(D$12:D32),""),IF(AND(YEAR(A32)=2007,YEAR(A33)=2008),SUM(D$12:D32,D33*(T$8-A32)/(A33-A32)),""))) | U31: =IF(A32="","",IF(A33="",IF(YEAR(A32)=2008,SUM(D$12:D32),""),IF(AND(YEAR(A32)=2008,YEAR(A33)=2009),SUM(D$12:D32,D33*(U$8-A32)/(A33-A32)),""))) | V31: =IF(A32="","",IF(A33="",IF(YEAR(A32)=2009,SUM(D$12:D32),""),IF(AND(YEAR(A32)=2009,YEAR(A33)=2010),SUM(D$12:D32,D33*(V$8-A32)/(A33-A32)),""))) | W31: =IF(A32="","",IF(A33="",IF(YEAR(A32)=2010,SUM(D$12:D32),""),IF(AND(YEAR(A32)=2010,YEAR(A33)=2011),SUM(D$12:D32,D33*(W$8-A32)/(A33-A32)),""))) | X31: =IF(A32="","",IF(A33="",IF(YEAR(A32)=2011,SUM(D$12:D32),""),IF(AND(YEAR(A32)=2011,YEAR(A33)=2012),SUM(D$12:D32,D33*(X$8-A32)/(A33-A32)),""))) | Y31: =IF(A32="","",IF(A33="",IF(YEAR(A32)=2012,SUM(D$12:D32),""),IF(AND(YEAR(A32)=2012,YEAR(A33)=2013),SUM(D$12:D32,D33*(Y$8-A32)/(A33-A32)),""))) | Z31: =IF($A32="","",IF($A33="",IF(YEAR($A32)=2002,SUM($J$12:$J32),""),IF(AND(YEAR($A32)=2002,YEAR($A33)=2003),SUM($J$12:$J32,$J33*(O$8-$A32)/($A33-$A32)),""))) | AA31: =IF($A32="","",IF($A33="",IF(YEAR($A32)=2003,SUM($J$12:$J32),""),IF(AND(YEAR($A32)=2003,YEAR($A33)=2004),SUM($J$12:$J32,$J33*(P$8-$A32)/($A33-$A32)),""))) | AB31: =IF($A32="","",IF($A33="",IF(YEAR($A32)=2004,SUM($J$12:$J32),""),IF(AND(YEAR($A32)=2004,YEAR($A33)=2005),SUM($J$12:$J32,$J33*(Q$8-$A32)/($A33-$A32)),""))) | AC31: =IF($A32="","",IF($A33="",IF(YEAR($A32)=2005,SUM($J$12:$J32),""),IF(AND(YEAR($A32)=2005,YEAR($A33)=2006),SUM($J$12:$J32,$J33*(R$8-$A32)/($A33-$A32)),""))) | AD31: =IF($A32="","",IF($A33="",IF(YEAR($A32)=2006,SUM($J$12:$J32),""),IF(AND(YEAR($A32)=2006,YEAR($A33)=2007),SUM($J$12:$J32,$J33*(S$8-$A32)/($A33-$A32)),""))) | AE31: =IF($A32="","",IF($A33="",IF(YEAR($A32)=2007,SUM($J$12:$J32),""),IF(AND(YEAR($A32)=2007,YEAR($A33)=2008),SUM($J$12:$J32,$J33*(T$8-$A32)/($A33-$A32)),""))) | AF31: =IF($A32="","",IF($A33="",IF(YEAR($A32)=2008,SUM($J$12:$J32),""),IF(AND(YEAR($A32)=2008,YEAR($A33)=2009),SUM($J$12:$J32,$J33*(U$8-$A32)/($A33-$A32)),""))) | AG31: =IF($A32="","",IF($A33="",IF(YEAR($A32)=2009,SUM($J$12:$J32),""),IF(AND(YEAR($A32)=2009,YEAR($A33)=2010),SUM($J$12:$J32,$J33*(V$8-$A32)/($A33-$A32)),""))) | AH31: =IF($A32="","",IF($A33="",IF(YEAR($A32)=2010,SUM($J$12:$J32),""),IF(AND(YEAR($A32)=2010,YEAR($A33)=2011),SUM($J$12:$J32,$J33*(W$8-$A32)/($A33-$A32)),""))) | AI31: =IF($A32="","",IF($A33="",IF(YEAR($A32)=2011,SUM($J$12:$J32),""),IF(AND(YEAR($A32)=2011,YEAR($A33)=2012),SUM($J$12:$J32,$J33*(X$8-$A32)/($A33-$A32)),""))) | AJ31: =IF($A32="","",IF($A33="",IF(YEAR($A32)=2012,SUM($J$12:$J32),""),IF(AND(YEAR($A32)=2012,YEAR($A33)=2013),SUM($J$12:$J32,$J33*(Y$8-$A32)/($A33-$A32)),"")))
A32: =IF(B32<=($E$5*$E$7),DATE(YEAR(A31),MONTH(A31)+12/$E$7,DAY(A31)),"") | B32: =IF($E$5*$E$7<20," ",20) | C32: =IF(AND(B30=" ",B31=" ",B32=" ")," ",IF(B31=" ",SUM(C$13:C30),IF(B32=" "," ",D32+E32))) | D32: =IF(AND(B30=" ",B31=" ",B32=" ")," ",IF(B31=" ",SUM(D$13:D30),IF(B32=" "," ",ROUND(F31*E$6/E$7,2)))) | E32: =IF(AND(B30=" ",B31=" ",B32=" ")," ",IF(B31=" ",SUM(E$13:E30),IF(B32=" "," ",E$8))) | F32: =IF(AND(B30=" ",B31=" ",B32=" ")," ",IF(B31=" ",SUM(F$12:F29),IF(B32=" "," ",F31-E32))) | G32: =IF(AND(B30=" ",B31=" ",B32=" ")," ",IF(B31=" ",SUM(G$12:G30),IF(B33=" ",IF(E$5*E$7=B32,C32-C$7+C$8+G$10," "),C32))) | H32: =IF(AND(B30=" ",B31=" ",B32=" ")," ",IF(B31=" ",SUM(H$13:H30)*E$7,IF(B32=" "," ",IF(B33=" ",IF(E$5*E$7=B32,IRR(G$12:G32,0.01)," ")," ")))) | I32: =IF(A33="","",F32-C$7) | J32: =IF(I31="","",I31*(A32-A31)/365) | K32: 2011年占用 | L32: =IF((SUM(AI11:AI133)-L29-L26-L23-L20-L17-L14-L11-L8-L5)<0,0,SUM(AI11:AI133)/10000-L29-L26-L23-L20-L17-L14-L11-L8-L5) -> 3572.2 | M32: 2011年后占用 | N32: =IF(L32=0,0,L32+L35) -> 6001.7781 | O32: =IF($A33="","",IF($A34="",IF(YEAR($A33)=2002,SUM($D$12:$D33),""),IF(AND(YEAR($A33)=2002,YEAR($A34)=2003),SUM($D$12:$D33,$D34*(O$8-$A33)/($A34-$A33)),""))) | P32: =IF($A33="","",IF($A34="",IF(YEAR($A33)=2003,SUM($D$12:$D33),""),IF(AND(YEAR($A33)=2003,YEAR($A34)=2004),SUM($D$12:$D33,$D34*(P$8-$A33)/($A34-$A33)),""))) | Q32: =IF(A33="","",IF(A34="",IF(YEAR(A33)=2004,SUM(D$12:D33),""),IF(AND(YEAR(A33)=2004,YEAR(A34)=2005),SUM(D$12:D33,D34*(Q$8-A33)/(A34-A33)),""))) | R32: =IF(A33="","",IF(A34="",IF(YEAR(A33)=2005,SUM(D$12:D33),""),IF(AND(YEAR(A33)=2005,YEAR(A34)=2006),SUM(D$12:D33,D34*(R$8-A33)/(A34-A33)),""))) | S32: =IF(A33="","",IF(A34="",IF(YEAR(A33)=2006,SUM(D$12:D33),""),IF(AND(YEAR(A33)=2006,YEAR(A34)=2007),SUM(D$12:D33,D34*(S$8-A33)/(A34-A33)),""))) | T32: =IF(A33="","",IF(A34="",IF(YEAR(A33)=2007,SUM(D$12:D33),""),IF(AND(YEAR(A33)=2007,YEAR(A34)=2008),SUM(D$12:D33,D34*(T$8-A33)/(A34-A33)),""))) | U32: =IF(A33="","",IF(A34="",IF(YEAR(A33)=2008,SUM(D$12:D33),""),IF(AND(YEAR(A33)=2008,YEAR(A34)=2009),SUM(D$12:D33,D34*(U$8-A33)/(A34-A33)),""))) | V32: =IF(A33="","",IF(A34="",IF(YEAR(A33)=2009,SUM(D$12:D33),""),IF(AND(YEAR(A33)=2009,YEAR(A34)=2010),SUM(D$12:D33,D34*(V$8-A33)/(A34-A33)),""))) | W32: =IF(A33="","",IF(A34="",IF(YEAR(A33)=2010,SUM(D$12:D33),""),IF(AND(YEAR(A33)=2010,YEAR(A34)=2011),SUM(D$12:D33,D34*(W$8-A33)/(A34-A33)),""))) | X32: =IF(A33="","",IF(A34="",IF(YEAR(A33)=2011,SUM(D$12:D33),""),IF(AND(YEAR(A33)=2011,YEAR(A34)=2012),SUM(D$12:D33,D34*(X$8-A33)/(A34-A33)),""))) | Y32: =IF(A33="","",IF(A34="",IF(YEAR(A33)=2012,SUM(D$12:D33),""),IF(AND(YEAR(A33)=2012,YEAR(A34)=2013),SUM(D$12:D33,D34*(Y$8-A33)/(A34-A33)),""))) | Z32: =IF($A33="","",IF($A34="",IF(YEAR($A33)=2002,SUM($J$12:$J33),""),IF(AND(YEAR($A33)=2002,YEAR($A34)=2003),SUM($J$12:$J33,$J34*(O$8-$A33)/($A34-$A33)),""))) | AA32: =IF($A33="","",IF($A34="",IF(YEAR($A33)=2003,SUM($J$12:$J33),""),IF(AND(YEAR($A33)=2003,YEAR($A34)=2004),SUM($J$12:$J33,$J34*(P$8-$A33)/($A34-$A33)),""))) | AB32: =IF($A33="","",IF($A34="",IF(YEAR($A33)=2004,SUM($J$12:$J33),""),IF(AND(YEAR($A33)=2004,YEAR($A34)=2005),SUM($J$12:$J33,$J34*(Q$8-$A33)/($A34-$A33)),""))) | AC32: =IF($A33="","",IF($A34="",IF(YEAR($A33)=2005,SUM($J$12:$J33),""),IF(AND(YEAR($A33)=2005,YEAR($A34)=2006),SUM($J$12:$J33,$J34*(R$8-$A33)/($A34-$A33)),""))) | AD32: =IF($A33="","",IF($A34="",IF(YEAR($A33)=2006,SUM($J$12:$J33),""),IF(AND(YEAR($A33)=2006,YEAR($A34)=2007),SUM($J$12:$J33,$J34*(S$8-$A33)/($A34-$A33)),""))) | AE32: =IF($A33="","",IF($A34="",IF(YEAR($A33)=2007,SUM($J$12:$J33),""),IF(AND(YEAR($A33)=2007,YEAR($A34)=2008),SUM($J$12:$J33,$J34*(T$8-$A33)/($A34-$A33)),""))) | AF32: =IF($A33="","",IF($A34="",IF(YEAR($A33)=2008,SUM($J$12:$J33),""),IF(AND(YEAR($A33)=2008,YEAR($A34)=2009),SUM($J$12:$J33,$J34*(U$8-$A33)/($A34-$A33)),""))) | AG32: =IF($A33="","",IF($A34="",IF(YEAR($A33)=2009,SUM($J$12:$J33),""),IF(AND(YEAR($A33)=2009,YEAR($A34)=2010),SUM($J$12:$J33,$J34*(V$8-$A33)/($A34-$A33)),""))) | AH32: =IF($A33="","",IF($A34="",IF(YEAR($A33)=2010,SUM($J$12:$J33),""),IF(AND(YEAR($A33)=2010,YEAR($A34)=2011),SUM($J$12:$J33,$J34*(W$8-$A33)/($A34-$A33)),""))) | AI32: =IF($A33="","",IF($A34="",IF(YEAR($A33)=2011,SUM($J$12:$J33),""),IF(AND(YEAR($A33)=2011,YEAR($A34)=2012),SUM($J$12:$J33,$J34*(X$8-$A33)/($A34-$A33)),""))) | AJ32: =IF($A33="","",IF($A34="",IF(YEAR($A33)=2012,SUM($J$12:$J33),""),IF(AND(YEAR($A33)=2012,YEAR($A34)=2013),SUM($J$12:$J33,$J34*(Y$8-$A33)/($A34-$A33)),"")))
A33: =IF(B33<=($E$5*$E$7),DATE(YEAR(A32),MONTH(A32)+12/$E$7,DAY(A32)),"") | B33: =IF($E$5*$E$7<21," ",21) | C33: =IF(AND(B31=" ",B32=" ",B33=" ")," ",IF(B32=" ",SUM(C$13:C31),IF(B33=" "," ",D33+E33))) | D33: =IF(AND(B31=" ",B32=" ",B33=" ")," ",IF(B32=" ",SUM(D$13:D31),IF(B33=" "," ",ROUND(F32*E$6/E$7,2)))) | E33: =IF(AND(B31=" ",B32=" ",B33=" ")," ",IF(B32=" ",SUM(E$13:E31),IF(B33=" "," ",E$8))) | F33: =IF(AND(B31=" ",B32=" ",B33=" ")," ",IF(B32=" ",SUM(F$12:F30),IF(B33=" "," ",F32-E33))) | G33: =IF(AND(B31=" ",B32=" ",B33=" ")," ",IF(B32=" ",SUM(G$12:G31),IF(B34=" ",IF(E$5*E$7=B33,C33-C$7+C$8+G$10," "),C33))) | H33: =IF(AND(B31=" ",B32=" ",B33=" ")," ",IF(B32=" ",SUM(H$13:H31)*E$7,IF(B33=" "," ",IF(B34=" ",IF(E$5*E$7=B33,IRR(G$12:G33,0.01)," ")," ")))) | I33: =IF(A34="","",F33-C$7) | J33: =IF(I32="","",I32*(A33-A32)/365) | L33: =IF(L32=0,0,L31/L32) -> 0.072097701 | N33: =IF(N32=0,0,N31/N32) -> 0.073981156 | O33: =IF($A34="","",IF($A35="",IF(YEAR($A34)=2002,SUM($D$12:$D34),""),IF(AND(YEAR($A34)=2002,YEAR($A35)=2003),SUM($D$12:$D34,$D35*(O$8-$A34)/($A35-$A34)),""))) | P33: =IF($A34="","",IF($A35="",IF(YEAR($A34)=2003,SUM($D$12:$D34),""),IF(AND(YEAR($A34)=2003,YEAR($A35)=2004),SUM($D$12:$D34,$D35*(P$8-$A34)/($A35-$A34)),""))) | Q33: =IF(A34="","",IF(A35="",IF(YEAR(A34)=2004,SUM(D$12:D34),""),IF(AND(YEAR(A34)=2004,YEAR(A35)=2005),SUM(D$12:D34,D35*(Q$8-A34)/(A35-A34)),""))) | R33: =IF(A34="","",IF(A35="",IF(YEAR(A34)=2005,SUM(D$12:D34),""),IF(AND(YEAR(A34)=2005,YEAR(A35)=2006),SUM(D$12:D34,D35*(R$8-A34)/(A35-A34)),""))) | S33: =IF(A34="","",IF(A35="",IF(YEAR(A34)=2006,SUM(D$12:D34),""),IF(AND(YEAR(A34)=2006,YEAR(A35)=2007),SUM(D$12:D34,D35*(S$8-A34)/(A35-A34)),""))) | T33: =IF(A34="","",IF(A35="",IF(YEAR(A34)=2007,SUM(D$12:D34),""),IF(AND(YEAR(A34)=2007,YEAR(A35)=2008),SUM(D$12:D34,D35*(T$8-A34)/(A35-A34)),""))) | U33: =IF(A34="","",IF(A35="",IF(YEAR(A34)=2008,SUM(D$12:D34),""),IF(AND(YEAR(A34)=2008,YEAR(A35)=2009),SUM(D$12:D34,D35*(U$8-A34)/(A35-A34)),""))) | V33: =IF(A34="","",IF(A35="",IF(YEAR(A34)=2009,SUM(D$12:D34),""),IF(AND(YEAR(A34)=2009,YEAR(A35)=2010),SUM(D$12:D34,D35*(V$8-A34)/(A35-A34)),""))) | W33: =IF(A34="","",IF(A35="",IF(YEAR(A34)=2010,SUM(D$12:D34),""),IF(AND(YEAR(A34)=2010,YEAR(A35)=2011),SUM(D$12:D34,D35*(W$8-A34)/(A35-A34)),""))) | X33: =IF(A34="","",IF(A35="",IF(YEAR(A34)=2011,SUM(D$12:D34),""),IF(AND(YEAR(A34)=2011,YEAR(A35)=2012),SUM(D$12:D34,D35*(X$8-A34)/(A35-A34)),""))) | Y33: =IF(A34="","",IF(A35="",IF(YEAR(A34)=2012,SUM(D$12:D34),""),IF(AND(YEAR(A34)=2012,YEAR(A35)=2013),SUM(D$12:D34,D35*(Y$8-A34)/(A35-A34)),""))) | Z33: =IF($A34="","",IF($A35="",IF(YEAR($A34)=2002,SUM($J$12:$J34),""),IF(AND(YEAR($A34)=2002,YEAR($A35)=2003),SUM($J$12:$J34,$J35*(O$8-$A34)/($A35-$A34)),""))) | AA33: =IF($A34="","",IF($A35="",IF(YEAR($A34)=2003,SUM($J$12:$J34),""),IF(AND(YEAR($A34)=2003,YEAR($A35)=2004),SUM($J$12:$J34,$J35*(P$8-$A34)/($A35-$A34)),""))) | AB33: =IF($A34="","",IF($A35="",IF(YEAR($A34)=2004,SUM($J$12:$J34),""),IF(AND(YEAR($A34)=2004,YEAR($A35)=2005),SUM($J$12:$J34,$J35*(Q$8-$A34)/($A35-$A34)),""))) | AC33: =IF($A34="","",IF($A35="",IF(YEAR($A34)=2005,SUM($J$12:$J34),""),IF(AND(YEAR($A34)=2005,YEAR($A35)=2006),SUM($J$12:$J34,$J35*(R$8-$A34)/($A35-$A34)),""))) | AD33: =IF($A34="","",IF($A35="",IF(YEAR($A34)=2006,SUM($J$12:$J34),""),IF(AND(YEAR($A34)=2006,YEAR($A35)=2007),SUM($J$12:$J34,$J35*(S$8-$A34)/($A35-$A34)),""))) | AE33: =IF($A34="","",IF($A35="",IF(YEAR($A34)=2007,SUM($J$12:$J34),""),IF(AND(YEAR($A34)=2007,YEAR($A35)=2008),SUM($J$12:$J34,$J35*(T$8-$A34)/($A35-$A34)),""))) | AF33: =IF($A34="","",IF($A35="",IF(YEAR($A34)=2008,SUM($J$12:$J34),""),IF(AND(YEAR($A34)=2008,YEAR($A35)=2009),SUM($J$12:$J34,$J35*(U$8-$A34)/($A35-$A34)),""))) | AG33: =IF($A34="","",IF($A35="",IF(YEAR($A34)=2009,SUM($J$12:$J34),""),IF(AND(YEAR($A34)=2009,YEAR($A35)=2010),SUM($J$12:$J34,$J35*(V$8-$A34)/($A35-$A34)),""))) | AH33: =IF($A34="","",IF($A35="",IF(YEAR($A34)=2010,SUM($J$12:$J34),""),IF(AND(YEAR($A34)=2010,YEAR($A35)=2011),SUM($J$12:$J34,$J35*(W$8-$A34)/($A35-$A34)),""))) | AI33: =IF($A34="","",IF($A35="",IF(YEAR($A34)=2011,SUM($J$12:$J34),""),IF(AND(YEAR($A34)=2011,YEAR($A35)=2012),SUM($J$12:$J34,$J35*(X$8-$A34)/($A35-$A34)),""))) | AJ33: =IF($A34="","",IF($A35="",IF(YEAR($A34)=2012,SUM($J$12:$J34),""),IF(AND(YEAR($A34)=2012,YEAR($A35)=2013),SUM($J$12:$J34,$J35*(Y$8-$A34)/($A35-$A34)),"")))
A34: =IF(B34<=($E$5*$E$7),DATE(YEAR(A33),MONTH(A33)+12/$E$7,DAY(A33)),"") | B34: =IF($E$5*$E$7<22," ",22) | C34: =IF(AND(B32=" ",B33=" ",B34=" ")," ",IF(B33=" ",SUM(C$13:C32),IF(B34=" "," ",D34+E34))) | D34: =IF(AND(B32=" ",B33=" ",B34=" ")," ",IF(B33=" ",SUM(D$13:D32),IF(B34=" "," ",ROUND(F33*E$6/E$7,2)))) | E34: =IF(AND(B32=" ",B33=" ",B34=" ")," ",IF(B33=" ",SUM(E$13:E32),IF(B34=" "," ",E$8))) | F34: =IF(AND(B32=" ",B33=" ",B34=" ")," ",IF(B33=" ",SUM(F$12:F31),IF(B34=" "," ",F33-E34))) | G34: =IF(AND(B32=" ",B33=" ",B34=" ")," ",IF(B33=" ",SUM(G$12:G32),IF(B35=" ",IF(E$5*E$7=B34,C34-C$7+C$8+G$10," "),C34))) | H34: =IF(AND(B32=" ",B33=" ",B34=" ")," ",IF(B33=" ",SUM(H$13:H32)*E$7,IF(B34=" "," ",IF(B35=" ",IF(E$5*E$7=B34,IRR(G$12:G34,0.01)," ")," ")))) | I34: =IF(A35="","",F34-C$7) | J34: =IF(I33="","",I33*(A34-A33)/365) | K34: 2012年收入 | L34: =IF((SUM(Y11:Y133)-L31-L28-L25-L22-L19-L16-L13-L10-L7-L4)<0,0,SUM(Y11:Y133)/10000-L31-L28-L25-L22-L19-L16-L13-L10-L7-L4) -> 186.47107 | M34: 2012年后收入 | N34: =IF(L34=0,0,L34) -> 186.47107 | P34: =IF($A35="","",IF($A36="",IF(YEAR($A35)=2003,SUM($D$12:$D35),""),IF(AND(YEAR($A35)=2003,YEAR($A36)=2004),SUM($D$12:$D35,$D36*(P$8-$A35)/($A36-$A35)),""))) | Q34: =IF(A35="","",IF(A36="",IF(YEAR(A35)=2004,SUM(D$12:D35),""),IF(AND(YEAR(A35)=2004,YEAR(A36)=2005),SUM(D$12:D35,D36*(Q$8-A35)/(A36-A35)),""))) | R34: =IF(A35="","",IF(A36="",IF(YEAR(A35)=2005,SUM(D$12:D35),""),IF(AND(YEAR(A35)=2005,YEAR(A36)=2006),SUM(D$12:D35,D36*(R$8-A35)/(A36-A35)),""))) | S34: =IF(A35="","",IF(A36="",IF(YEAR(A35)=2006,SUM(D$12:D35),""),IF(AND(YEAR(A35)=2006,YEAR(A36)=2007),SUM(D$12:D35,D36*(S$8-A35)/(A36-A35)),""))) | T34: =IF(A35="","",IF(A36="",IF(YEAR(A35)=2007,SUM(D$12:D35),""),IF(AND(YEAR(A35)=2007,YEAR(A36)=2008),SUM(D$12:D35,D36*(T$8-A35)/(A36-A35)),""))) | U34: =IF(A35="","",IF(A36="",IF(YEAR(A35)=2008,SUM(D$12:D35),""),IF(AND(YEAR(A35)=2008,YEAR(A36)=2009),SUM(D$12:D35,D36*(U$8-A35)/(A36-A35)),""))) | V34: =IF(A35="","",IF(A36="",IF(YEAR(A35)=2009,SUM(D$12:D35),""),IF(AND(YEAR(A35)=2009,YEAR(A36)=2010),SUM(D$12:D35,D36*(V$8-A35)/(A36-A35)),""))) | W34: =IF(A35="","",IF(A36="",IF(YEAR(A35)=2010,SUM(D$12:D35),""),IF(AND(YEAR(A35)=2010,YEAR(A36)=2011),SUM(D$12:D35,D36*(W$8-A35)/(A36-A35)),""))) | X34: =IF(A35="","",IF(A36="",IF(YEAR(A35)=2011,SUM(D$12:D35),""),IF(AND(YEAR(A35)=2011,YEAR(A36)=2012),SUM(D$12:D35,D36*(X$8-A35)/(A36-A35)),""))) | Y34: =IF(A35="","",IF(A36="",IF(YEAR(A35)=2012,SUM(D$12:D35),""),IF(AND(YEAR(A35)=2012,YEAR(A36)=2013),SUM(D$12:D35,D36*(Y$8-A35)/(A36-A35)),""))) | Z34: =IF($A35="","",IF($A36="",IF(YEAR($A35)=2002,SUM($J$12:$J35),""),IF(AND(YEAR($A35)=2002,YEAR($A36)=2003),SUM($J$12:$J35,$J36*(O$8-$A35)/($A36-$A35)),""))) | AA34: =IF($A35="","",IF($A36="",IF(YEAR($A35)=2003,SUM($J$12:$J35),""),IF(AND(YEAR($A35)=2003,YEAR($A36)=2004),SUM($J$12:$J35,$J36*(P$8-$A35)/($A36-$A35)),""))) | AB34: =IF($A35="","",IF($A36="",IF(YEAR($A35)=2004,SUM($J$12:$J35),""),IF(AND(YEAR($A35)=2004,YEAR($A36)=2005),SUM($J$12:$J35,$J36*(Q$8-$A35)/($A36-$A35)),""))) | AC34: =IF($A35="","",IF($A36="",IF(YEAR($A35)=2005,SUM($J$12:$J35),""),IF(AND(YEAR($A35)=2005,YEAR($A36)=2006),SUM($J$12:$J35,$J36*(R$8-$A35)/($A36-$A35)),""))) | AD34: =IF($A35="","",IF($A36="",IF(YEAR($A35)=2006,SUM($J$12:$J35),""),IF(AND(YEAR($A35)=2006,YEAR($A36)=2007),SUM($J$12:$J35,$J36*(S$8-$A35)/($A36-$A35)),""))) | AE34: =IF($A35="","",IF($A36="",IF(YEAR($A35)=2007,SUM($J$12:$J35),""),IF(AND(YEAR($A35)=2007,YEAR($A36)=2008),SUM($J$12:$J35,$J36*(T$8-$A35)/($A36-$A35)),""))) | AF34: =IF($A35="","",IF($A36="",IF(YEAR($A35)=2008,SUM($J$12:$J35),""),IF(AND(YEAR($A35)=2008,YEAR($A36)=2009),SUM($J$12:$J35,$J36*(U$8-$A35)/($A36-$A35)),""))) | AG34: =IF($A35="","",IF($A36="",IF(YEAR($A35)=2009,SUM($J$12:$J35),""),IF(AND(YEAR($A35)=2009,YEAR($A36)=2010),SUM($J$12:$J35,$J36*(V$8-$A35)/($A36-$A35)),""))) | AH34: =IF($A35="","",IF($A36="",IF(YEAR($A35)=2010,SUM($J$12:$J35),""),IF(AND(YEAR($A35)=2010,YEAR($A36)=2011),SUM($J$12:$J35,$J36*(W$8-$A35)/($A36-$A35)),""))) | AI34: =IF($A35="","",IF($A36="",IF(YEAR($A35)=2011,SUM($J$12:$J35),""),IF(AND(YEAR($A35)=2011,YEAR($A36)=2012),SUM($J$12:$J35,$J36*(X$8-$A35)/($A36-$A35)),""))) | AJ34: =IF($A35="","",IF($A36="",IF(YEAR($A35)=2012,SUM($J$12:$J35),""),IF(AND(YEAR($A35)=2012,YEAR($A36)=2013),SUM($J$12:$J35,$J36*(Y$8-$A35)/($A36-$A35)),"")))
A35: =IF(B35<=($E$5*$E$7),DATE(YEAR(A34),MONTH(A34)+12/$E$7,DAY(A34)),"") | B35: =IF($E$5*$E$7<23," ",23) | C35: =IF(AND(B33=" ",B34=" ",B35=" ")," ",IF(B34=" ",SUM(C$13:C33),IF(B35=" "," ",D35+E35))) | D35: =IF(AND(B33=" ",B34=" ",B35=" ")," ",IF(B34=" ",SUM(D$13:D33),IF(B35=" "," ",ROUND(F34*E$6/E$7,2)))) | E35: =IF(AND(B33=" ",B34=" ",B35=" ")," ",IF(B34=" ",SUM(E$13:E33),IF(B35=" "," ",E$8))) | F35: =IF(AND(B33=" ",B34=" ",B35=" ")," ",IF(B34=" ",SUM(F$12:F32),IF(B35=" "," ",F34-E35))) | G35: =IF(AND(B33=" ",B34=" ",B35=" ")," ",IF(B34=" ",SUM(G$12:G33),IF(B36=" ",IF(E$5*E$7=B35,C35-C$7+C$8+G$10," "),C35))) | H35: =IF(AND(B33=" ",B34=" ",B35=" ")," ",IF(B34=" ",SUM(H$13:H33)*E$7,IF(B35=" "," ",IF(B36=" ",IF(E$5*E$7=B35,IRR(G$12:G35,0.01)," ")," ")))) | I35: =IF(A36="","",F35-C$7) | J35: =IF(I34="","",I34*(A35-A34)/365) | K35: 2012年占用 | L35: =IF((SUM(AJ11:AJ133)-L32-L29-L26-L23-L20-L17-L14-L11-L8-L5)<0,0,SUM(AJ11:AJ133)/10000-L32-L29-L26-L23-L20-L17-L14-L11-L8-L5) -> 2429.5781 | M35: 2012年后占用 | N35: =IF(L35=0,0,L35) -> 2429.5781 | P35: =IF($A36="","",IF($A37="",IF(YEAR($A36)=2003,SUM($D$12:$D36),""),IF(AND(YEAR($A36)=2003,YEAR($A37)=2004),SUM($D$12:$D36,$D37*(P$8-$A36)/($A37-$A36)),""))) | Q35: =IF(A36="","",IF(A37="",IF(YEAR(A36)=2004,SUM(D$12:D36),""),IF(AND(YEAR(A36)=2004,YEAR(A37)=2005),SUM(D$12:D36,D37*(Q$8-A36)/(A37-A36)),""))) | R35: =IF(A36="","",IF(A37="",IF(YEAR(A36)=2005,SUM(D$12:D36),""),IF(AND(YEAR(A36)=2005,YEAR(A37)=2006),SUM(D$12:D36,D37*(R$8-A36)/(A37-A36)),""))) | S35: =IF(A36="","",IF(A37="",IF(YEAR(A36)=2006,SUM(D$12:D36),""),IF(AND(YEAR(A36)=2006,YEAR(A37)=2007),SUM(D$12:D36,D37*(S$8-A36)/(A37-A36)),""))) | T35: =IF(A36="","",IF(A37="",IF(YEAR(A36)=2007,SUM(D$12:D36),""),IF(AND(YEAR(A36)=2007,YEAR(A37)=2008),SUM(D$12:D36,D37*(T$8-A36)/(A37-A36)),""))) | U35: =IF(A36="","",IF(A37="",IF(YEAR(A36)=2008,SUM(D$12:D36),""),IF(AND(YEAR(A36)=2008,YEAR(A37)=2009),SUM(D$12:D36,D37*(U$8-A36)/(A37-A36)),""))) | V35: =IF(A36="","",IF(A37="",IF(YEAR(A36)=2009,SUM(D$12:D36),""),IF(AND(YEAR(A36)=2009,YEAR(A37)=2010),SUM(D$12:D36,D37*(V$8-A36)/(A37-A36)),""))) | W35: =IF(A36="","",IF(A37="",IF(YEAR(A36)=2010,SUM(D$12:D36),""),IF(AND(YEAR(A36)=2010,YEAR(A37)=2011),SUM(D$12:D36,D37*(W$8-A36)/(A37-A36)),""))) | X35: =IF(A36="","",IF(A37="",IF(YEAR(A36)=2011,SUM(D$12:D36),""),IF(AND(YEAR(A36)=2011,YEAR(A37)=2012),SUM(D$12:D36,D37*(X$8-A36)/(A37-A36)),""))) | Y35: =IF(A36="","",IF(A37="",IF(YEAR(A36)=2012,SUM(D$12:D36),""),IF(AND(YEAR(A36)=2012,YEAR(A37)=2013),SUM(D$12:D36,D37*(Y$8-A36)/(A37-A36)),""))) | Z35: =IF($A36="","",IF($A37="",IF(YEAR($A36)=2002,SUM($J$12:$J36),""),IF(AND(YEAR($A36)=2002,YEAR($A37)=2003),SUM($J$12:$J36,$J37*(O$8-$A36)/($A37-$A36)),""))) | AA35: =IF($A36="","",IF($A37="",IF(YEAR($A36)=2003,SUM($J$12:$J36),""),IF(AND(YEAR($A36)=2003,YEAR($A37)=2004),SUM($J$12:$J36,$J37*(P$8-$A36)/($A37-$A36)),""))) | AB35: =IF($A36="","",IF($A37="",IF(YEAR($A36)=2004,SUM($J$12:$J36),""),IF(AND(YEAR($A36)=2004,YEAR($A37)=2005),SUM($J$12:$J36,$J37*(Q$8-$A36)/($A37-$A36)),""))) | AC35: =IF($A36="","",IF($A37="",IF(YEAR($A36)=2005,SUM($J$12:$J36),""),IF(AND(YEAR($A36)=2005,YEAR($A37)=2006),SUM($J$12:$J36,$J37*(R$8-$A36)/($A37-$A36)),""))) | AD35: =IF($A36="","",IF($A37="",IF(YEAR($A36)=2006,SUM($J$12:$J36),""),IF(AND(YEAR($A36)=2006,YEAR($A37)=2007),SUM($J$12:$J36,$J37*(S$8-$A36)/($A37-$A36)),""))) | AE35: =IF($A36="","",IF($A37="",IF(YEAR($A36)=2007,SUM($J$12:$J36),""),IF(AND(YEAR($A36)=2007,YEAR($A37)=2008),SUM($J$12:$J36,$J37*(T$8-$A36)/($A37-$A36)),""))) | AF35: =IF($A36="","",IF($A37="",IF(YEAR($A36)=2008,SUM($J$12:$J36),""),IF(AND(YEAR($A36)=2008,YEAR($A37)=2009),SUM($J$12:$J36,$J37*(U$8-$A36)/($A37-$A36)),""))) | AG35: =IF($A36="","",IF($A37="",IF(YEAR($A36)=2009,SUM($J$12:$J36),""),IF(AND(YEAR($A36)=2009,YEAR($A37)=2010),SUM($J$12:$J36,$J37*(V$8-$A36)/($A37-$A36)),""))) | AH35: =IF($A36="","",IF($A37="",IF(YEAR($A36)=2010,SUM($J$12:$J36),""),IF(AND(YEAR($A36)=2010,YEAR($A37)=2011),SUM($J$12:$J36,$J37*(W$8-$A36)/($A37-$A36)),""))) | AI35: =IF($A36="","",IF($A37="",IF(YEAR($A36)=2011,SUM($J$12:$J36),""),IF(AND(YEAR($A36)=2011,YEAR($A37)=2012),SUM($J$12:$J36,$J37*(X$8-$A36)/($A37-$A36)),""))) | AJ35: =IF($A36="","",IF($A37="",IF(YEAR($A36)=2012,SUM($J$12:$J36),""),IF(AND(YEAR($A36)=2012,YEAR($A37)=2013),SUM($J$12:$J36,$J37*(Y$8-$A36)/($A37-$A36)),"")))
A36: =IF(B36<=($E$5*$E$7),DATE(YEAR(A35),MONTH(A35)+12/$E$7,DAY(A35)),"") | B36: =IF($E$5*$E$7<24," ",24) | C36: =IF(AND(B34=" ",B35=" ",B36=" ")," ",IF(B35=" ",SUM(C$13:C34),IF(B36=" "," ",D36+E36))) | D36: =IF(AND(B34=" ",B35=" ",B36=" ")," ",IF(B35=" ",SUM(D$13:D34),IF(B36=" "," ",ROUND(F35*E$6/E$7,2)))) | E36: =IF(AND(B34=" ",B35=" ",B36=" ")," ",IF(B35=" ",SUM(E$13:E34),IF(B36=" "," ",E$8))) | F36: =IF(AND(B34=" ",B35=" ",B36=" ")," ",IF(B35=" ",SUM(F$12:F33),IF(B36=" "," ",F35-E36))) | G36: =IF(AND(B34=" ",B35=" ",B36=" ")," ",IF(B35=" ",SUM(G$12:G34),IF(B37=" ",IF(E$5*E$7=B36,C36-C$7+C$8+G$10," "),C36))) | H36: =IF(AND(B34=" ",B35=" ",B36=" ")," ",IF(B35=" ",SUM(H$13:H34)*E$7,IF(B36=" "," ",IF(B37=" ",IF(E$5*E$7=B36,IRR(G$12:G36,0.01)," ")," ")))) | I36: =IF(A37="","",F36-C$7) | J36: =IF(I35="","",I35*(A36-A35)/365) | L36: =IF(L35=0,0,L34/L35) -> 0.076750393 | N36: =IF(N35=0,0,N34/N35) -> 0.076750393 | P36: =IF($A37="","",IF($A38="",IF(YEAR($A37)=2003,SUM($D$12:$D37),""),IF(AND(YEAR($A37)=2003,YEAR($A38)=2004),SUM($D$12:$D37,$D38*(P$8-$A37)/($A38-$A37)),""))) | Q36: =IF(A37="","",IF(A38="",IF(YEAR(A37)=2004,SUM(D$12:D37),""),IF(AND(YEAR(A37)=2004,YEAR(A38)=2005),SUM(D$12:D37,D38*(Q$8-A37)/(A38-A37)),""))) | R36: =IF(A37="","",IF(A38="",IF(YEAR(A37)=2005,SUM(D$12:D37),""),IF(AND(YEAR(A37)=2005,YEAR(A38)=2006),SUM(D$12:D37,D38*(R$8-A37)/(A38-A37)),""))) | S36: =IF(A37="","",IF(A38="",IF(YEAR(A37)=2006,SUM(D$12:D37),""),IF(AND(YEAR(A37)=2006,YEAR(A38)=2007),SUM(D$12:D37,D38*(S$8-A37)/(A38-A37)),""))) | T36: =IF(A37="","",IF(A38="",IF(YEAR(A37)=2007,SUM(D$12:D37),""),IF(AND(YEAR(A37)=2007,YEAR(A38)=2008),SUM(D$12:D37,D38*(T$8-A37)/(A38-A37)),""))) | U36: =IF(A37="","",IF(A38="",IF(YEAR(A37)=2008,SUM(D$12:D37),""),IF(AND(YEAR(A37)=2008,YEAR(A38)=2009),SUM(D$12:D37,D38*(U$8-A37)/(A38-A37)),""))) | V36: =IF(A37="","",IF(A38="",IF(YEAR(A37)=2009,SUM(D$12:D37),""),IF(AND(YEAR(A37)=2009,YEAR(A38)=2010),SUM(D$12:D37,D38*(V$8-A37)/(A38-A37)),""))) | W36: =IF(A37="","",IF(A38="",IF(YEAR(A37)=2010,SUM(D$12:D37),""),IF(AND(YEAR(A37)=2010,YEAR(A38)=2011),SUM(D$12:D37,D38*(W$8-A37)/(A38-A37)),""))) | X36: =IF(A37="","",IF(A38="",IF(YEAR(A37)=2011,SUM(D$12:D37),""),IF(AND(YEAR(A37)=2011,YEAR(A38)=2012),SUM(D$12:D37,D38*(X$8-A37)/(A38-A37)),""))) | Y36: =IF(A37="","",IF(A38="",IF(YEAR(A37)=2012,SUM(D$12:D37),""),IF(AND(YEAR(A37)=2012,YEAR(A38)=2013),SUM(D$12:D37,D38*(Y$8-A37)/(A38-A37)),""))) | Z36: =IF($A37="","",IF($A38="",IF(YEAR($A37)=2002,SUM($J$12:$J37),""),IF(AND(YEAR($A37)=2002,YEAR($A38)=2003),SUM($J$12:$J37,$J38*(O$8-$A37)/($A38-$A37)),""))) | AA36: =IF($A37="","",IF($A38="",IF(YEAR($A37)=2003,SUM($J$12:$J37),""),IF(AND(YEAR($A37)=2003,YEAR($A38)=2004),SUM($J$12:$J37,$J38*(P$8-$A37)/($A38-$A37)),""))) | AB36: =IF($A37="","",IF($A38="",IF(YEAR($A37)=2004,SUM($J$12:$J37),""),IF(AND(YEAR($A37)=2004,YEAR($A38)=2005),SUM($J$12:$J37,$J38*(Q$8-$A37)/($A38-$A37)),""))) | AC36: =IF($A37="","",IF($A38="",IF(YEAR($A37)=2005,SUM($J$12:$J37),""),IF(AND(YEAR($A37)=2005,YEAR($A38)=2006),SUM($J$12:$J37,$J38*(R$8-$A37)/($A38-$A37)),""))) | AD36: =IF($A37="","",IF($A38="",IF(YEAR($A37)=2006,SUM($J$12:$J37),""),IF(AND(YEAR($A37)=2006,YEAR($A38)=2007),SUM($J$12:$J37,$J38*(S$8-$A37)/($A38-$A37)),""))) | AE36: =IF($A37="","",IF($A38="",IF(YEAR($A37)=2007,SUM($J$12:$J37),""),IF(AND(YEAR($A37)=2007,YEAR($A38)=2008),SUM($J$12:$J37,$J38*(T$8-$A37)/($A38-$A37)),""))) | AF36: =IF($A37="","",IF($A38="",IF(YEAR($A37)=2008,SUM($J$12:$J37),""),IF(AND(YEAR($A37)=2008,YEAR($A38)=2009),SUM($J$12:$J37,$J38*(U$8-$A37)/($A38-$A37)),""))) | AG36: =IF($A37="","",IF($A38="",IF(YEAR($A37)=2009,SUM($J$12:$J37),""),IF(AND(YEAR($A37)=2009,YEAR($A38)=2010),SUM($J$12:$J37,$J38*(V$8-$A37)/($A38-$A37)),""))) | AH36: =IF($A37="","",IF($A38="",IF(YEAR($A37)=2010,SUM($J$12:$J37),""),IF(AND(YEAR($A37)=2010,YEAR($A38)=2011),SUM($J$12:$J37,$J38*(W$8-$A37)/($A38-$A37)),""))) | AI36: =IF($A37="","",IF($A38="",IF(YEAR($A37)=2011,SUM($J$12:$J37),""),IF(AND(YEAR($A37)=2011,YEAR($A38)=2012),SUM($J$12:$J37,$J38*(X$8-$A37)/($A38-$A37)),""))) | AJ36: =IF($A37="","",IF($A38="",IF(YEAR($A37)=2012,SUM($J$12:$J37),""),IF(AND(YEAR($A37)=2012,YEAR($A38)=2013),SUM($J$12:$J37,$J38*(Y$8-$A37)/($A38-$A37)),"")))
A37: =IF(B37<=($E$5*$E$7),DATE(YEAR(A36),MONTH(A36)+12/$E$7,DAY(A36)),"") | B37: =IF($E$5*$E$7<25," ",25) | C37: =IF(AND(B35=" ",B36=" ",B37=" ")," ",IF(B36=" ",SUM(C$13:C35),IF(B37=" "," ",D37+E37))) | D37: =IF(AND(B35=" ",B36=" ",B37=" ")," ",IF(B36=" ",SUM(D$13:D35),IF(B37=" "," ",ROUND(F36*E$6/E$7,2)))) | E37: =IF(AND(B35=" ",B36=" ",B37=" ")," ",IF(B36=" ",SUM(E$13:E35),IF(B37=" "," ",E$8))) | F37: =IF(AND(B35=" ",B36=" ",B37=" ")," ",IF(B36=" ",SUM(F$12:F34),IF(B37=" "," ",F36-E37))) | G37: =IF(AND(B35=" ",B36=" ",B37=" ")," ",IF(B36=" ",SUM(G$12:G35),IF(B38=" ",IF(E$5*E$7=B37,C37-C$7+C$8+G$10," "),C37))) | H37: =IF(AND(B35=" ",B36=" ",B37=" ")," ",IF(B36=" ",SUM(H$13:H35)*E$7,IF(B37=" "," ",IF(B38=" ",IF(E$5*E$7=B37,IRR(G$12:G37,0.01)," ")," ")))) | I37: =IF(A38="","",F37-C$7) | J37: =IF(I36="","",I36*(A37-A36)/365) | P37: =IF($A38="","",IF($A39="",IF(YEAR($A38)=2003,SUM($D$12:$D38),""),IF(AND(YEAR($A38)=2003,YEAR($A39)=2004),SUM($D$12:$D38,$D39*(P$8-$A38)/($A39-$A38)),""))) | Q37: =IF(A38="","",IF(A39="",IF(YEAR(A38)=2004,SUM(D$12:D38),""),IF(AND(YEAR(A38)=2004,YEAR(A39)=2005),SUM(D$12:D38,D39*(Q$8-A38)/(A39-A38)),""))) | R37: =IF(A38="","",IF(A39="",IF(YEAR(A38)=2005,SUM(D$12:D38),""),IF(AND(YEAR(A38)=2005,YEAR(A39)=2006),SUM(D$12:D38,D39*(R$8-A38)/(A39-A38)),""))) | S37: =IF(A38="","",IF(A39="",IF(YEAR(A38)=2006,SUM(D$12:D38),""),IF(AND(YEAR(A38)=2006,YEAR(A39)=2007),SUM(D$12:D38,D39*(S$8-A38)/(A39-A38)),""))) | T37: =IF(A38="","",IF(A39="",IF(YEAR(A38)=2007,SUM(D$12:D38),""),IF(AND(YEAR(A38)=2007,YEAR(A39)=2008),SUM(D$12:D38,D39*(T$8-A38)/(A39-A38)),""))) | U37: =IF(A38="","",IF(A39="",IF(YEAR(A38)=2008,SUM(D$12:D38),""),IF(AND(YEAR(A38)=2008,YEAR(A39)=2009),SUM(D$12:D38,D39*(U$8-A38)/(A39-A38)),""))) | V37: =IF(A38="","",IF(A39="",IF(YEAR(A38)=2009,SUM(D$12:D38),""),IF(AND(YEAR(A38)=2009,YEAR(A39)=2010),SUM(D$12:D38,D39*(V$8-A38)/(A39-A38)),""))) | W37: =IF(A38="","",IF(A39="",IF(YEAR(A38)=2010,SUM(D$12:D38),""),IF(AND(YEAR(A38)=2010,YEAR(A39)=2011),SUM(D$12:D38,D39*(W$8-A38)/(A39-A38)),""))) | X37: =IF(A38="","",IF(A39="",IF(YEAR(A38)=2011,SUM(D$12:D38),""),IF(AND(YEAR(A38)=2011,YEAR(A39)=2012),SUM(D$12:D38,D39*(X$8-A38)/(A39-A38)),""))) | Y37: =IF(A38="","",IF(A39="",IF(YEAR(A38)=2012,SUM(D$12:D38),""),IF(AND(YEAR(A38)=2012,YEAR(A39)=2013),SUM(D$12:D38,D39*(Y$8-A38)/(A39-A38)),""))) | Z37: =IF($A38="","",IF($A39="",IF(YEAR($A38)=2002,SUM($J$12:$J38),""),IF(AND(YEAR($A38)=2002,YEAR($A39)=2003),SUM($J$12:$J38,$J39*(O$8-$A38)/($A39-$A38)),""))) | AA37: =IF($A38="","",IF($A39="",IF(YEAR($A38)=2003,SUM($J$12:$J38),""),IF(AND(YEAR($A38)=2003,YEAR($A39)=2004),SUM($J$12:$J38,$J39*(P$8-$A38)/($A39-$A38)),""))) | AB37: =IF($A38="","",IF($A39="",IF(YEAR($A38)=2004,SUM($J$12:$J38),""),IF(AND(YEAR($A38)=2004,YEAR($A39)=2005),SUM($J$12:$J38,$J39*(Q$8-$A38)/($A39-$A38)),""))) | AC37: =IF($A38="","",IF($A39="",IF(YEAR($A38)=2005,SUM($J$12:$J38),""),IF(AND(YEAR($A38)=2005,YEAR($A39)=2006),SUM($J$12:$J38,$J39*(R$8-$A38)/($A39-$A38)),""))) | AD37: =IF($A38="","",IF($A39="",IF(YEAR($A38)=2006,SUM($J$12:$J38),""),IF(AND(YEAR($A38)=2006,YEAR($A39)=2007),SUM($J$12:$J38,$J39*(S$8-$A38)/($A39-$A38)),""))) | AE37: =IF($A38="","",IF($A39="",IF(YEAR($A38)=2007,SUM($J$12:$J38),""),IF(AND(YEAR($A38)=2007,YEAR($A39)=2008),SUM($J$12:$J38,$J39*(T$8-$A38)/($A39-$A38)),""))) | AF37: =IF($A38="","",IF($A39="",IF(YEAR($A38)=2008,SUM($J$12:$J38),""),IF(AND(YEAR($A38)=2008,YEAR($A39)=2009),SUM($J$12:$J38,$J39*(U$8-$A38)/($A39-$A38)),""))) | AG37: =IF($A38="","",IF($A39="",IF(YEAR($A38)=2009,SUM($J$12:$J38),""),IF(AND(YEAR($A38)=2009,YEAR($A39)=2010),SUM($J$12:$J38,$J39*(V$8-$A38)/($A39-$A38)),""))) | AH37: =IF($A38="","",IF($A39="",IF(YEAR($A38)=2010,SUM($J$12:$J38),""),IF(AND(YEAR($A38)=2010,YEAR($A39)=2011),SUM($J$12:$J38,$J39*(W$8-$A38)/($A39-$A38)),""))) | AI37: =IF($A38="","",IF($A39="",IF(YEAR($A38)=2011,SUM($J$12:$J38),""),IF(AND(YEAR($A38)=2011,YEAR($A39)=2012),SUM($J$12:$J38,$J39*(X$8-$A38)/($A39-$A38)),""))) | AJ37: =IF($A38="","",IF($A39="",IF(YEAR($A38)=2012,SUM($J$12:$J38),""),IF(AND(YEAR($A38)=2012,YEAR($A39)=2013),SUM($J$12:$J38,$J39*(Y$8-$A38)/($A39-$A38)),"")))
A38: =IF(B38<=($E$5*$E$7),DATE(YEAR(A37),MONTH(A37)+12/$E$7,DAY(A37)),"") | B38: =IF($E$5*$E$7<26," ",26) | C38: =IF(AND(B36=" ",B37=" ",B38=" ")," ",IF(B37=" ",SUM(C$13:C36),IF(B38=" "," ",D38+E38))) | D38: =IF(AND(B36=" ",B37=" ",B38=" ")," ",IF(B37=" ",SUM(D$13:D36),IF(B38=" "," ",ROUND(F37*E$6/E$7,2)))) | E38: =IF(AND(B36=" ",B37=" ",B38=" ")," ",IF(B37=" ",SUM(E$13:E36),IF(B38=" "," ",E$8))) | F38: =IF(AND(B36=" ",B37=" ",B38=" ")," ",IF(B37=" ",SUM(F$12:F35),IF(B38=" "," ",F37-E38))) | G38: =IF(AND(B36=" ",B37=" ",B38=" ")," ",IF(B37=" ",SUM(G$12:G36),IF(B39=" ",IF(E$5*E$7=B38,C38-C$7+C$8+G$10," "),C38))) | H38: =IF(AND(B36=" ",B37=" ",B38=" ")," ",IF(B37=" ",SUM(H$13:H36)*E$7,IF(B38=" "," ",IF(B39=" ",IF(E$5*E$7=B38,IRR(G$12:G38,0.01)," ")," ")))) | I38: =IF(A39="","",F38-C$7) | J38: =IF(I37="","",I37*(A38-A37)/365) | P38: =IF($A39="","",IF($A40="",IF(YEAR($A39)=2003,SUM($D$12:$D39),""),IF(AND(YEAR($A39)=2003,YEAR($A40)=2004),SUM($D$12:$D39,$D40*(P$8-$A39)/($A40-$A39)),""))) | Q38: =IF(A39="","",IF(A40="",IF(YEAR(A39)=2004,SUM(D$12:D39),""),IF(AND(YEAR(A39)=2004,YEAR(A40)=2005),SUM(D$12:D39,D40*(Q$8-A39)/(A40-A39)),""))) | R38: =IF(A39="","",IF(A40="",IF(YEAR(A39)=2005,SUM(D$12:D39),""),IF(AND(YEAR(A39)=2005,YEAR(A40)=2006),SUM(D$12:D39,D40*(R$8-A39)/(A40-A39)),""))) | S38: =IF(A39="","",IF(A40="",IF(YEAR(A39)=2006,SUM(D$12:D39),""),IF(AND(YEAR(A39)=2006,YEAR(A40)=2007),SUM(D$12:D39,D40*(S$8-A39)/(A40-A39)),""))) | T38: =IF(A39="","",IF(A40="",IF(YEAR(A39)=2007,SUM(D$12:D39),""),IF(AND(YEAR(A39)=2007,YEAR(A40)=2008),SUM(D$12:D39,D40*(T$8-A39)/(A40-A39)),""))) | U38: =IF(A39="","",IF(A40="",IF(YEAR(A39)=2008,SUM(D$12:D39),""),IF(AND(YEAR(A39)=2008,YEAR(A40)=2009),SUM(D$12:D39,D40*(U$8-A39)/(A40-A39)),""))) | V38: =IF(A39="","",IF(A40="",IF(YEAR(A39)=2009,SUM(D$12:D39),""),IF(AND(YEAR(A39)=2009,YEAR(A40)=2010),SUM(D$12:D39,D40*(V$8-A39)/(A40-A39)),""))) | W38: =IF(A39="","",IF(A40="",IF(YEAR(A39)=2010,SUM(D$12:D39),""),IF(AND(YEAR(A39)=2010,YEAR(A40)=2011),SUM(D$12:D39,D40*(W$8-A39)/(A40-A39)),""))) | X38: =IF(A39="","",IF(A40="",IF(YEAR(A39)=2011,SUM(D$12:D39),""),IF(AND(YEAR(A39)=2011,YEAR(A40)=2012),SUM(D$12:D39,D40*(X$8-A39)/(A40-A39)),""))) | Y38: =IF(A39="","",IF(A40="",IF(YEAR(A39)=2012,SUM(D$12:D39),""),IF(AND(YEAR(A39)=2012,YEAR(A40)=2013),SUM(D$12:D39,D40*(Y$8-A39)/(A40-A39)),""))) | Z38: =IF($A39="","",IF($A40="",IF(YEAR($A39)=2002,SUM($J$12:$J39),""),IF(AND(YEAR($A39)=2002,YEAR($A40)=2003),SUM($J$12:$J39,$J40*(O$8-$A39)/($A40-$A39)),""))) | AA38: =IF($A39="","",IF($A40="",IF(YEAR($A39)=2003,SUM($J$12:$J39),""),IF(AND(YEAR($A39)=2003,YEAR($A40)=2004),SUM($J$12:$J39,$J40*(P$8-$A39)/($A40-$A39)),""))) | AB38: =IF($A39="","",IF($A40="",IF(YEAR($A39)=2004,SUM($J$12:$J39),""),IF(AND(YEAR($A39)=2004,YEAR($A40)=2005),SUM($J$12:$J39,$J40*(Q$8-$A39)/($A40-$A39)),""))) | AC38: =IF($A39="","",IF($A40="",IF(YEAR($A39)=2005,SUM($J$12:$J39),""),IF(AND(YEAR($A39)=2005,YEAR($A40)=2006),SUM($J$12:$J39,$J40*(R$8-$A39)/($A40-$A39)),""))) | AD38: =IF($A39="","",IF($A40="",IF(YEAR($A39)=2006,SUM($J$12:$J39),""),IF(AND(YEAR($A39)=2006,YEAR($A40)=2007),SUM($J$12:$J39,$J40*(S$8-$A39)/($A40-$A39)),""))) | AE38: =IF($A39="","",IF($A40="",IF(YEAR($A39)=2007,SUM($J$12:$J39),""),IF(AND(YEAR($A39)=2007,YEAR($A40)=2008),SUM($J$12:$J39,$J40*(T$8-$A39)/($A40-$A39)),""))) | AF38: =IF($A39="","",IF($A40="",IF(YEAR($A39)=2008,SUM($J$12:$J39),""),IF(AND(YEAR($A39)=2008,YEAR($A40)=2009),SUM($J$12:$J39,$J40*(U$8-$A39)/($A40-$A39)),""))) | AG38: =IF($A39="","",IF($A40="",IF(YEAR($A39)=2009,SUM($J$12:$J39),""),IF(AND(YEAR($A39)=2009,YEAR($A40)=2010),SUM($J$12:$J39,$J40*(V$8-$A39)/($A40-$A39)),""))) | AH38: =IF($A39="","",IF($A40="",IF(YEAR($A39)=2010,SUM($J$12:$J39),""),IF(AND(YEAR($A39)=2010,YEAR($A40)=2011),SUM($J$12:$J39,$J40*(W$8-$A39)/($A40-$A39)),""))) | AI38: =IF($A39="","",IF($A40="",IF(YEAR($A39)=2011,SUM($J$12:$J39),""),IF(AND(YEAR($A39)=2011,YEAR($A40)=2012),SUM($J$12:$J39,$J40*(X$8-$A39)/($A40-$A39)),""))) | AJ38: =IF($A39="","",IF($A40="",IF(YEAR($A39)=2012,SUM($J$12:$J39),""),IF(AND(YEAR($A39)=2012,YEAR($A40)=2013),SUM($J$12:$J39,$J40*(Y$8-$A39)/($A40-$A39)),"")))
A39: =IF(B39<=($E$5*$E$7),DATE(YEAR(A38),MONTH(A38)+12/$E$7,DAY(A38)),"") | B39: =IF($E$5*$E$7<27," ",27) | C39: =IF(AND(B37=" ",B38=" ",B39=" ")," ",IF(B38=" ",SUM(C$13:C37),IF(B39=" "," ",D39+E39))) | D39: =IF(AND(B37=" ",B38=" ",B39=" ")," ",IF(B38=" ",SUM(D$13:D37),IF(B39=" "," ",ROUND(F38*E$6/E$7,2)))) | E39: =IF(AND(B37=" ",B38=" ",B39=" ")," ",IF(B38=" ",SUM(E$13:E37),IF(B39=" "," ",E$8))) | F39: =IF(AND(B37=" ",B38=" ",B39=" ")," ",IF(B38=" ",SUM(F$12:F36),IF(B39=" "," ",F38-E39))) | G39: =IF(AND(B37=" ",B38=" ",B39=" ")," ",IF(B38=" ",SUM(G$12:G37),IF(B40=" ",IF(E$5*E$7=B39,C39-C$7+C$8+G$10," "),C39))) | H39: =IF(AND(B37=" ",B38=" ",B39=" ")," ",IF(B38=" ",SUM(H$13:H37)*E$7,IF(B39=" "," ",IF(B40=" ",IF(E$5*E$7=B39,IRR(G$12:G39,0.01)," ")," ")))) | I39: =IF(A40="","",F39-C$7) | J39: =IF(I38="","",I38*(A39-A38)/365) | P39: =IF($A40="","",IF($A41="",IF(YEAR($A40)=2003,SUM($D$12:$D40),""),IF(AND(YEAR($A40)=2003,YEAR($A41)=2004),SUM($D$12:$D40,$D41*(P$8-$A40)/($A41-$A40)),""))) | Q39: =IF(A40="","",IF(A41="",IF(YEAR(A40)=2004,SUM(D$12:D40),""),IF(AND(YEAR(A40)=2004,YEAR(A41)=2005),SUM(D$12:D40,D41*(Q$8-A40)/(A41-A40)),""))) | R39: =IF(A40="","",IF(A41="",IF(YEAR(A40)=2005,SUM(D$12:D40),""),IF(AND(YEAR(A40)=2005,YEAR(A41)=2006),SUM(D$12:D40,D41*(R$8-A40)/(A41-A40)),""))) | S39: =IF(A40="","",IF(A41="",IF(YEAR(A40)=2006,SUM(D$12:D40),""),IF(AND(YEAR(A40)=2006,YEAR(A41)=2007),SUM(D$12:D40,D41*(S$8-A40)/(A41-A40)),""))) | T39: =IF(A40="","",IF(A41="",IF(YEAR(A40)=2007,SUM(D$12:D40),""),IF(AND(YEAR(A40)=2007,YEAR(A41)=2008),SUM(D$12:D40,D41*(T$8-A40)/(A41-A40)),""))) | U39: =IF(A40="","",IF(A41="",IF(YEAR(A40)=2008,SUM(D$12:D40),""),IF(AND(YEAR(A40)=2008,YEAR(A41)=2009),SUM(D$12:D40,D41*(U$8-A40)/(A41-A40)),""))) | V39: =IF(A40="","",IF(A41="",IF(YEAR(A40)=2009,SUM(D$12:D40),""),IF(AND(YEAR(A40)=2009,YEAR(A41)=2010),SUM(D$12:D40,D41*(V$8-A40)/(A41-A40)),""))) | W39: =IF(A40="","",IF(A41="",IF(YEAR(A40)=2010,SUM(D$12:D40),""),IF(AND(YEAR(A40)=2010,YEAR(A41)=2011),SUM(D$12:D40,D41*(W$8-A40)/(A41-A40)),""))) | X39: =IF(A40="","",IF(A41="",IF(YEAR(A40)=2011,SUM(D$12:D40),""),IF(AND(YEAR(A40)=2011,YEAR(A41)=2012),SUM(D$12:D40,D41*(X$8-A40)/(A41-A40)),""))) | Y39: =IF(A40="","",IF(A41="",IF(YEAR(A40)=2012,SUM(D$12:D40),""),IF(AND(YEAR(A40)=2012,YEAR(A41)=2013),SUM(D$12:D40,D41*(Y$8-A40)/(A41-A40)),""))) | Z39: =IF($A40="","",IF($A41="",IF(YEAR($A40)=2002,SUM($J$12:$J40),""),IF(AND(YEAR($A40)=2002,YEAR($A41)=2003),SUM($J$12:$J40,$J41*(O$8-$A40)/($A41-$A40)),""))) | AA39: =IF($A40="","",IF($A41="",IF(YEAR($A40)=2003,SUM($J$12:$J40),""),IF(AND(YEAR($A40)=2003,YEAR($A41)=2004),SUM($J$12:$J40,$J41*(P$8-$A40)/($A41-$A40)),""))) | AB39: =IF($A40="","",IF($A41="",IF(YEAR($A40)=2004,SUM($J$12:$J40),""),IF(AND(YEAR($A40)=2004,YEAR($A41)=2005),SUM($J$12:$J40,$J41*(Q$8-$A40)/($A41-$A40)),""))) | AC39: =IF($A40="","",IF($A41="",IF(YEAR($A40)=2005,SUM($J$12:$J40),""),IF(AND(YEAR($A40)=2005,YEAR($A41)=2006),SUM($J$12:$J40,$J41*(R$8-$A40)/($A41-$A40)),""))) | AD39: =IF($A40="","",IF($A41="",IF(YEAR($A40)=2006,SUM($J$12:$J40),""),IF(AND(YEAR($A40)=2006,YEAR($A41)=2007),SUM($J$12:$J40,$J41*(S$8-$A40)/($A41-$A40)),""))) | AE39: =IF($A40="","",IF($A41="",IF(YEAR($A40)=2007,SUM($J$12:$J40),""),IF(AND(YEAR($A40)=2007,YEAR($A41)=2008),SUM($J$12:$J40,$J41*(T$8-$A40)/($A41-$A40)),""))) | AF39: =IF($A40="","",IF($A41="",IF(YEAR($A40)=2008,SUM($J$12:$J40),""),IF(AND(YEAR($A40)=2008,YEAR($A41)=2009),SUM($J$12:$J40,$J41*(U$8-$A40)/($A41-$A40)),""))) | AG39: =IF($A40="","",IF($A41="",IF(YEAR($A40)=2009,SUM($J$12:$J40),""),IF(AND(YEAR($A40)=2009,YEAR($A41)=2010),SUM($J$12:$J40,$J41*(V$8-$A40)/($A41-$A40)),""))) | AH39: =IF($A40="","",IF($A41="",IF(YEAR($A40)=2010,SUM($J$12:$J40),""),IF(AND(YEAR($A40)=2010,YEAR($A41)=2011),SUM($J$12:$J40,$J41*(W$8-$A40)/($A41-$A40)),""))) | AI39: =IF($A40="","",IF($A41="",IF(YEAR($A40)=2011,SUM($J$12:$J40),""),IF(AND(YEAR($A40)=2011,YEAR($A41)=2012),SUM($J$12:$J40,$J41*(X$8-$A40)/($A41-$A40)),""))) | AJ39: =IF($A40="","",IF($A41="",IF(YEAR($A40)=2012,SUM($J$12:$J40),""),IF(AND(YEAR($A40)=2012,YEAR($A41)=2013),SUM($J$12:$J40,$J41*(Y$8-$A40)/($A41-$A40)),"")))
A40: =IF(B40<=($E$5*$E$7),DATE(YEAR(A39),MONTH(A39)+12/$E$7,DAY(A39)),"") | B40: =IF($E$5*$E$7<28," ",28) | C40: =IF(AND(B38=" ",B39=" ",B40=" ")," ",IF(B39=" ",SUM(C$13:C38),IF(B40=" "," ",D40+E40))) | D40: =IF(AND(B38=" ",B39=" ",B40=" ")," ",IF(B39=" ",SUM(D$13:D38),IF(B40=" "," ",ROUND(F39*E$6/E$7,2)))) | E40: =IF(AND(B38=" ",B39=" ",B40=" ")," ",IF(B39=" ",SUM(E$13:E38),IF(B40=" "," ",E$8))) | F40: =IF(AND(B38=" ",B39=" ",B40=" ")," ",IF(B39=" ",SUM(F$12:F37),IF(B40=" "," ",F39-E40))) | G40: =IF(AND(B38=" ",B39=" ",B40=" ")," ",IF(B39=" ",SUM(G$12:G38),IF(B41=" ",IF(E$5*E$7=B40,C40-C$7+C$8+G$10," "),C40))) | H40: =IF(AND(B38=" ",B39=" ",B40=" ")," ",IF(B39=" ",SUM(H$13:H38)*E$7,IF(B40=" "," ",IF(B41=" ",IF(E$5*E$7=B40,IRR(G$12:G40,0.01)," ")," ")))) | I40: =IF(A41="","",F40-C$7) | J40: =IF(I39="","",I39*(A40-A39)/365) | P40: =IF($A41="","",IF($A42="",IF(YEAR($A41)=2003,SUM($D$12:$D41),""),IF(AND(YEAR($A41)=2003,YEAR($A42)=2004),SUM($D$12:$D41,$D42*(P$8-$A41)/($A42-$A41)),""))) | Q40: =IF(A41="","",IF(A42="",IF(YEAR(A41)=2004,SUM(D$12:D41),""),IF(AND(YEAR(A41)=2004,YEAR(A42)=2005),SUM(D$12:D41,D42*(Q$8-A41)/(A42-A41)),""))) | R40: =IF(A41="","",IF(A42="",IF(YEAR(A41)=2005,SUM(D$12:D41),""),IF(AND(YEAR(A41)=2005,YEAR(A42)=2006),SUM(D$12:D41,D42*(R$8-A41)/(A42-A41)),""))) | S40: =IF(A41="","",IF(A42="",IF(YEAR(A41)=2006,SUM(D$12:D41),""),IF(AND(YEAR(A41)=2006,YEAR(A42)=2007),SUM(D$12:D41,D42*(S$8-A41)/(A42-A41)),""))) | T40: =IF(A41="","",IF(A42="",IF(YEAR(A41)=2007,SUM(D$12:D41),""),IF(AND(YEAR(A41)=2007,YEAR(A42)=2008),SUM(D$12:D41,D42*(T$8-A41)/(A42-A41)),""))) | U40: =IF(A41="","",IF(A42="",IF(YEAR(A41)=2008,SUM(D$12:D41),""),IF(AND(YEAR(A41)=2008,YEAR(A42)=2009),SUM(D$12:D41,D42*(U$8-A41)/(A42-A41)),""))) | V40: =IF(A41="","",IF(A42="",IF(YEAR(A41)=2009,SUM(D$12:D41),""),IF(AND(YEAR(A41)=2009,YEAR(A42)=2010),SUM(D$12:D41,D42*(V$8-A41)/(A42-A41)),""))) | W40: =IF(A41="","",IF(A42="",IF(YEAR(A41)=2010,SUM(D$12:D41),""),IF(AND(YEAR(A41)=2010,YEAR(A42)=2011),SUM(D$12:D41,D42*(W$8-A41)/(A42-A41)),""))) | X40: =IF(A41="","",IF(A42="",IF(YEAR(A41)=2011,SUM(D$12:D41),""),IF(AND(YEAR(A41)=2011,YEAR(A42)=2012),SUM(D$12:D41,D42*(X$8-A41)/(A42-A41)),""))) | Y40: =IF(A41="","",IF(A42="",IF(YEAR(A41)=2012,SUM(D$12:D41),""),IF(AND(YEAR(A41)=2012,YEAR(A42)=2013),SUM(D$12:D41,D42*(Y$8-A41)/(A42-A41)),""))) | Z40: =IF($A41="","",IF($A42="",IF(YEAR($A41)=2002,SUM($J$12:$J41),""),IF(AND(YEAR($A41)=2002,YEAR($A42)=2003),SUM($J$12:$J41,$J42*(O$8-$A41)/($A42-$A41)),""))) | AA40: =IF($A41="","",IF($A42="",IF(YEAR($A41)=2003,SUM($J$12:$J41),""),IF(AND(YEAR($A41)=2003,YEAR($A42)=2004),SUM($J$12:$J41,$J42*(P$8-$A41)/($A42-$A41)),""))) | AB40: =IF($A41="","",IF($A42="",IF(YEAR($A41)=2004,SUM($J$12:$J41),""),IF(AND(YEAR($A41)=2004,YEAR($A42)=2005),SUM($J$12:$J41,$J42*(Q$8-$A41)/($A42-$A41)),""))) | AC40: =IF($A41="","",IF($A42="",IF(YEAR($A41)=2005,SUM($J$12:$J41),""),IF(AND(YEAR($A41)=2005,YEAR($A42)=2006),SUM($J$12:$J41,$J42*(R$8-$A41)/($A42-$A41)),""))) | AD40: =IF($A41="","",IF($A42="",IF(YEAR($A41)=2006,SUM($J$12:$J41),""),IF(AND(YEAR($A41)=2006,YEAR($A42)=2007),SUM($J$12:$J41,$J42*(S$8-$A41)/($A42-$A41)),""))) | AE40: =IF($A41="","",IF($A42="",IF(YEAR($A41)=2007,SUM($J$12:$J41),""),IF(AND(YEAR($A41)=2007,YEAR($A42)=2008),SUM($J$12:$J41,$J42*(T$8-$A41)/($A42-$A41)),""))) | AF40: =IF($A41="","",IF($A42="",IF(YEAR($A41)=2008,SUM($J$12:$J41),""),IF(AND(YEAR($A41)=2008,YEAR($A42)=2009),SUM($J$12:$J41,$J42*(U$8-$A41)/($A42-$A41)),""))) | AG40: =IF($A41="","",IF($A42="",IF(YEAR($A41)=2009,SUM($J$12:$J41),""),IF(AND(YEAR($A41)=2009,YEAR($A42)=2010),SUM($J$12:$J41,$J42*(V$8-$A41)/($A42-$A41)),""))) | AH40: =IF($A41="","",IF($A42="",IF(YEAR($A41)=2010,SUM($J$12:$J41),""),IF(AND(YEAR($A41)=2010,YEAR($A42)=2011),SUM($J$12:$J41,$J42*(W$8-$A41)/($A42-$A41)),""))) | AI40: =IF($A41="","",IF($A42="",IF(YEAR($A41)=2011,SUM($J$12:$J41),""),IF(AND(YEAR($A41)=2011,YEAR($A42)=2012),SUM($J$12:$J41,$J42*(X$8-$A41)/($A42-$A41)),""))) | AJ40: =IF($A41="","",IF($A42="",IF(YEAR($A41)=2012,SUM($J$12:$J41),""),IF(AND(YEAR($A41)=2012,YEAR($A42)=2013),SUM($J$12:$J41,$J42*(Y$8-$A41)/($A42-$A41)),"")))
A41: =IF(B41<=($E$5*$E$7),DATE(YEAR(A40),MONTH(A40)+12/$E$7,DAY(A40)),"") | B41: =IF($E$5*$E$7<29," ",29) | C41: =IF(AND(B39=" ",B40=" ",B41=" ")," ",IF(B40=" ",SUM(C$13:C39),IF(B41=" "," ",D41+E41))) | D41: =IF(AND(B39=" ",B40=" ",B41=" ")," ",IF(B40=" ",SUM(D$13:D39),IF(B41=" "," ",ROUND(F40*E$6/E$7,2)))) | E41: =IF(AND(B39=" ",B40=" ",B41=" ")," ",IF(B40=" ",SUM(E$13:E39),IF(B41=" "," ",E$8))) | F41: =IF(AND(B39=" ",B40=" ",B41=" ")," ",IF(B40=" ",SUM(F$12:F38),IF(B41=" "," ",F40-E41))) | G41: =IF(AND(B39=" ",B40=" ",B41=" ")," ",IF(B40=" ",SUM(G$12:G39),IF(B42=" ",IF(E$5*E$7=B41,C41-C$7+C$8+G$10," "),C41))) | H41: =IF(AND(B39=" ",B40=" ",B41=" ")," ",IF(B40=" ",SUM(H$13:H39)*E$7,IF(B41=" "," ",IF(B42=" ",IF(E$5*E$7=B41,IRR(G$12:G41,0.01)," ")," ")))) | I41: =IF(A42="","",F41-C$7) | J41: =IF(I40="","",I40*(A41-A40)/365) | P41: =IF($A42="","",IF($A43="",IF(YEAR($A42)=2003,SUM($D$12:$D42),""),IF(AND(YEAR($A42)=2003,YEAR($A43)=2004),SUM($D$12:$D42,$D43*(P$8-$A42)/($A43-$A42)),""))) | Q41: =IF(A42="","",IF(A43="",IF(YEAR(A42)=2004,SUM(D$12:D42),""),IF(AND(YEAR(A42)=2004,YEAR(A43)=2005),SUM(D$12:D42,D43*(Q$8-A42)/(A43-A42)),""))) | R41: =IF(A42="","",IF(A43="",IF(YEAR(A42)=2005,SUM(D$12:D42),""),IF(AND(YEAR(A42)=2005,YEAR(A43)=2006),SUM(D$12:D42,D43*(R$8-A42)/(A43-A42)),""))) | S41: =IF(A42="","",IF(A43="",IF(YEAR(A42)=2006,SUM(D$12:D42),""),IF(AND(YEAR(A42)=2006,YEAR(A43)=2007),SUM(D$12:D42,D43*(S$8-A42)/(A43-A42)),""))) | T41: =IF(A42="","",IF(A43="",IF(YEAR(A42)=2007,SUM(D$12:D42),""),IF(AND(YEAR(A42)=2007,YEAR(A43)=2008),SUM(D$12:D42,D43*(T$8-A42)/(A43-A42)),""))) | U41: =IF(A42="","",IF(A43="",IF(YEAR(A42)=2008,SUM(D$12:D42),""),IF(AND(YEAR(A42)=2008,YEAR(A43)=2009),SUM(D$12:D42,D43*(U$8-A42)/(A43-A42)),""))) | V41: =IF(A42="","",IF(A43="",IF(YEAR(A42)=2009,SUM(D$12:D42),""),IF(AND(YEAR(A42)=2009,YEAR(A43)=2010),SUM(D$12:D42,D43*(V$8-A42)/(A43-A42)),""))) | W41: =IF(A42="","",IF(A43="",IF(YEAR(A42)=2010,SUM(D$12:D42),""),IF(AND(YEAR(A42)=2010,YEAR(A43)=2011),SUM(D$12:D42,D43*(W$8-A42)/(A43-A42)),""))) | X41: =IF(A42="","",IF(A43="",IF(YEAR(A42)=2011,SUM(D$12:D42),""),IF(AND(YEAR(A42)=2011,YEAR(A43)=2012),SUM(D$12:D42,D43*(X$8-A42)/(A43-A42)),""))) | Y41: =IF(A42="","",IF(A43="",IF(YEAR(A42)=2012,SUM(D$12:D42),""),IF(AND(YEAR(A42)=2012,YEAR(A43)=2013),SUM(D$12:D42,D43*(Y$8-A42)/(A43-A42)),""))) | Z41: =IF($A42="","",IF($A43="",IF(YEAR($A42)=2002,SUM($J$12:$J42),""),IF(AND(YEAR($A42)=2002,YEAR($A43)=2003),SUM($J$12:$J42,$J43*(O$8-$A42)/($A43-$A42)),""))) | AA41: =IF($A42="","",IF($A43="",IF(YEAR($A42)=2003,SUM($J$12:$J42),""),IF(AND(YEAR($A42)=2003,YEAR($A43)=2004),SUM($J$12:$J42,$J43*(P$8-$A42)/($A43-$A42)),""))) | AB41: =IF($A42="","",IF($A43="",IF(YEAR($A42)=2004,SUM($J$12:$J42),""),IF(AND(YEAR($A42)=2004,YEAR($A43)=2005),SUM($J$12:$J42,$J43*(Q$8-$A42)/($A43-$A42)),""))) | AC41: =IF($A42="","",IF($A43="",IF(YEAR($A42)=2005,SUM($J$12:$J42),""),IF(AND(YEAR($A42)=2005,YEAR($A43)=2006),SUM($J$12:$J42,$J43*(R$8-$A42)/($A43-$A42)),""))) | AD41: =IF($A42="","",IF($A43="",IF(YEAR($A42)=2006,SUM($J$12:$J42),""),IF(AND(YEAR($A42)=2006,YEAR($A43)=2007),SUM($J$12:$J42,$J43*(S$8-$A42)/($A43-$A42)),""))) | AE41: =IF($A42="","",IF($A43="",IF(YEAR($A42)=2007,SUM($J$12:$J42),""),IF(AND(YEAR($A42)=2007,YEAR($A43)=2008),SUM($J$12:$J42,$J43*(T$8-$A42)/($A43-$A42)),""))) | AF41: =IF($A42="","",IF($A43="",IF(YEAR($A42)=2008,SUM($J$12:$J42),""),IF(AND(YEAR($A42)=2008,YEAR($A43)=2009),SUM($J$12:$J42,$J43*(U$8-$A42)/($A43-$A42)),""))) | AG41: =IF($A42="","",IF($A43="",IF(YEAR($A42)=2009,SUM($J$12:$J42),""),IF(AND(YEAR($A42)=2009,YEAR($A43)=2010),SUM($J$12:$J42,$J43*(V$8-$A42)/($A43-$A42)),""))) | AH41: =IF($A42="","",IF($A43="",IF(YEAR($A42)=2010,SUM($J$12:$J42),""),IF(AND(YEAR($A42)=2010,YEAR($A43)=2011),SUM($J$12:$J42,$J43*(W$8-$A42)/($A43-$A42)),""))) | AI41: =IF($A42="","",IF($A43="",IF(YEAR($A42)=2011,SUM($J$12:$J42),""),IF(AND(YEAR($A42)=2011,YEAR($A43)=2012),SUM($J$12:$J42,$J43*(X$8-$A42)/($A43-$A42)),""))) | AJ41: =IF($A42="","",IF($A43="",IF(YEAR($A42)=2012,SUM($J$12:$J42),""),IF(AND(YEAR($A42)=2012,YEAR($A43)=2013),SUM($J$12:$J42,$J43*(Y$8-$A42)/($A43-$A42)),"")))
A42: =IF(B42<=($E$5*$E$7),DATE(YEAR(A41),MONTH(A41)+12/$E$7,DAY(A41)),"") | B42: =IF($E$5*$E$7<30," ",30) | C42: =IF(AND(B40=" ",B41=" ",B42=" ")," ",IF(B41=" ",SUM(C$13:C40),IF(B42=" "," ",D42+E42))) | D42: =IF(AND(B40=" ",B41=" ",B42=" ")," ",IF(B41=" ",SUM(D$13:D40),IF(B42=" "," ",ROUND(F41*E$6/E$7,2)))) | E42: =IF(AND(B40=" ",B41=" ",B42=" ")," ",IF(B41=" ",SUM(E$13:E40),IF(B42=" "," ",E$8))) | F42: =IF(AND(B40=" ",B41=" ",B42=" ")," ",IF(B41=" ",SUM(F$12:F39),IF(B42=" "," ",F41-E42))) | G42: =IF(AND(B40=" ",B41=" ",B42=" ")," ",IF(B41=" ",SUM(G$12:G40),IF(B43=" ",IF(E$5*E$7=B42,C42-C$7+C$8+G$10," "),C42))) | H42: =IF(AND(B40=" ",B41=" ",B42=" ")," ",IF(B41=" ",SUM(H$13:H40)*E$7,IF(B42=" "," ",IF(B43=" ",IF(E$5*E$7=B42,IRR(G$12:G42,0.01)," ")," ")))) | I42: =IF(A43="","",F42-C$7) | J42: =IF(I41="","",I41*(A42-A41)/365) | P42: =IF($A43="","",IF($A44="",IF(YEAR($A43)=2003,SUM($D$12:$D43),""),IF(AND(YEAR($A43)=2003,YEAR($A44)=2004),SUM($D$12:$D43,$D44*(P$8-$A43)/($A44-$A43)),""))) | Q42: =IF(A43="","",IF(A44="",IF(YEAR(A43)=2004,SUM(D$12:D43),""),IF(AND(YEAR(A43)=2004,YEAR(A44)=2005),SUM(D$12:D43,D44*(Q$8-A43)/(A44-A43)),""))) | R42: =IF(A43="","",IF(A44="",IF(YEAR(A43)=2005,SUM(D$12:D43),""),IF(AND(YEAR(A43)=2005,YEAR(A44)=2006),SUM(D$12:D43,D44*(R$8-A43)/(A44-A43)),""))) | S42: =IF(A43="","",IF(A44="",IF(YEAR(A43)=2006,SUM(D$12:D43),""),IF(AND(YEAR(A43)=2006,YEAR(A44)=2007),SUM(D$12:D43,D44*(S$8-A43)/(A44-A43)),""))) | T42: =IF(A43="","",IF(A44="",IF(YEAR(A43)=2007,SUM(D$12:D43),""),IF(AND(YEAR(A43)=2007,YEAR(A44)=2008),SUM(D$12:D43,D44*(T$8-A43)/(A44-A43)),""))) | U42: =IF(A43="","",IF(A44="",IF(YEAR(A43)=2008,SUM(D$12:D43),""),IF(AND(YEAR(A43)=2008,YEAR(A44)=2009),SUM(D$12:D43,D44*(U$8-A43)/(A44-A43)),""))) | V42: =IF(A43="","",IF(A44="",IF(YEAR(A43)=2009,SUM(D$12:D43),""),IF(AND(YEAR(A43)=2009,YEAR(A44)=2010),SUM(D$12:D43,D44*(V$8-A43)/(A44-A43)),""))) | W42: =IF(A43="","",IF(A44="",IF(YEAR(A43)=2010,SUM(D$12:D43),""),IF(AND(YEAR(A43)=2010,YEAR(A44)=2011),SUM(D$12:D43,D44*(W$8-A43)/(A44-A43)),""))) | X42: =IF(A43="","",IF(A44="",IF(YEAR(A43)=2011,SUM(D$12:D43),""),IF(AND(YEAR(A43)=2011,YEAR(A44)=2012),SUM(D$12:D43,D44*(X$8-A43)/(A44-A43)),""))) | Y42: =IF(A43="","",IF(A44="",IF(YEAR(A43)=2012,SUM(D$12:D43),""),IF(AND(YEAR(A43)=2012,YEAR(A44)=2013),SUM(D$12:D43,D44*(Y$8-A43)/(A44-A43)),""))) | Z42: =IF($A43="","",IF($A44="",IF(YEAR($A43)=2002,SUM($J$12:$J43),""),IF(AND(YEAR($A43)=2002,YEAR($A44)=2003),SUM($J$12:$J43,$J44*(O$8-$A43)/($A44-$A43)),""))) | AA42: =IF($A43="","",IF($A44="",IF(YEAR($A43)=2003,SUM($J$12:$J43),""),IF(AND(YEAR($A43)=2003,YEAR($A44)=2004),SUM($J$12:$J43,$J44*(P$8-$A43)/($A44-$A43)),""))) | AB42: =IF($A43="","",IF($A44="",IF(YEAR($A43)=2004,SUM($J$12:$J43),""),IF(AND(YEAR($A43)=2004,YEAR($A44)=2005),SUM($J$12:$J43,$J44*(Q$8-$A43)/($A44-$A43)),""))) | AC42: =IF($A43="","",IF($A44="",IF(YEAR($A43)=2005,SUM($J$12:$J43),""),IF(AND(YEAR($A43)=2005,YEAR($A44)=2006),SUM($J$12:$J43,$J44*(R$8-$A43)/($A44-$A43)),""))) | AD42: =IF($A43="","",IF($A44="",IF(YEAR($A43)=2006,SUM($J$12:$J43),""),IF(AND(YEAR($A43)=2006,YEAR($A44)=2007),SUM($J$12:$J43,$J44*(S$8-$A43)/($A44-$A43)),""))) | AE42: =IF($A43="","",IF($A44="",IF(YEAR($A43)=2007,SUM($J$12:$J43),""),IF(AND(YEAR($A43)=2007,YEAR($A44)=2008),SUM($J$12:$J43,$J44*(T$8-$A43)/($A44-$A43)),""))) | AF42: =IF($A43="","",IF($A44="",IF(YEAR($A43)=2008,SUM($J$12:$J43),""),IF(AND(YEAR($A43)=2008,YEAR($A44)=2009),SUM($J$12:$J43,$J44*(U$8-$A43)/($A44-$A43)),""))) | AG42: =IF($A43="","",IF($A44="",IF(YEAR($A43)=2009,SUM($J$12:$J43),""),IF(AND(YEAR($A43)=2009,YEAR($A44)=2010),SUM($J$12:$J43,$J44*(V$8-$A43)/($A44-$A43)),""))) | AH42: =IF($A43="","",IF($A44="",IF(YEAR($A43)=2010,SUM($J$12:$J43),""),IF(AND(YEAR($A43)=2010,YEAR($A44)=2011),SUM($J$12:$J43,$J44*(W$8-$A43)/($A44-$A43)),""))) | AI42: =IF($A43="","",IF($A44="",IF(YEAR($A43)=2011,SUM($J$12:$J43),""),IF(AND(YEAR($A43)=2011,YEAR($A44)=2012),SUM($J$12:$J43,$J44*(X$8-$A43)/($A44-$A43)),""))) | AJ42: =IF($A43="","",IF($A44="",IF(YEAR($A43)=2012,SUM($J$12:$J43),""),IF(AND(YEAR($A43)=2012,YEAR($A44)=2013),SUM($J$12:$J43,$J44*(Y$8-$A43)/($A44-$A43)),"")))
A43: =IF(B43<=($E$5*$E$7),DATE(YEAR(A42),MONTH(A42)+12/$E$7,DAY(A42)),"") | B43: =IF($E$5*$E$7<31," ",31) | C43: =IF(AND(B41=" ",B42=" ",B43=" ")," ",IF(B42=" ",SUM(C$13:C41),IF(B43=" "," ",D43+E43))) | D43: =IF(AND(B41=" ",B42=" ",B43=" ")," ",IF(B42=" ",SUM(D$13:D41),IF(B43=" "," ",ROUND(F42*E$6/E$7,2)))) | E43: =IF(AND(B41=" ",B42=" ",B43=" ")," ",IF(B42=" ",SUM(E$13:E41),IF(B43=" "," ",E$8))) | F43: =IF(AND(B41=" ",B42=" ",B43=" ")," ",IF(B42=" ",SUM(F$12:F40),IF(B43=" "," ",F42-E43))) | G43: =IF(AND(B41=" ",B42=" ",B43=" ")," ",IF(B42=" ",SUM(G$12:G41),IF(B44=" ",IF(E$5*E$7=B43,C43-C$7+C$8+G$10," "),C43))) | H43: =IF(AND(B41=" ",B42=" ",B43=" ")," ",IF(B42=" ",SUM(H$13:H41)*E$7,IF(B43=" "," ",IF(B44=" ",IF(E$5*E$7=B43,IRR(G$12:G43,0.01)," ")," ")))) | I43: =IF(A44="","",F43-C$7) | J43: =IF(I42="","",I42*(A43-A42)/365) | P43: =IF($A44="","",IF($A45="",IF(YEAR($A44)=2003,SUM($D$12:$D44),""),IF(AND(YEAR($A44)=2003,YEAR($A45)=2004),SUM($D$12:$D44,$D45*(P$8-$A44)/($A45-$A44)),""))) | Q43: =IF(A44="","",IF(A45="",IF(YEAR(A44)=2004,SUM(D$12:D44),""),IF(AND(YEAR(A44)=2004,YEAR(A45)=2005),SUM(D$12:D44,D45*(Q$8-A44)/(A45-A44)),""))) | R43: =IF(A44="","",IF(A45="",IF(YEAR(A44)=2005,SUM(D$12:D44),""),IF(AND(YEAR(A44)=2005,YEAR(A45)=2006),SUM(D$12:D44,D45*(R$8-A44)/(A45-A44)),""))) | S43: =IF(A44="","",IF(A45="",IF(YEAR(A44)=2006,SUM(D$12:D44),""),IF(AND(YEAR(A44)=2006,YEAR(A45)=2007),SUM(D$12:D44,D45*(S$8-A44)/(A45-A44)),""))) | T43: =IF(A44="","",IF(A45="",IF(YEAR(A44)=2007,SUM(D$12:D44),""),IF(AND(YEAR(A44)=2007,YEAR(A45)=2008),SUM(D$12:D44,D45*(T$8-A44)/(A45-A44)),""))) | U43: =IF(A44="","",IF(A45="",IF(YEAR(A44)=2008,SUM(D$12:D44),""),IF(AND(YEAR(A44)=2008,YEAR(A45)=2009),SUM(D$12:D44,D45*(U$8-A44)/(A45-A44)),""))) | V43: =IF(A44="","",IF(A45="",IF(YEAR(A44)=2009,SUM(D$12:D44),""),IF(AND(YEAR(A44)=2009,YEAR(A45)=2010),SUM(D$12:D44,D45*(V$8-A44)/(A45-A44)),""))) | W43: =IF(A44="","",IF(A45="",IF(YEAR(A44)=2010,SUM(D$12:D44),""),IF(AND(YEAR(A44)=2010,YEAR(A45)=2011),SUM(D$12:D44,D45*(W$8-A44)/(A45-A44)),""))) | X43: =IF(A44="","",IF(A45="",IF(YEAR(A44)=2011,SUM(D$12:D44),""),IF(AND(YEAR(A44)=2011,YEAR(A45)=2012),SUM(D$12:D44,D45*(X$8-A44)/(A45-A44)),""))) | Y43: =IF(A44="","",IF(A45="",IF(YEAR(A44)=2012,SUM(D$12:D44),""),IF(AND(YEAR(A44)=2012,YEAR(A45)=2013),SUM(D$12:D44,D45*(Y$8-A44)/(A45-A44)),""))) | Z43: =IF($A44="","",IF($A45="",IF(YEAR($A44)=2002,SUM($J$12:$J44),""),IF(AND(YEAR($A44)=2002,YEAR($A45)=2003),SUM($J$12:$J44,$J45*(O$8-$A44)/($A45-$A44)),""))) | AA43: =IF($A44="","",IF($A45="",IF(YEAR($A44)=2003,SUM($J$12:$J44),""),IF(AND(YEAR($A44)=2003,YEAR($A45)=2004),SUM($J$12:$J44,$J45*(P$8-$A44)/($A45-$A44)),""))) | AB43: =IF($A44="","",IF($A45="",IF(YEAR($A44)=2004,SUM($J$12:$J44),""),IF(AND(YEAR($A44)=2004,YEAR($A45)=2005),SUM($J$12:$J44,$J45*(Q$8-$A44)/($A45-$A44)),""))) | AC43: =IF($A44="","",IF($A45="",IF(YEAR($A44)=2005,SUM($J$12:$J44),""),IF(AND(YEAR($A44)=2005,YEAR($A45)=2006),SUM($J$12:$J44,$J45*(R$8-$A44)/($A45-$A44)),""))) | AD43: =IF($A44="","",IF($A45="",IF(YEAR($A44)=2006,SUM($J$12:$J44),""),IF(AND(YEAR($A44)=2006,YEAR($A45)=2007),SUM($J$12:$J44,$J45*(S$8-$A44)/($A45-$A44)),""))) | AE43: =IF($A44="","",IF($A45="",IF(YEAR($A44)=2007,SUM($J$12:$J44),""),IF(AND(YEAR($A44)=2007,YEAR($A45)=2008),SUM($J$12:$J44,$J45*(T$8-$A44)/($A45-$A44)),""))) | AF43: =IF($A44="","",IF($A45="",IF(YEAR($A44)=2008,SUM($J$12:$J44),""),IF(AND(YEAR($A44)=2008,YEAR($A45)=2009),SUM($J$12:$J44,$J45*(U$8-$A44)/($A45-$A44)),""))) | AG43: =IF($A44="","",IF($A45="",IF(YEAR($A44)=2009,SUM($J$12:$J44),""),IF(AND(YEAR($A44)=2009,YEAR($A45)=2010),SUM($J$12:$J44,$J45*(V$8-$A44)/($A45-$A44)),""))) | AH43: =IF($A44="","",IF($A45="",IF(YEAR($A44)=2010,SUM($J$12:$J44),""),IF(AND(YEAR($A44)=2010,YEAR($A45)=2011),SUM($J$12:$J44,$J45*(W$8-$A44)/($A45-$A44)),""))) | AI43: =IF($A44="","",IF($A45="",IF(YEAR($A44)=2011,SUM($J$12:$J44),""),IF(AND(YEAR($A44)=2011,YEAR($A45)=2012),SUM($J$12:$J44,$J45*(X$8-$A44)/($A45-$A44)),""))) | AJ43: =IF($A44="","",IF($A45="",IF(YEAR($A44)=2012,SUM($J$12:$J44),""),IF(AND(YEAR($A44)=2012,YEAR($A45)=2013),SUM($J$12:$J44,$J45*(Y$8-$A44)/($A45-$A44)),"")))
A44: =IF(B44<=($E$5*$E$7),DATE(YEAR(A43),MONTH(A43)+12/$E$7,DAY(A43)),"") | B44: =IF($E$5*$E$7<32," ",32) | C44: =IF(AND(B42=" ",B43=" ",B44=" ")," ",IF(B43=" ",SUM(C$13:C42),IF(B44=" "," ",D44+E44))) | D44: =IF(AND(B42=" ",B43=" ",B44=" ")," ",IF(B43=" ",SUM(D$13:D42),IF(B44=" "," ",ROUND(F43*E$6/E$7,2)))) | E44: =IF(AND(B42=" ",B43=" ",B44=" ")," ",IF(B43=" ",SUM(E$13:E42),IF(B44=" "," ",E$8))) | F44: =IF(AND(B42=" ",B43=" ",B44=" ")," ",IF(B43=" ",SUM(F$12:F41),IF(B44=" "," ",F43-E44))) | G44: =IF(AND(B42=" ",B43=" ",B44=" ")," ",IF(B43=" ",SUM(G$12:G42),IF(B45=" ",IF(E$5*E$7=B44,C44-C$7+C$8+G$10," "),C44))) | H44: =IF(AND(B42=" ",B43=" ",B44=" ")," ",IF(B43=" ",SUM(H$13:H42)*E$7,IF(B44=" "," ",IF(B45=" ",IF(E$5*E$7=B44,IRR(G$12:G44,0.01)," ")," ")))) | I44: =IF(A45="","",F44-C$7) | J44: =IF(I43="","",I43*(A44-A43)/365) | P44: =IF($A45="","",IF($A46="",IF(YEAR($A45)=2003,SUM($D$12:$D45),""),IF(AND(YEAR($A45)=2003,YEAR($A46)=2004),SUM($D$12:$D45,$D46*(P$8-$A45)/($A46-$A45)),""))) | Q44: =IF(A45="","",IF(A46="",IF(YEAR(A45)=2004,SUM(D$12:D45),""),IF(AND(YEAR(A45)=2004,YEAR(A46)=2005),SUM(D$12:D45,D46*(Q$8-A45)/(A46-A45)),""))) | R44: =IF(A45="","",IF(A46="",IF(YEAR(A45)=2005,SUM(D$12:D45),""),IF(AND(YEAR(A45)=2005,YEAR(A46)=2006),SUM(D$12:D45,D46*(R$8-A45)/(A46-A45)),""))) | S44: =IF(A45="","",IF(A46="",IF(YEAR(A45)=2006,SUM(D$12:D45),""),IF(AND(YEAR(A45)=2006,YEAR(A46)=2007),SUM(D$12:D45,D46*(S$8-A45)/(A46-A45)),""))) | T44: =IF(A45="","",IF(A46="",IF(YEAR(A45)=2007,SUM(D$12:D45),""),IF(AND(YEAR(A45)=2007,YEAR(A46)=2008),SUM(D$12:D45,D46*(T$8-A45)/(A46-A45)),""))) | U44: =IF(A45="","",IF(A46="",IF(YEAR(A45)=2008,SUM(D$12:D45),""),IF(AND(YEAR(A45)=2008,YEAR(A46)=2009),SUM(D$12:D45,D46*(U$8-A45)/(A46-A45)),""))) | V44: =IF(A45="","",IF(A46="",IF(YEAR(A45)=2009,SUM(D$12:D45),""),IF(AND(YEAR(A45)=2009,YEAR(A46)=2010),SUM(D$12:D45,D46*(V$8-A45)/(A46-A45)),""))) | W44: =IF(A45="","",IF(A46="",IF(YEAR(A45)=2010,SUM(D$12:D45),""),IF(AND(YEAR(A45)=2010,YEAR(A46)=2011),SUM(D$12:D45,D46*(W$8-A45)/(A46-A45)),""))) | X44: =IF(A45="","",IF(A46="",IF(YEAR(A45)=2011,SUM(D$12:D45),""),IF(AND(YEAR(A45)=2011,YEAR(A46)=2012),SUM(D$12:D45,D46*(X$8-A45)/(A46-A45)),""))) | Y44: =IF(A45="","",IF(A46="",IF(YEAR(A45)=2012,SUM(D$12:D45),""),IF(AND(YEAR(A45)=2012,YEAR(A46)=2013),SUM(D$12:D45,D46*(Y$8-A45)/(A46-A45)),""))) | Z44: =IF($A45="","",IF($A46="",IF(YEAR($A45)=2002,SUM($J$12:$J45),""),IF(AND(YEAR($A45)=2002,YEAR($A46)=2003),SUM($J$12:$J45,$J46*(O$8-$A45)/($A46-$A45)),""))) | AA44: =IF($A45="","",IF($A46="",IF(YEAR($A45)=2003,SUM($J$12:$J45),""),IF(AND(YEAR($A45)=2003,YEAR($A46)=2004),SUM($J$12:$J45,$J46*(P$8-$A45)/($A46-$A45)),""))) | AB44: =IF($A45="","",IF($A46="",IF(YEAR($A45)=2004,SUM($J$12:$J45),""),IF(AND(YEAR($A45)=2004,YEAR($A46)=2005),SUM($J$12:$J45,$J46*(Q$8-$A45)/($A46-$A45)),""))) | AC44: =IF($A45="","",IF($A46="",IF(YEAR($A45)=2005,SUM($J$12:$J45),""),IF(AND(YEAR($A45)=2005,YEAR($A46)=2006),SUM($J$12:$J45,$J46*(R$8-$A45)/($A46-$A45)),""))) | AD44: =IF($A45="","",IF($A46="",IF(YEAR($A45)=2006,SUM($J$12:$J45),""),IF(AND(YEAR($A45)=2006,YEAR($A46)=2007),SUM($J$12:$J45,$J46*(S$8-$A45)/($A46-$A45)),""))) | AE44: =IF($A45="","",IF($A46="",IF(YEAR($A45)=2007,SUM($J$12:$J45),""),IF(AND(YEAR($A45)=2007,YEAR($A46)=2008),SUM($J$12:$J45,$J46*(T$8-$A45)/($A46-$A45)),""))) | AF44: =IF($A45="","",IF($A46="",IF(YEAR($A45)=2008,SUM($J$12:$J45),""),IF(AND(YEAR($A45)=2008,YEAR($A46)=2009),SUM($J$12:$J45,$J46*(U$8-$A45)/($A46-$A45)),""))) | AG44: =IF($A45="","",IF($A46="",IF(YEAR($A45)=2009,SUM($J$12:$J45),""),IF(AND(YEAR($A45)=2009,YEAR($A46)=2010),SUM($J$12:$J45,$J46*(V$8-$A45)/($A46-$A45)),""))) | AH44: =IF($A45="","",IF($A46="",IF(YEAR($A45)=2010,SUM($J$12:$J45),""),IF(AND(YEAR($A45)=2010,YEAR($A46)=2011),SUM($J$12:$J45,$J46*(W$8-$A45)/($A46-$A45)),""))) | AI44: =IF($A45="","",IF($A46="",IF(YEAR($A45)=2011,SUM($J$12:$J45),""),IF(AND(YEAR($A45)=2011,YEAR($A46)=2012),SUM($J$12:$J45,$J46*(X$8-$A45)/($A46-$A45)),""))) | AJ44: =IF($A45="","",IF($A46="",IF(YEAR($A45)=2012,SUM($J$12:$J45),""),IF(AND(YEAR($A45)=2012,YEAR($A46)=2013),SUM($J$12:$J45,$J46*(Y$8-$A45)/($A46-$A45)),"")))
A45: =IF(B45<=($E$5*$E$7),DATE(YEAR(A44),MONTH(A44)+12/$E$7,DAY(A44)),"") | B45: =IF($E$5*$E$7<33," ",33) | C45: =IF(AND(B43=" ",B44=" ",B45=" ")," ",IF(B44=" ",SUM(C$13:C43),IF(B45=" "," ",D45+E45))) | D45: =IF(AND(B43=" ",B44=" ",B45=" ")," ",IF(B44=" ",SUM(D$13:D43),IF(B45=" "," ",ROUND(F44*E$6/E$7,2)))) | E45: =IF(AND(B43=" ",B44=" ",B45=" ")," ",IF(B44=" ",SUM(E$13:E43),IF(B45=" "," ",E$8))) | F45: =IF(AND(B43=" ",B44=" ",B45=" ")," ",IF(B44=" ",SUM(F$12:F42),IF(B45=" "," ",F44-E45))) | G45: =IF(AND(B43=" ",B44=" ",B45=" ")," ",IF(B44=" ",SUM(G$12:G43),IF(B46=" ",IF(E$5*E$7=B45,C45-C$7+C$8+G$10," "),C45))) | H45: =IF(AND(B43=" ",B44=" ",B45=" ")," ",IF(B44=" ",SUM(H$13:H43)*E$7,IF(B45=" "," ",IF(B46=" ",IF(E$5*E$7=B45,IRR(G$12:G45,0.01)," ")," ")))) | I45: =IF(A46="","",F45-C$7) | J45: =IF(I44="","",I44*(A45-A44)/365) | P45: =IF($A46="","",IF($A47="",IF(YEAR($A46)=2003,SUM($D$12:$D46),""),IF(AND(YEAR($A46)=2003,YEAR($A47)=2004),SUM($D$12:$D46,$D47*(P$8-$A46)/($A47-$A46)),""))) | Q45: =IF(A46="","",IF(A47="",IF(YEAR(A46)=2004,SUM(D$12:D46),""),IF(AND(YEAR(A46)=2004,YEAR(A47)=2005),SUM(D$12:D46,D47*(Q$8-A46)/(A47-A46)),""))) | R45: =IF(A46="","",IF(A47="",IF(YEAR(A46)=2005,SUM(D$12:D46),""),IF(AND(YEAR(A46)=2005,YEAR(A47)=2006),SUM(D$12:D46,D47*(R$8-A46)/(A47-A46)),""))) | S45: =IF(A46="","",IF(A47="",IF(YEAR(A46)=2006,SUM(D$12:D46),""),IF(AND(YEAR(A46)=2006,YEAR(A47)=2007),SUM(D$12:D46,D47*(S$8-A46)/(A47-A46)),""))) | T45: =IF(A46="","",IF(A47="",IF(YEAR(A46)=2007,SUM(D$12:D46),""),IF(AND(YEAR(A46)=2007,YEAR(A47)=2008),SUM(D$12:D46,D47*(T$8-A46)/(A47-A46)),""))) | U45: =IF(A46="","",IF(A47="",IF(YEAR(A46)=2008,SUM(D$12:D46),""),IF(AND(YEAR(A46)=2008,YEAR(A47)=2009),SUM(D$12:D46,D47*(U$8-A46)/(A47-A46)),""))) | V45: =IF(A46="","",IF(A47="",IF(YEAR(A46)=2009,SUM(D$12:D46),""),IF(AND(YEAR(A46)=2009,YEAR(A47)=2010),SUM(D$12:D46,D47*(V$8-A46)/(A47-A46)),""))) | W45: =IF(A46="","",IF(A47="",IF(YEAR(A46)=2010,SUM(D$12:D46),""),IF(AND(YEAR(A46)=2010,YEAR(A47)=2011),SUM(D$12:D46,D47*(W$8-A46)/(A47-A46)),""))) | X45: =IF(A46="","",IF(A47="",IF(YEAR(A46)=2011,SUM(D$12:D46),""),IF(AND(YEAR(A46)=2011,YEAR(A47)=2012),SUM(D$12:D46,D47*(X$8-A46)/(A47-A46)),""))) | Y45: =IF(A46="","",IF(A47="",IF(YEAR(A46)=2012,SUM(D$12:D46),""),IF(AND(YEAR(A46)=2012,YEAR(A47)=2013),SUM(D$12:D46,D47*(Y$8-A46)/(A47-A46)),""))) | Z45: =IF($A46="","",IF($A47="",IF(YEAR($A46)=2002,SUM($J$12:$J46),""),IF(AND(YEAR($A46)=2002,YEAR($A47)=2003),SUM($J$12:$J46,$J47*(O$8-$A46)/($A47-$A46)),""))) | AA45: =IF($A46="","",IF($A47="",IF(YEAR($A46)=2003,SUM($J$12:$J46),""),IF(AND(YEAR($A46)=2003,YEAR($A47)=2004),SUM($J$12:$J46,$J47*(P$8-$A46)/($A47-$A46)),""))) | AB45: =IF($A46="","",IF($A47="",IF(YEAR($A46)=2004,SUM($J$12:$J46),""),IF(AND(YEAR($A46)=2004,YEAR($A47)=2005),SUM($J$12:$J46,$J47*(Q$8-$A46)/($A47-$A46)),""))) | AC45: =IF($A46="","",IF($A47="",IF(YEAR($A46)=2005,SUM($J$12:$J46),""),IF(AND(YEAR($A46)=2005,YEAR($A47)=2006),SUM($J$12:$J46,$J47*(R$8-$A46)/($A47-$A46)),""))) | AD45: =IF($A46="","",IF($A47="",IF(YEAR($A46)=2006,SUM($J$12:$J46),""),IF(AND(YEAR($A46)=2006,YEAR($A47)=2007),SUM($J$12:$J46,$J47*(S$8-$A46)/($A47-$A46)),""))) | AE45: =IF($A46="","",IF($A47="",IF(YEAR($A46)=2007,SUM($J$12:$J46),""),IF(AND(YEAR($A46)=2007,YEAR($A47)=2008),SUM($J$12:$J46,$J47*(T$8-$A46)/($A47-$A46)),""))) | AF45: =IF($A46="","",IF($A47="",IF(YEAR($A46)=2008,SUM($J$12:$J46),""),IF(AND(YEAR($A46)=2008,YEAR($A47)=2009),SUM($J$12:$J46,$J47*(U$8-$A46)/($A47-$A46)),""))) | AG45: =IF($A46="","",IF($A47="",IF(YEAR($A46)=2009,SUM($J$12:$J46),""),IF(AND(YEAR($A46)=2009,YEAR($A47)=2010),SUM($J$12:$J46,$J47*(V$8-$A46)/($A47-$A46)),""))) | AH45: =IF($A46="","",IF($A47="",IF(YEAR($A46)=2010,SUM($J$12:$J46),""),IF(AND(YEAR($A46)=2010,YEAR($A47)=2011),SUM($J$12:$J46,$J47*(W$8-$A46)/($A47-$A46)),""))) | AI45: =IF($A46="","",IF($A47="",IF(YEAR($A46)=2011,SUM($J$12:$J46),""),IF(AND(YEAR($A46)=2011,YEAR($A47)=2012),SUM($J$12:$J46,$J47*(X$8-$A46)/($A47-$A46)),""))) | AJ45: =IF($A46="","",IF($A47="",IF(YEAR($A46)=2012,SUM($J$12:$J46),""),IF(AND(YEAR($A46)=2012,YEAR($A47)=2013),SUM($J$12:$J46,$J47*(Y$8-$A46)/($A47-$A46)),"")))
A46: =IF(B46<=($E$5*$E$7),DATE(YEAR(A45),MONTH(A45)+12/$E$7,DAY(A45)),"") | B46: =IF($E$5*$E$7<34," ",34) | C46: =IF(AND(B44=" ",B45=" ",B46=" ")," ",IF(B45=" ",SUM(C$13:C44),IF(B46=" "," ",D46+E46))) | D46: =IF(AND(B44=" ",B45=" ",B46=" ")," ",IF(B45=" ",SUM(D$13:D44),IF(B46=" "," ",ROUND(F45*E$6/E$7,2)))) | E46: =IF(AND(B44=" ",B45=" ",B46=" ")," ",IF(B45=" ",SUM(E$13:E44),IF(B46=" "," ",E$8))) | F46: =IF(AND(B44=" ",B45=" ",B46=" ")," ",IF(B45=" ",SUM(F$12:F43),IF(B46=" "," ",F45-E46))) | G46: =IF(AND(B44=" ",B45=" ",B46=" ")," ",IF(B45=" ",SUM(G$12:G44),IF(B47=" ",IF(E$5*E$7=B46,C46-C$7+C$8+G$10," "),C46))) | H46: =IF(AND(B44=" ",B45=" ",B46=" ")," ",IF(B45=" ",SUM(H$13:H44)*E$7,IF(B46=" "," ",IF(B47=" ",IF(E$5*E$7=B46,IRR(G$12:G46,0.01)," ")," ")))) | I46: =IF(A47="","",F46-C$7) | J46: =IF(I45="","",I45*(A46-A45)/365) | P46: =IF($A47="","",IF($A48="",IF(YEAR($A47)=2003,SUM($D$12:$D47),""),IF(AND(YEAR($A47)=2003,YEAR($A48)=2004),SUM($D$12:$D47,$D48*(P$8-$A47)/($A48-$A47)),""))) | Q46: =IF(A47="","",IF(A48="",IF(YEAR(A47)=2004,SUM(D$12:D47),""),IF(AND(YEAR(A47)=2004,YEAR(A48)=2005),SUM(D$12:D47,D48*(Q$8-A47)/(A48-A47)),""))) | R46: =IF(A47="","",IF(A48="",IF(YEAR(A47)=2005,SUM(D$12:D47),""),IF(AND(YEAR(A47)=2005,YEAR(A48)=2006),SUM(D$12:D47,D48*(R$8-A47)/(A48-A47)),""))) | S46: =IF(A47="","",IF(A48="",IF(YEAR(A47)=2006,SUM(D$12:D47),""),IF(AND(YEAR(A47)=2006,YEAR(A48)=2007),SUM(D$12:D47,D48*(S$8-A47)/(A48-A47)),""))) | T46: =IF(A47="","",IF(A48="",IF(YEAR(A47)=2007,SUM(D$12:D47),""),IF(AND(YEAR(A47)=2007,YEAR(A48)=2008),SUM(D$12:D47,D48*(T$8-A47)/(A48-A47)),""))) | U46: =IF(A47="","",IF(A48="",IF(YEAR(A47)=2008,SUM(D$12:D47),""),IF(AND(YEAR(A47)=2008,YEAR(A48)=2009),SUM(D$12:D47,D48*(U$8-A47)/(A48-A47)),""))) | V46: =IF(A47="","",IF(A48="",IF(YEAR(A47)=2009,SUM(D$12:D47),""),IF(AND(YEAR(A47)=2009,YEAR(A48)=2010),SUM(D$12:D47,D48*(V$8-A47)/(A48-A47)),""))) | W46: =IF(A47="","",IF(A48="",IF(YEAR(A47)=2010,SUM(D$12:D47),""),IF(AND(YEAR(A47)=2010,YEAR(A48)=2011),SUM(D$12:D47,D48*(W$8-A47)/(A48-A47)),""))) | X46: =IF(A47="","",IF(A48="",IF(YEAR(A47)=2011,SUM(D$12:D47),""),IF(AND(YEAR(A47)=2011,YEAR(A48)=2012),SUM(D$12:D47,D48*(X$8-A47)/(A48-A47)),""))) | Y46: =IF(A47="","",IF(A48="",IF(YEAR(A47)=2012,SUM(D$12:D47),""),IF(AND(YEAR(A47)=2012,YEAR(A48)=2013),SUM(D$12:D47,D48*(Y$8-A47)/(A48-A47)),""))) | Z46: =IF($A47="","",IF($A48="",IF(YEAR($A47)=2002,SUM($J$12:$J47),""),IF(AND(YEAR($A47)=2002,YEAR($A48)=2003),SUM($J$12:$J47,$J48*(O$8-$A47)/($A48-$A47)),""))) | AA46: =IF($A47="","",IF($A48="",IF(YEAR($A47)=2003,SUM($J$12:$J47),""),IF(AND(YEAR($A47)=2003,YEAR($A48)=2004),SUM($J$12:$J47,$J48*(P$8-$A47)/($A48-$A47)),""))) | AB46: =IF($A47="","",IF($A48="",IF(YEAR($A47)=2004,SUM($J$12:$J47),""),IF(AND(YEAR($A47)=2004,YEAR($A48)=2005),SUM($J$12:$J47,$J48*(Q$8-$A47)/($A48-$A47)),""))) | AC46: =IF($A47="","",IF($A48="",IF(YEAR($A47)=2005,SUM($J$12:$J47),""),IF(AND(YEAR($A47)=2005,YEAR($A48)=2006),SUM($J$12:$J47,$J48*(R$8-$A47)/($A48-$A47)),""))) | AD46: =IF($A47="","",IF($A48="",IF(YEAR($A47)=2006,SUM($J$12:$J47),""),IF(AND(YEAR($A47)=2006,YEAR($A48)=2007),SUM($J$12:$J47,$J48*(S$8-$A47)/($A48-$A47)),""))) | AE46: =IF($A47="","",IF($A48="",IF(YEAR($A47)=2007,SUM($J$12:$J47),""),IF(AND(YEAR($A47)=2007,YEAR($A48)=2008),SUM($J$12:$J47,$J48*(T$8-$A47)/($A48-$A47)),""))) | AF46: =IF($A47="","",IF($A48="",IF(YEAR($A47)=2008,SUM($J$12:$J47),""),IF(AND(YEAR($A47)=2008,YEAR($A48)=2009),SUM($J$12:$J47,$J48*(U$8-$A47)/($A48-$A47)),""))) | AG46: =IF($A47="","",IF($A48="",IF(YEAR($A47)=2009,SUM($J$12:$J47),""),IF(AND(YEAR($A47)=2009,YEAR($A48)=2010),SUM($J$12:$J47,$J48*(V$8-$A47)/($A48-$A47)),""))) | AH46: =IF($A47="","",IF($A48="",IF(YEAR($A47)=2010,SUM($J$12:$J47),""),IF(AND(YEAR($A47)=2010,YEAR($A48)=2011),SUM($J$12:$J47,$J48*(W$8-$A47)/($A48-$A47)),""))) | AI46: =IF($A47="","",IF($A48="",IF(YEAR($A47)=2011,SUM($J$12:$J47),""),IF(AND(YEAR($A47)=2011,YEAR($A48)=2012),SUM($J$12:$J47,$J48*(X$8-$A47)/($A48-$A47)),""))) | AJ46: =IF($A47="","",IF($A48="",IF(YEAR($A47)=2012,SUM($J$12:$J47),""),IF(AND(YEAR($A47)=2012,YEAR($A48)=2013),SUM($J$12:$J47,$J48*(Y$8-$A47)/($A48-$A47)),"")))
A47: =IF(B47<=($E$5*$E$7),DATE(YEAR(A46),MONTH(A46)+12/$E$7,DAY(A46)),"") | B47: =IF($E$5*$E$7<35," ",35) | C47: =IF(AND(B45=" ",B46=" ",B47=" ")," ",IF(B46=" ",SUM(C$13:C45),IF(B47=" "," ",D47+E47))) | D47: =IF(AND(B45=" ",B46=" ",B47=" ")," ",IF(B46=" ",SUM(D$13:D45),IF(B47=" "," ",ROUND(F46*E$6/E$7,2)))) | E47: =IF(AND(B45=" ",B46=" ",B47=" ")," ",IF(B46=" ",SUM(E$13:E45),IF(B47=" "," ",E$8))) | F47: =IF(AND(B45=" ",B46=" ",B47=" ")," ",IF(B46=" ",SUM(F$12:F44),IF(B47=" "," ",F46-E47))) | G47: =IF(AND(B45=" ",B46=" ",B47=" ")," ",IF(B46=" ",SUM(G$12:G45),IF(B48=" ",IF(E$5*E$7=B47,C47-C$7+C$8+G$10," "),C47))) | H47: =IF(AND(B45=" ",B46=" ",B47=" ")," ",IF(B46=" ",SUM(H$13:H45)*E$7,IF(B47=" "," ",IF(B48=" ",IF(E$5*E$7=B47,IRR(G$12:G47,0.01)," ")," ")))) | I47: =IF(A48="","",F47-C$7) | J47: =IF(I46="","",I46*(A47-A46)/365) | P47: =IF($A48="","",IF($A49="",IF(YEAR($A48)=2003,SUM($D$12:$D48),""),IF(AND(YEAR($A48)=2003,YEAR($A49)=2004),SUM($D$12:$D48,$D49*(P$8-$A48)/($A49-$A48)),""))) | Q47: =IF(A48="","",IF(A49="",IF(YEAR(A48)=2004,SUM(D$12:D48),""),IF(AND(YEAR(A48)=2004,YEAR(A49)=2005),SUM(D$12:D48,D49*(Q$8-A48)/(A49-A48)),""))) | R47: =IF(A48="","",IF(A49="",IF(YEAR(A48)=2005,SUM(D$12:D48),""),IF(AND(YEAR(A48)=2005,YEAR(A49)=2006),SUM(D$12:D48,D49*(R$8-A48)/(A49-A48)),""))) | S47: =IF(A48="","",IF(A49="",IF(YEAR(A48)=2006,SUM(D$12:D48),""),IF(AND(YEAR(A48)=2006,YEAR(A49)=2007),SUM(D$12:D48,D49*(S$8-A48)/(A49-A48)),""))) | T47: =IF(A48="","",IF(A49="",IF(YEAR(A48)=2007,SUM(D$12:D48),""),IF(AND(YEAR(A48)=2007,YEAR(A49)=2008),SUM(D$12:D48,D49*(T$8-A48)/(A49-A48)),""))) | U47: =IF(A48="","",IF(A49="",IF(YEAR(A48)=2008,SUM(D$12:D48),""),IF(AND(YEAR(A48)=2008,YEAR(A49)=2009),SUM(D$12:D48,D49*(U$8-A48)/(A49-A48)),""))) | V47: =IF(A48="","",IF(A49="",IF(YEAR(A48)=2009,SUM(D$12:D48),""),IF(AND(YEAR(A48)=2009,YEAR(A49)=2010),SUM(D$12:D48,D49*(V$8-A48)/(A49-A48)),""))) | W47: =IF(A48="","",IF(A49="",IF(YEAR(A48)=2010,SUM(D$12:D48),""),IF(AND(YEAR(A48)=2010,YEAR(A49)=2011),SUM(D$12:D48,D49*(W$8-A48)/(A49-A48)),""))) | X47: =IF(A48="","",IF(A49="",IF(YEAR(A48)=2011,SUM(D$12:D48),""),IF(AND(YEAR(A48)=2011,YEAR(A49)=2012),SUM(D$12:D48,D49*(X$8-A48)/(A49-A48)),""))) | Y47: =IF(A48="","",IF(A49="",IF(YEAR(A48)=2012,SUM(D$12:D48),""),IF(AND(YEAR(A48)=2012,YEAR(A49)=2013),SUM(D$12:D48,D49*(Y$8-A48)/(A49-A48)),""))) | Z47: =IF($A48="","",IF($A49="",IF(YEAR($A48)=2002,SUM($J$12:$J48),""),IF(AND(YEAR($A48)=2002,YEAR($A49)=2003),SUM($J$12:$J48,$J49*(O$8-$A48)/($A49-$A48)),""))) | AA47: =IF($A48="","",IF($A49="",IF(YEAR($A48)=2003,SUM($J$12:$J48),""),IF(AND(YEAR($A48)=2003,YEAR($A49)=2004),SUM($J$12:$J48,$J49*(P$8-$A48)/($A49-$A48)),""))) | AB47: =IF($A48="","",IF($A49="",IF(YEAR($A48)=2004,SUM($J$12:$J48),""),IF(AND(YEAR($A48)=2004,YEAR($A49)=2005),SUM($J$12:$J48,$J49*(Q$8-$A48)/($A49-$A48)),""))) | AC47: =IF($A48="","",IF($A49="",IF(YEAR($A48)=2005,SUM($J$12:$J48),""),IF(AND(YEAR($A48)=2005,YEAR($A49)=2006),SUM($J$12:$J48,$J49*(R$8-$A48)/($A49-$A48)),""))) | AD47: =IF($A48="","",IF($A49="",IF(YEAR($A48)=2006,SUM($J$12:$J48),""),IF(AND(YEAR($A48)=2006,YEAR($A49)=2007),SUM($J$12:$J48,$J49*(S$8-$A48)/($A49-$A48)),""))) | AE47: =IF($A48="","",IF($A49="",IF(YEAR($A48)=2007,SUM($J$12:$J48),""),IF(AND(YEAR($A48)=2007,YEAR($A49)=2008),SUM($J$12:$J48,$J49*(T$8-$A48)/($A49-$A48)),""))) | AF47: =IF($A48="","",IF($A49="",IF(YEAR($A48)=2008,SUM($J$12:$J48),""),IF(AND(YEAR($A48)=2008,YEAR($A49)=2009),SUM($J$12:$J48,$J49*(U$8-$A48)/($A49-$A48)),""))) | AG47: =IF($A48="","",IF($A49="",IF(YEAR($A48)=2009,SUM($J$12:$J48),""),IF(AND(YEAR($A48)=2009,YEAR($A49)=2010),SUM($J$12:$J48,$J49*(V$8-$A48)/($A49-$A48)),""))) | AH47: =IF($A48="","",IF($A49="",IF(YEAR($A48)=2010,SUM($J$12:$J48),""),IF(AND(YEAR($A48)=2010,YEAR($A49)=2011),SUM($J$12:$J48,$J49*(W$8-$A48)/($A49-$A48)),""))) | AI47: =IF($A48="","",IF($A49="",IF(YEAR($A48)=2011,SUM($J$12:$J48),""),IF(AND(YEAR($A48)=2011,YEAR($A49)=2012),SUM($J$12:$J48,$J49*(X$8-$A48)/($A49-$A48)),""))) | AJ47: =IF($A48="","",IF($A49="",IF(YEAR($A48)=2012,SUM($J$12:$J48),""),IF(AND(YEAR($A48)=2012,YEAR($A49)=2013),SUM($J$12:$J48,$J49*(Y$8-$A48)/($A49-$A48)),"")))
A48: =IF(B48<=($E$5*$E$7),DATE(YEAR(A47),MONTH(A47)+12/$E$7,DAY(A47)),"") | B48: =IF($E$5*$E$7<36," ",36) | C48: =IF(AND(B46=" ",B47=" ",B48=" ")," ",IF(B47=" ",SUM(C$13:C46),IF(B48=" "," ",D48+E48))) | D48: =IF(AND(B46=" ",B47=" ",B48=" ")," ",IF(B47=" ",SUM(D$13:D46),IF(B48=" "," ",ROUND(F47*E$6/E$7,2)))) | E48: =IF(AND(B46=" ",B47=" ",B48=" ")," ",IF(B47=" ",SUM(E$13:E46),IF(B48=" "," ",E$8))) | F48: =IF(AND(B46=" ",B47=" ",B48=" ")," ",IF(B47=" ",SUM(F$12:F45),IF(B48=" "," ",F47-E48))) | G48: =IF(AND(B46=" ",B47=" ",B48=" ")," ",IF(B47=" ",SUM(G$12:G46),IF(B49=" ",IF(E$5*E$7=B48,C48-C$7+C$8+G$10," "),C48))) | H48: =IF(AND(B46=" ",B47=" ",B48=" ")," ",IF(B47=" ",SUM(H$13:H46)*E$7,IF(B48=" "," ",IF(B49=" ",IF(E$5*E$7=B48,IRR(G$12:G48,0.01)," ")," ")))) | I48: =IF(A49="","",F48-C$7) | J48: =IF(I47="","",I47*(A48-A47)/365) | P48: =IF($A49="","",IF($A50="",IF(YEAR($A49)=2003,SUM($D$12:$D49),""),IF(AND(YEAR($A49)=2003,YEAR($A50)=2004),SUM($D$12:$D49,$D50*(P$8-$A49)/($A50-$A49)),""))) | Q48: =IF(A49="","",IF(A50="",IF(YEAR(A49)=2004,SUM(D$12:D49),""),IF(AND(YEAR(A49)=2004,YEAR(A50)=2005),SUM(D$12:D49,D50*(Q$8-A49)/(A50-A49)),""))) | R48: =IF(A49="","",IF(A50="",IF(YEAR(A49)=2005,SUM(D$12:D49),""),IF(AND(YEAR(A49)=2005,YEAR(A50)=2006),SUM(D$12:D49,D50*(R$8-A49)/(A50-A49)),""))) | S48: =IF(A49="","",IF(A50="",IF(YEAR(A49)=2006,SUM(D$12:D49),""),IF(AND(YEAR(A49)=2006,YEAR(A50)=2007),SUM(D$12:D49,D50*(S$8-A49)/(A50-A49)),""))) | T48: =IF(A49="","",IF(A50="",IF(YEAR(A49)=2007,SUM(D$12:D49),""),IF(AND(YEAR(A49)=2007,YEAR(A50)=2008),SUM(D$12:D49,D50*(T$8-A49)/(A50-A49)),""))) | U48: =IF(A49="","",IF(A50="",IF(YEAR(A49)=2008,SUM(D$12:D49),""),IF(AND(YEAR(A49)=2008,YEAR(A50)=2009),SUM(D$12:D49,D50*(U$8-A49)/(A50-A49)),""))) | V48: =IF(A49="","",IF(A50="",IF(YEAR(A49)=2009,SUM(D$12:D49),""),IF(AND(YEAR(A49)=2009,YEAR(A50)=2010),SUM(D$12:D49,D50*(V$8-A49)/(A50-A49)),""))) | W48: =IF(A49="","",IF(A50="",IF(YEAR(A49)=2010,SUM(D$12:D49),""),IF(AND(YEAR(A49)=2010,YEAR(A50)=2011),SUM(D$12:D49,D50*(W$8-A49)/(A50-A49)),""))) | X48: =IF(A49="","",IF(A50="",IF(YEAR(A49)=2011,SUM(D$12:D49),""),IF(AND(YEAR(A49)=2011,YEAR(A50)=2012),SUM(D$12:D49,D50*(X$8-A49)/(A50-A49)),""))) | Y48: =IF(A49="","",IF(A50="",IF(YEAR(A49)=2012,SUM(D$12:D49),""),IF(AND(YEAR(A49)=2012,YEAR(A50)=2013),SUM(D$12:D49,D50*(Y$8-A49)/(A50-A49)),""))) | Z48: =IF($A49="","",IF($A50="",IF(YEAR($A49)=2002,SUM($J$12:$J49),""),IF(AND(YEAR($A49)=2002,YEAR($A50)=2003),SUM($J$12:$J49,$J50*(O$8-$A49)/($A50-$A49)),""))) | AA48: =IF($A49="","",IF($A50="",IF(YEAR($A49)=2003,SUM($J$12:$J49),""),IF(AND(YEAR($A49)=2003,YEAR($A50)=2004),SUM($J$12:$J49,$J50*(P$8-$A49)/($A50-$A49)),""))) | AB48: =IF($A49="","",IF($A50="",IF(YEAR($A49)=2004,SUM($J$12:$J49),""),IF(AND(YEAR($A49)=2004,YEAR($A50)=2005),SUM($J$12:$J49,$J50*(Q$8-$A49)/($A50-$A49)),""))) | AC48: =IF($A49="","",IF($A50="",IF(YEAR($A49)=2005,SUM($J$12:$J49),""),IF(AND(YEAR($A49)=2005,YEAR($A50)=2006),SUM($J$12:$J49,$J50*(R$8-$A49)/($A50-$A49)),""))) | AD48: =IF($A49="","",IF($A50="",IF(YEAR($A49)=2006,SUM($J$12:$J49),""),IF(AND(YEAR($A49)=2006,YEAR($A50)=2007),SUM($J$12:$J49,$J50*(S$8-$A49)/($A50-$A49)),""))) | AE48: =IF($A49="","",IF($A50="",IF(YEAR($A49)=2007,SUM($J$12:$J49),""),IF(AND(YEAR($A49)=2007,YEAR($A50)=2008),SUM($J$12:$J49,$J50*(T$8-$A49)/($A50-$A49)),""))) | AF48: =IF($A49="","",IF($A50="",IF(YEAR($A49)=2008,SUM($J$12:$J49),""),IF(AND(YEAR($A49)=2008,YEAR($A50)=2009),SUM($J$12:$J49,$J50*(U$8-$A49)/($A50-$A49)),""))) | AG48: =IF($A49="","",IF($A50="",IF(YEAR($A49)=2009,SUM($J$12:$J49),""),IF(AND(YEAR($A49)=2009,YEAR($A50)=2010),SUM($J$12:$J49,$J50*(V$8-$A49)/($A50-$A49)),""))) | AH48: =IF($A49="","",IF($A50="",IF(YEAR($A49)=2010,SUM($J$12:$J49),""),IF(AND(YEAR($A49)=2010,YEAR($A50)=2011),SUM($J$12:$J49,$J50*(W$8-$A49)/($A50-$A49)),""))) | AI48: =IF($A49="","",IF($A50="",IF(YEAR($A49)=2011,SUM($J$12:$J49),""),IF(AND(YEAR($A49)=2011,YEAR($A50)=2012),SUM($J$12:$J49,$J50*(X$8-$A49)/($A50-$A49)),""))) | AJ48: =IF($A49="","",IF($A50="",IF(YEAR($A49)=2012,SUM($J$12:$J49),""),IF(AND(YEAR($A49)=2012,YEAR($A50)=2013),SUM($J$12:$J49,$J50*(Y$8-$A49)/($A50-$A49)),"")))
A49: =IF(B49<=($E$5*$E$7),DATE(YEAR(A48),MONTH(A48)+12/$E$7,DAY(A48)),"") | B49: =IF($E$5*$E$7<37," ",37) | C49: =IF(AND(B47=" ",B48=" ",B49=" ")," ",IF(B48=" ",SUM(C$13:C47),IF(B49=" "," ",D49+E49))) | D49: =IF(AND(B47=" ",B48=" ",B49=" ")," ",IF(B48=" ",SUM(D$13:D47),IF(B49=" "," ",ROUND(F48*E$6/E$7,2)))) | E49: =IF(AND(B47=" ",B48=" ",B49=" ")," ",IF(B48=" ",SUM(E$13:E47),IF(B49=" "," ",E$8))) | F49: =IF(AND(B47=" ",B48=" ",B49=" ")," ",IF(B48=" ",SUM(F$12:F46),IF(B49=" "," ",F48-E49))) | G49: =IF(AND(B47=" ",B48=" ",B49=" ")," ",IF(B48=" ",SUM(G$12:G47),IF(B50=" ",IF(E$5*E$7=B49,C49-C$7+C$8+G$10," "),C49))) | H49: =IF(AND(B47=" ",B48=" ",B49=" ")," ",IF(B48=" ",SUM(H$13:H47)*E$7,IF(B49=" "," ",IF(B50=" ",IF(E$5*E$7=B49,IRR(G$12:G49,0.01)," ")," ")))) | I49: =IF(A50="","",F49-C$7) | J49: =IF(I48="","",I48*(A49-A48)/365) | P49: =IF($A50="","",IF($A51="",IF(YEAR($A50)=2003,SUM($D$12:$D50),""),IF(AND(YEAR($A50)=2003,YEAR($A51)=2004),SUM($D$12:$D50,$D51*(P$8-$A50)/($A51-$A50)),""))) | Q49: =IF(A50="","",IF(A51="",IF(YEAR(A50)=2004,SUM(D$12:D50),""),IF(AND(YEAR(A50)=2004,YEAR(A51)=2005),SUM(D$12:D50,D51*(Q$8-A50)/(A51-A50)),""))) | R49: =IF(A50="","",IF(A51="",IF(YEAR(A50)=2005,SUM(D$12:D50),""),IF(AND(YEAR(A50)=2005,YEAR(A51)=2006),SUM(D$12:D50,D51*(R$8-A50)/(A51-A50)),""))) | S49: =IF(A50="","",IF(A51="",IF(YEAR(A50)=2006,SUM(D$12:D50),""),IF(AND(YEAR(A50)=2006,YEAR(A51)=2007),SUM(D$12:D50,D51*(S$8-A50)/(A51-A50)),""))) | T49: =IF(A50="","",IF(A51="",IF(YEAR(A50)=2007,SUM(D$12:D50),""),IF(AND(YEAR(A50)=2007,YEAR(A51)=2008),SUM(D$12:D50,D51*(T$8-A50)/(A51-A50)),""))) | U49: =IF(A50="","",IF(A51="",IF(YEAR(A50)=2008,SUM(D$12:D50),""),IF(AND(YEAR(A50)=2008,YEAR(A51)=2009),SUM(D$12:D50,D51*(U$8-A50)/(A51-A50)),""))) | V49: =IF(A50="","",IF(A51="",IF(YEAR(A50)=2009,SUM(D$12:D50),""),IF(AND(YEAR(A50)=2009,YEAR(A51)=2010),SUM(D$12:D50,D51*(V$8-A50)/(A51-A50)),""))) | W49: =IF(A50="","",IF(A51="",IF(YEAR(A50)=2010,SUM(D$12:D50),""),IF(AND(YEAR(A50)=2010,YEAR(A51)=2011),SUM(D$12:D50,D51*(W$8-A50)/(A51-A50)),""))) | X49: =IF(A50="","",IF(A51="",IF(YEAR(A50)=2011,SUM(D$12:D50),""),IF(AND(YEAR(A50)=2011,YEAR(A51)=2012),SUM(D$12:D50,D51*(X$8-A50)/(A51-A50)),""))) | Y49: =IF(A50="","",IF(A51="",IF(YEAR(A50)=2012,SUM(D$12:D50),""),IF(AND(YEAR(A50)=2012,YEAR(A51)=2013),SUM(D$12:D50,D51*(Y$8-A50)/(A51-A50)),""))) | Z49: =IF($A50="","",IF($A51="",IF(YEAR($A50)=2002,SUM($J$12:$J50),""),IF(AND(YEAR($A50)=2002,YEAR($A51)=2003),SUM($J$12:$J50,$J51*(O$8-$A50)/($A51-$A50)),""))) | AA49: =IF($A50="","",IF($A51="",IF(YEAR($A50)=2003,SUM($J$12:$J50),""),IF(AND(YEAR($A50)=2003,YEAR($A51)=2004),SUM($J$12:$J50,$J51*(P$8-$A50)/($A51-$A50)),""))) | AB49: =IF($A50="","",IF($A51="",IF(YEAR($A50)=2004,SUM($J$12:$J50),""),IF(AND(YEAR($A50)=2004,YEAR($A51)=2005),SUM($J$12:$J50,$J51*(Q$8-$A50)/($A51-$A50)),""))) | AC49: =IF($A50="","",IF($A51="",IF(YEAR($A50)=2005,SUM($J$12:$J50),""),IF(AND(YEAR($A50)=2005,YEAR($A51)=2006),SUM($J$12:$J50,$J51*(R$8-$A50)/($A51-$A50)),""))) | AD49: =IF($A50="","",IF($A51="",IF(YEAR($A50)=2006,SUM($J$12:$J50),""),IF(AND(YEAR($A50)=2006,YEAR($A51)=2007),SUM($J$12:$J50,$J51*(S$8-$A50)/($A51-$A50)),""))) | AE49: =IF($A50="","",IF($A51="",IF(YEAR($A50)=2007,SUM($J$12:$J50),""),IF(AND(YEAR($A50)=2007,YEAR($A51)=2008),SUM($J$12:$J50,$J51*(T$8-$A50)/($A51-$A50)),""))) | AF49: =IF($A50="","",IF($A51="",IF(YEAR($A50)=2008,SUM($J$12:$J50),""),IF(AND(YEAR($A50)=2008,YEAR($A51)=2009),SUM($J$12:$J50,$J51*(U$8-$A50)/($A51-$A50)),""))) | AG49: =IF($A50="","",IF($A51="",IF(YEAR($A50)=2009,SUM($J$12:$J50),""),IF(AND(YEAR($A50)=2009,YEAR($A51)=2010),SUM($J$12:$J50,$J51*(V$8-$A50)/($A51-$A50)),""))) | AH49: =IF($A50="","",IF($A51="",IF(YEAR($A50)=2010,SUM($J$12:$J50),""),IF(AND(YEAR($A50)=2010,YEAR($A51)=2011),SUM($J$12:$J50,$J51*(W$8-$A50)/($A51-$A50)),""))) | AI49: =IF($A50="","",IF($A51="",IF(YEAR($A50)=2011,SUM($J$12:$J50),""),IF(AND(YEAR($A50)=2011,YEAR($A51)=2012),SUM($J$12:$J50,$J51*(X$8-$A50)/($A51-$A50)),""))) | AJ49: =IF($A50="","",IF($A51="",IF(YEAR($A50)=2012,SUM($J$12:$J50),""),IF(AND(YEAR($A50)=2012,YEAR($A51)=2013),SUM($J$12:$J50,$J51*(Y$8-$A50)/($A51-$A50)),"")))
